Workbook

Sheet CONDONACION DEUDA
C3: Months (Periodo expensas) | D3: Days (Periodo expensas) | E3: Periodo expensas | F3: Values
C4: Jan | E4: Feb | G4: Mar | I4: Apr | K4: May | M4: Jun
A7: U.F. Lote | B7: Nombre propietario | C7: Sum of Saldo Anterior | D7: Sum of Pagos Recibidos | E7: Sum of Saldo Anterior | F7: Sum of Pagos Recibidos | G7: Sum of Saldo Anterior | H7: Sum of Pagos Recibidos | I7: Sum of Saldo Anterior | J7: Sum of Pagos Recibidos | K7: Sum of Saldo Anterior | L7: Sum of Pagos Recibidos | M7: Sum of Saldo Anterior | N7: Sum of Pagos Recibidos
A8: 0050 1A-L26 | B8: IDA MABEL ZAPPALA (GABRIEL GAUNA APODER) | C8: 39934 | D8: 40000 | E8: 46239 | F8: 42650 | G8: 39805 | H8: 0 | I8: 89753 | J8: 89753 | K8: 53099 | L8: 48331 | M8: 72348 | N8: 54400
A9: 0063 1A-L34- A | B9: Emiliano VOLPE | C9: 128524 | D9: 0 | E9: 187801 | F9: 0 | G9: 253591 | H9: 0 | I9: 326587 | J9: 0 | K9: 408304 | L9: 389522 | M9: 79599 | N9: 0
A10: 0115 1B-L19 | B10: FRANCO - SUEIRO | C10: 2797309 | D10: 0 | E10: 2937888 | F10: 0 | G10: 3085187 | H10: 0 | I10: 3231665 | J10: 0 | K10: 3385663 | L10: 0 | M10: 3551498 | N10: 1589933.9
A11: 0126 1B-L30 | B11: MATIAS CORTIJO | C11: 32557 | D11: 32557 | E11: 36990 | F11: 36990 | G11: 40334 | H11: 0 | I11: 90797 | J11: 84534 | K11: 48818 | L11: 48900 | M11: 57447 | N11: 57447
A12: 0141 1B-L45 | B12: Daniel Alejandro Mesego | C12: 37403 | D12: 37423 | E12: 38797 | F12: 39800 | G12: 41273 | H12: 41300 | I12: 51351 | J12: 48000 | K12: 51075 | L12: 51100 | M12: 61037 | N12: 61100
A13: 0144 1B-L48 | B13: ROMINA RONDINONE | C13: 1413525 | D13: 0 | E13: 1505372 | F13: 0 | G13: 1603768 | H13: 0 | I13: 1701375 | J13: 0 | K13: 1806300 | L13: 0 | M13: 1922167 | N13: 1392000
A14: 0159 1E-L11 | B14: DARIO CAMPANELLA/DANIELA AIRALI | C14: 116709 | D14: 0 | E14: 168585 | F14: 0 | G14: 226815 | H14: 0 | I14: 292183 | J14: 0 | K14: 366019 | L14: 329420 | M14: 73682 | N14: 73682
A15: 0179 1F-L19 | B15: HAEDO - SUEIRO | C15: 2844984 | D15: 0 | E15: 2987628 | F15: 0 | G15: 3137051 | H15: 0 | I15: 3285641 | J15: 0 | K15: 3441821 | L15: 0 | M15: 3610147 | N15: 1898162.3
A16: 0186 1F-L26 | B16: WALTER GALLO | C16: 535192 | D16: 0 | E16: 597691 | F16: 0 | G16: 665680 | H16: 0 | I16: 739878 | J16: 184392.57 | K16: 633318 | L16: 178978.61 | M16: 539074 | N16: 0
A17: 0194 1F-L34 | B17: SERGIO ZAMBIAZZO | C17: 1319408 | D17: 0 | E17: 1410803 | F17: 0 | G17: 1508648 | H17: 0 | I17: 1605723 | J17: 0 | K17: 1709996 | L17: 0 | M17: 1824682 | N17: 1325233.5
A18: 0204 1F-L44 | B18: HELENA CROUZEL | C18: 32578 | D18: 32572 | E18: 37017 | F18: 31300 | G18: 46365 | H18: 46365 | I18: 44189 | J18: 44189 | K18: 48851 | L18: 48851 | M18: 63663 | N18: 63663
A19: 0217 1G-L13 | B19: GUSTAVO FERREIROS | C19: 40552 | D19: 40010 | E19: 47070 | F19: 47070 | G19: 51338 | H19: 0 | I19: 109053 | J19: 109053 | K19: 50782 | L19: 50782 | M19: 68143 | N19: 69500
... A39: 0606 1A-L55-4 | B39: Lucas Esteban Molina | C39: 50632 | D39: 50632 | E39: 40855 | F39: 37758 | G39: 40713 | H39: 36642 | I39: 52103 | J39: 0 | K39: 106958 | L39: 0 | M39: 169424 | N39: 112168
A40: Grand Total | C40: 18568287 | D40: 564976 | E40: 19931007 | F40: 2649129 | G40: 18062476 | H40: 1046203.3 | I40: 18477221 | J40: 1700392.5 | K40: 18750959 | L40: 3115696.6 | M40: 17145699 | N40: 10359325
T638: =GETPIVOTDATA("Sum of TOTAL",$A$3,"Months (Periodo expensas)",6)-'ANALISIS GASTOS VS COBRANZAS'!P10 -> #REF!

Sheet SALDO ANTERIOR VS PAGOS RECIBID
C3: Months (Periodo expensas) | D3: Days (Periodo expensas) | E3: Periodo expensas | F3: Values
C4: Jan | F4: Feb | I4: Mar | L4: Apr | O4: May | R4: Jun
A7: U.F. Lote | B7: Nombre propietario | C7: Sum of Saldo Anterior | D7: Sum of Pagos Recibidos | E7: Sum of SALDO DESPUES PAGO | F7: Sum of Saldo Anterior | G7: Sum of Pagos Recibidos | H7: Sum of SALDO DESPUES PAGO | I7: Sum of Saldo Anterior | J7: Sum of Pagos Recibidos | K7: Sum of SALDO DESPUES PAGO | L7: Sum of Saldo Anterior | M7: Sum of Pagos Recibidos | N7: Sum of SALDO DESPUES PAGO | O7: Sum of Saldo Anterior | P7: Sum of Pagos Recibidos | Q7: Sum of SALDO DESPUES PAGO | R7: Sum of Saldo Anterior | S7: Sum of Pagos Recibidos | T7: Sum of SALDO DESPUES PAGO
A8: 0001 1A-L1 | B8: GRACIELA PRIORI | C8: 32641 | D8: 32641 | E8: 0 | F8: 37098 | G8: 37098 | H8: 0 | I8: 40448 | J8: 40448 | K8: 0 | L8: 44281 | M8: 44281 | N8: 0 | O8: 48952 | P8: 48952 | Q8: 0 | R8: 57739 | S8: 57739 | T8: 0
A9: 0002 1A-L1B | B9: GRACIELA PRIORI | C9: 32687 | D9: 32687 | E9: 0 | F9: 37158 | G9: 37158 | H9: 0 | I9: 40512 | J9: 40512 | K9: 0 | L9: 44348 | M9: 44348 | N9: 0 | O9: 49025 | P9: 49025 | Q9: 0 | R9: 57852 | S9: 57852 | T9: 0
A10: 0003 1A-L2 | B10: MIGUEL SOSTRES | C10: 32816 | D10: 32816 | E10: 0 | F10: 37320 | G10: 37320 | H10: 0 | I10: 40684 | J10: 40684 | K10: 0 | L10: 44532 | M10: 44532 | N10: 0 | O10: 49225 | P10: 49225 | Q10: 0 | R10: 58166 | S10: 58166 | T10: 0
A11: 0004 1A-L2B | B11: TRISTAN BRIANO | C11: 30676 | D11: 30676 | E11: 0 | F11: 34594 | G11: 34594 | H11: 0 | I11: 37786 | J11: 37786 | K11: 0 | L11: 41449 | M11: 41449 | N11: 0 | O11: 45859 | P11: 45859 | Q11: 0 | R11: 52899 | S11: 52899 | T11: 0
A12: 0005 1A-L2C | B12: TRISTAN BRIANO | C12: 30706 | D12: 30706 | E12: 0 | F12: 34631 | G12: 35631 | H12: -1000 | I12: 36825 | J12: 36825 | K12: 0 | L12: 41491 | M12: 41491 | N12: 0 | O12: 45905 | P12: 45905 | Q12: 0 | R12: 52970 | S12: 52970 | T12: 0
A13: 0006 1A-L3 | B13: Esteban Marcelo CHAMS | C13: 30458 | D13: 30458 | E13: 0 | F13: 34316 | G13: 34316 | H13: 0 | I13: 37491 | J13: 38116 | K13: -625 | L13: 65666 | M13: 65666 | N13: 0 | O13: 45516 | P13: 45516 | Q13: 0 | R13: 52362 | S13: 52362 | T13: 0
A14: 0007 1A-L3B | B14: CARLOS RENE RODRIGUEZ | C14: 33485 | D14: 33485 | E14: 0 | F14: 34250 | G14: 34250 | H14: 0 | I14: 37420 | J14: 37420 | K14: 0 | L14: 41060 | M14: 41060 | N14: 0 | O14: 45433 | P14: 0 | Q14: 45433 | R14: 104877 | S14: 106588 | T14: -1711
A15: 0008 1A-L4 | B15: CLAUDIO SPERANZA | C15: 48081 | D15: 48081 | E15: 0 | F15: 70687 | G15: 70687 | H15: 0 | I15: 63487 | J15: 63487 | K15: 0 | L15: 75666 | M15: 75666 | N15: 0 | O15: 75065 | P15: 75065 | Q15: 0 | R15: 77343 | S15: 77342 | T15: 1
A16: 0009 1A-L4B | B16: RAFAEL BALTAZAR FLORES/TERESA MI—ONES | C16: 39317 | D16: 39317 | E16: 0 | F16: 43926 | G16: 43926 | H16: 0 | I16: 47321 | J16: 47321 | K16: 0 | L16: 57367 | M16: 57367 | N16: 0 | O16: 55946 | P16: 55946 | Q16: 0 | R16: 65851 | S16: 65851 | T16: 0
A17: 0010 1A-L4C | B17: GERARDO PAZ | C17: 31206 | D17: 31206 | E17: 0 | F17: 35269 | G17: 35269 | H17: 0 | I17: 38505 | J17: 39148 | K17: -643 | L17: 47618 | M17: 47618 | N17: 0 | O17: 46694 | P17: 46694 | Q17: 0 | R17: 54205 | S17: 54205 | T17: 0
A18: 0011 1A-L4D | B18: DANIEL MARGULIES | C18: 31195 | D18: 31195 | E18: 0 | F18: 35255 | G18: 35255 | H18: 0 | I18: 38489 | J18: 38489 | K18: 0 | L18: 42197 | M18: 42197 | N18: 0 | O18: 46675 | P18: 46675 | Q18: 0 | R18: 54176 | S18: 54176 | T18: 0
A19: 0012 1A-L5-2 | B19: Guadalupe Jazmin CHAMS | C19: 33082 | D19: 0 | E19: 33082 | F19: 74130 | G19: 74130 | H19: 0 | I19: 38990 | J19: 39640 | K19: -650 | L19: 46315 | M19: 46315 | N19: 0 | O19: 46664 | P19: 46664 | Q19: 0 | R19: 53465 | S19: 53465 | T19: 0
... A39: 0032 1A-L15 | B39: ALFREDO CASTIGLIA | C39: 69272 | D39: 69272 | E39: 0 | F39: 74493 | G39: 74493 | H39: 0 | I39: 78066 | J39: 78066 | K39: 0 | L39: 82139 | M39: 82139 | N39: 0 | O39: 87178 | P39: 87178 | Q39: 0 | R39: 98438 | S39: 98438 | T39: 0
A40: 0033 1A-L15B | B40: BANCO MACRO | C40: 37877 | D40: 37877 | E40: 0 | F40: 43772 | G40: 43772 | H40: 0 | K40: 0 | N40: 0 | Q40: 0 | T40: 0
B41: Ariel Arnoldo Abramovich | E41: 0 | H41: 0 | I41: 47543 | J41: 47600 | K41: -57 | L41: 57350 | M41: 57350 | N41: 0 | O41: 100422 | P41: 100500 | Q41: -78 | R41: 82700 | S41: 82700 | T41: 0
A42: 0034 1A-L16 | B42: ARIEL AKERMAN - SEBASTAN JANON | C42: 34625 | D42: 34625 | E42: 0 | F42: 39627 | G42: 39627 | H42: 0 | I42: 43137 | J42: 43137 | K42: 0 | L42: 47140 | M42: 47140 | N42: 0 | O42: 52074 | P42: 52074 | Q42: 0 | R42: 62624 | S42: 62624 | T42: 0
A43: 0035 1A-L16B | B43: Gisela CANIEVSKY | C43: 33214 | D43: 33214 | E43: 0 | F43: 37828 | G43: 37828 | H43: 0 | I43: 41224 | J43: 41224 | K43: 0 | L43: 45106 | M43: 45106 | N43: 0 | O43: 49853 | P43: 49853 | Q43: 0 | R43: 59148 | S43: 59148 | T43: 0
A44: 0036 1A-L17 | B44: RUTA CPC | C44: 85952 | D44: 0 | E44: 85952 | F44: 140281 | G44: 85952 | H44: 54329 | I44: 111556 | J44: 56367 | K44: 55189 | L44: 120130 | M44: 57227 | N44: 62903 | O44: 132727 | P44: 64941 | Q44: 67786 | R44: 154401 | S44: 0 | T44: 154401
A45: 0037 1A-L17B | B45: RUTA CPC | C45: 83403 | D45: 0 | E45: 83403 | F45: 135481 | G45: 83403 | H45: 52078 | I45: 106839 | J45: 54062 | K45: 52777 | L45: 114887 | M45: 54761 | N45: 60126 | O45: 126803 | P45: 62110 | Q45: 64693 | R45: 145848 | S45: 0 | T45: 145848
A46: 0038 1A-L18 | B46: BIAU DANIEL/CRISTALDO MABEL | C46: 33169 | D46: 33169 | E46: 0 | F46: 38020 | G46: 38020 | H46: 0 | I46: 41486 | J46: 41488 | K46: -2 | L46: 45440 | M46: 45440 | N46: 0 | O46: 50303 | P46: 50303 | Q46: 0 | R46: 60367 | S46: 60367 | T46: 0
A47: 0039 1A-L18B | B47: MIGUEL PEREIRA L´PEZ | C47: 2891455 | D47: 0 | E47: 2891455 | F47: 3033124 | G47: 0 | H47: 3033124 | I47: 3181556 | J47: 0 | K47: 3181556 | L47: 3329159 | M47: 0 | N47: 3329159 | O47: 3484333 | P47: 0 | Q47: 3484333 | R47: 3651572 | S47: 0 | T47: 3651572
A48: 0040 1A-L19 | B48: SEBASTIAN LAUSI | C48: 2567206 | D48: 0 | E48: 2567206 | F48: 2695378 | G48: 0 | H48: 2695378 | I48: 2829932 | J48: 0 | K48: 2829932 | L48: 2963730 | M48: 0 | N48: 2963730 | O48: 3104645 | P48: 0 | Q48: 3104645 | R48: 3255619 | S48: 0 | T48: 3255619
A49: 0041 1A-L19B | B49: SEBASTIAN LAUSI | C49: 3074782 | D49: 0 | E49: 3074782 | F49: 3224082 | G49: 0 | H49: 3224082 | I49: 3380361 | J49: 0 | K49: 3380361 | L49: 3535769 | M49: 0 | N49: 3535769 | O49: 3699005 | P49: 0 | Q49: 3699005 | R49: 3875441 | S49: 0 | T49: 3875441
A50: 0042 1A-L19C | B50: SEBASTIAN LAUSI | C50: 2512579 | D50: 0 | E50: 2512579 | F50: 2638484 | G50: 0 | H50: 2638484 | I50: 2770707 | J50: 0 | K50: 2770707 | L50: 2902186 | M50: 0 | N50: 2902186 | O50: 3040707 | P50: 0 | Q50: 3040707 | R50: 3188953 | S50: 0 | T50: 3188953
A51: 0043 1A-L20 | B51: Luis Enrique Landini | C51: 39379 | D51: 77379 | E51: -38000 | F51: 6008 | G51: 6109 | H51: -101 | I51: 51387 | J51: 51387 | K51: 0 | L51: 51295 | M51: 51295 | N51: 0 | O51: 56049 | P51: 56049 | Q51: 0 | R51: 65392 | S51: 65392 | T51: 0
A52: 0044 1A-L20B | B52: JAIME CHMEA | C52: 693950 | D52: 0 | E52: 693950 | F52: 767368 | G52: 0 | H52: 767368 | I52: 847537 | J52: 0 | K52: 847537 | L52: 926831 | M52: 0 | N52: 926831 | O52: 1013690 | P52: 0 | Q52: 1013690 | R52: 1112721 | S52: 0 | T52: 1112721
A53: 0045 1A-L21 | B53: PABLO GARCIA NAVARRO | C53: 41420 | D53: 41420 | E53: 0 | F53: 48718 | G53: 48718 | H53: 0 | I53: 58778 | J53: 58778 | K53: 0 | L53: 57627 | M53: 57627 | N53: 0 | O53: 63670 | P53: 63670 | Q53: 0 | R53: 89561 | S53: 89561 | T53: 0
... A66: 0058 1A-L30 | B66: AGUSTÕN GIMENEZ/FERNANDA ARCURI | C66: 31536 | D66: 31536 | E66: 0 | F66: 35893 | G66: 35893 | H66: 0 | I66: 39214 | J66: 39214 | K66: 0 | L66: 43015 | M66: 43015 | N66: 0 | O66: 52342 | P66: 52342 | Q66: 0 | R66: 63669 | S66: 63669 | T66: 0
A67: 0059 1A-L30B | B67: CAR POINT | C67: 35360 | D67: 35360 | E67: 0 | F67: 39966 | G67: 39966 | H67: 0 | I67: 45590 | J67: 45590 | K67: 0 | L67: 47764 | M67: 0 | N67: 47764 | Q67: 0 | T67: 0
B68: Martin Andres RODE | E68: 0 | H68: 0 | K68: 0 | N68: 0 | O68: 102967 | P68: 48523.88 | Q68: 54443.12 | R68: 120318 | S68: 120318 | T68: 0
A69: 0060 1A-L31 | B69: FRANCO BORDONI | C69: 39525 | D69: 39545 | E69: -20 | F69: 46283 | G69: 46283 | H69: 0 | I69: 50333 | J69: 50362 | K69: -29 | L69: 54865 | M69: 54900 | N69: -35 | O69: 60650 | P69: 60650 | Q69: 0 | R69: 76987 | S69: 77000 | T69: -13
A70: 0061 1A-L32 | B70: CARLOS ALBERTO MATUK. | C70: 39656 | D70: 39656 | E70: 0 | F70: 83378 | G70: 0 | H70: 83378 | I70: 173848 | J70: 173848 | K70: 0 | L70: 82155 | M70: 83525 | N70: -1370 | O70: 87908 | P70: 87908 | Q70: 0 | R70: 98230 | S70: 98230 | T70: 0
A71: 0062 1A-L33A | B71: CARLOS ALBERTO MATUK. | C71: 33422 | D71: 33422 | E71: 0 | F71: 38349 | G71: 0 | H71: 38349 | I71: 86204 | J71: 86204 | K71: 0 | L71: 45818 | M71: 46582 | N71: -764 | O71: 55704 | P71: 55704 | Q71: 0 | R71: 61029 | S71: 61029 | T71: 0
A72: 0063 1A-L34- A | B72: Emiliano VOLPE | C72: 128524 | D72: 0 | E72: 128524 | F72: 187801 | G72: 0 | H72: 187801 | I72: 253591 | J72: 0 | K72: 253591 | L72: 326587 | M72: 0 | N72: 326587 | O72: 408304 | P72: 389522 | Q72: 18782 | R72: 79599 | S72: 0 | T72: 79599
A73: 0064 1A-L35 | B73: ANDREW CUMMINS | C73: 35345 | D73: 35345 | E73: 0 | F73: 39487 | G73: 39487 | H73: 0 | I73: 43160 | J73: 43160 | K73: 0 | L73: 47389 | M73: 47389 | N73: 0 | O73: 52419 | P73: 52419 | Q73: 0 | R73: 63608 | S73: 63608 | T73: 0
A74: 0065 1A-L35B | B74: ANDREW CUMMINS | C74: 34883 | D74: 34883 | E74: 0 | F74: 39956 | G74: 39956 | H74: 0 | I74: 43487 | J74: 43487 | K74: 0 | L74: 47512 | M74: 47512 | N74: 0 | O74: 52480 | P74: 52480 | Q74: 0 | R74: 63260 | S74: 63260 | T74: 0
A75: 0066 1A-L36 | B75: CARINA MOLOZAJ | C75: 34671 | D75: 0 | E75: 34671 | F75: 79882 | G75: 81153 | H75: -1271 | I75: 49969 | J75: 50737 | K75: -768 | L75: 53353 | M75: 54203 | N75: -850 | O75: 58914 | P75: 58914 | Q75: 0 | R75: 62738 | S75: 63784 | T75: -1046
A76: 0067 1A-L36B | B76: CARINA MOLOZAJ | C76: 33066 | D76: 0 | E76: 33066 | F76: 75987 | G76: 77258 | H76: -1271 | I76: 47424 | J76: 48153 | K76: -729 | L76: 50763 | M76: 51572 | N76: -809 | O76: 56084 | P76: 56084 | Q76: 0 | R76: 58783 | S76: 59763 | T76: -980
A77: 0068 1A-L37 | B77: FIDEICOMISO VILLA MARIA | C77: 39694 | D77: 39694 | E77: 0 | F77: 45731 | G77: 45731 | H77: 0 | I77: 52097 | J77: 52097 | K77: 0 | L77: 54476 | M77: 55384 | N77: -908 | O77: 60262 | P77: 60262 | Q77: 0 | R77: 74664 | S77: 75521.14 | T77: -857.14
A78: 0069 1A-L38 | B78: MARTIN PEUSNER | C78: 37219 | D78: 37219 | E78: 0 | F78: 42935 | G78: 42935 | H78: 0 | I78: 46653 | J78: 46653 | K78: 0 | L78: 50880 | M78: 50880 | N78: 0 | O78: 56157 | P78: 56157 | Q78: 0 | R78: 69015 | S78: 69015 | T78: 0
A79: 0070 1A-L39 | B79: DIEGO CARVALHO | C79: 81297 | D79: 0 | E79: 81297 | F79: 132307 | G79: 132307 | H79: 0 | I79: 57450 | J79: 0 | K79: 57450 | L79: 115810 | M79: 0 | N79: 115810 | O79: 182759 | P79: 115810 | Q79: 66949 | R79: 147165 | S79: 149533 | T79: -2368
A80: 0071 1A-L40 | B80: ADRIAN PYLINSKI | C80: 45158 | D80: 45158 | E80: 0 | F80: 51539 | G80: 51539 | H80: 0 | I80: 55453 | J80: 55453 | K80: 0 | L80: 59889 | M80: 59889 | N80: 0 | O80: 65488 | P80: 65488 | Q80: 0 | R80: 80503 | S80: 80503 | T80: 0
... A90: 0081 1A-L52 | B90: FEDERICO COLUCCI | C90: 37443 | D90: 37443 | E90: 0 | F90: 50233 | G90: 50250 | H90: -17 | I90: 49254 | J90: 49254 | K90: 0 | L90: 53750 | M90: 53750 | N90: 0 | O90: 67874 | P90: 67900 | Q90: -26 | R90: 74837 | S90: 74837 | T90: 0
A91: 0082 1A-L53 | B91: PABLO LIJTZTAIM | C91: 30118 | D91: 30118 | E91: 0 | F91: 33882 | G91: 33882 | H91: 0 | I91: 37029 | J91: 37029 | K91: 0 | N91: 0 | Q91: 0 | T91: 0
B92: SERGIO ELBIO CANTON | E92: 0 | H92: 0 | K92: 0 | L92: 40644 | M92: 40644 | N92: 0 | O92: 51799 | P92: 51971 | Q92: -172 | R92: 51351 | S92: 52207 | T92: -856
A93: 0083 1A-L53B | B93: SAMANTHA WAHNON | C93: 72085 | D93: 0 | E93: 72085 | F93: 112468 | G93: 0 | H93: 112468 | I93: 158128 | J93: 0 | K93: 158128 | L93: 209766 | M93: 80000 | N93: 129766 | O93: 186532 | P93: 0 | Q93: 186532 | R93: 251398 | S93: 251398 | T93: 0
A94: 0084 1A-L54 | B94: GEORGETTE HANNA - SANTIAGO VILARO | C94: 33880 | D94: 33880 | E94: 0 | F94: 38829 | G94: 38829 | H94: 0 | K94: 0 | N94: 0 | Q94: 0 | T94: 0
B95: Hugo Gaston RONDA | E95: 0 | H95: 0 | I95: 42128 | J95: 42128 | K95: 0 | L95: 50518 | M95: 50518 | N95: 0 | O95: 56666 | P95: 56666 | Q95: 0 | R95: 60789 | S95: 60789 | T95: 0
A96: 0085 1A- L55-1 | B96: FIDEICOMISO VILLA MARIA | C96: 31579 | D96: 31579 | E96: 0 | F96: 35210 | G96: 35210 | H96: 0 | I96: 51543 | J96: 51543 | K96: 0 | L96: 42465 | M96: 43173 | N96: -708 | O96: 47070 | P96: 47070 | Q96: 0 | R96: 53919 | S96: 54776.14 | T96: -857.14
A97: 0086 1A-L56 | B97: FIDEICOMISO VILLA MARIA | C97: 43304 | D97: 43304 | E97: 0 | F97: 50363 | G97: 50363 | H97: 0 | I97: 57285 | J97: 57285 | K97: 0 | L97: 59784 | M97: 60781 | N97: -997 | O97: 66096 | P97: 66096 | Q97: 0 | R97: 83857 | S97: 84714.14 | T97: -857.14
A98: 0087 1A-L57 | B98: Hugo Gaston RONDA | E98: 0 | F98: 38690 | G98: 38690 | H98: 0 | I98: 42140 | J98: 42140 | K98: 0 | L98: 47579 | M98: 47579 | N98: 0 | O98: 56629 | P98: 56629 | Q98: 0 | R98: 60801 | S98: 60801 | T98: 0
B99: PABLO LIJTZTAIM | C99: 33892 | D99: 33892 | E99: 0 | H99: 0 | K99: 0 | N99: 0 | Q99: 0 | T99: 0
A100: 0088 1A-L58 | B100: SAMANTHA WAHNON | C100: 79937 | D100: 0 | E100: 79937 | F100: 125360 | G100: 0 | H100: 125360 | I100: 182260 | J100: 0 | K100: 182260 | L100: 246624 | M100: 80000 | N100: 166624 | O100: 231250 | P100: 0 | Q100: 231250 | R100: 307927 | S100: 307927 | T100: 0
A101: 0089 1A-L59 | B101: DIEGO CARVALHO | C101: 75652 | D101: 0 | E101: 75652 | F101: 125488 | G101: 125488 | H101: 0 | I101: 56171 | J101: 0 | K101: 56171 | L101: 113454 | M101: 0 | N101: 113454 | O101: 179179 | P101: 113454 | Q101: 65725 | R101: 144126 | S101: 146445 | T101: -2319
A102: 0090 1A-L59B | B102: EUGENIA GIBBONS | C102: 3739029 | D102: 0 | E102: 3739029 | F102: 3916840 | G102: 0 | H102: 3916840 | I102: 4102180 | J102: 0 | K102: 4102180 | L102: 4286544 | M102: 0 | N102: 4286544 | O102: 4479390 | P102: 0 | Q102: 4479390 | R102: 4688325 | S102: 0 | T102: 4688325
A103: 0091 1A-L60 | B103: SAN EMILIO SCA | C103: 33839 | D103: 33839 | E103: 0 | F103: 38625 | G103: 39269 | H103: -644 | I103: 46114 | J103: 46872 | K103: -758 | L103: 50454 | M103: 50454 | N103: 0 | O103: 50837 | P103: 50837 | Q103: 0 | R103: 60688 | S103: 60688 | T103: 0
A104: 0092 1A-L61 | B104: Ruth Marina Martini | C104: 36654 | D104: 36654 | E104: 0 | F104: 38656 | G104: 39301 | H104: -645 | I104: 46150 | J104: 46150 | K104: 0 | L104: 46043 | M104: 46043 | N104: 0 | O104: 50876 | P104: 50876 | Q104: 0 | R104: 60749 | S104: 61762 | T104: -1013
A105: 0093 1A-L62 | B105: OSCAR BAREIRO | C105: 34119 | D105: 34119 | E105: 0 | F105: 38981 | G105: 38981 | H105: 0 | I105: 42451 | J105: 43159 | K105: -708 | L105: 52305 | M105: 52305 | N105: 0 | O105: 51277 | P105: 51277 | Q105: 0 | R105: 61377 | S105: 62400 | T105: -1023
A106: 0094 1A-L63 | B106: PABLO GARCIA NAVARRO | C106: 33448 | D106: 33448 | E106: 0 | F106: 38126 | G106: 38126 | H106: 0 | I106: 46176 | J106: 46176 | K106: 0 | L106: 45444 | M106: 45444 | N106: 0 | O106: 50221 | P106: 50221 | Q106: 0 | R106: 65963 | S106: 65963 | T106: 0
A107: 0095 1A-L64 | B107: PODRZAJ - PODRZAJ | C107: 34731 | D107: 34731 | E107: 0 | F107: 39763 | G107: 40426 | H107: -663 | I107: 47422 | J107: 47422 | K107: 0 | L107: 47294 | M107: 47294 | N107: 0 | O107: 52241 | P107: 52241 | Q107: 0 | R107: 62886 | S107: 62886 | T107: 0
A108: 0096 1A-L65 | B108: RUTA CPC | C108: 75772 | D108: 0 | E108: 75772 | F108: 122687 | G108: 75772 | H108: 46915 | I108: 96315 | J108: 48716 | K108: 47599 | L108: 103754 | M108: 49400 | N108: 54354 | O108: 114708 | P108: 56155 | Q108: 58553 | R108: 130211 | S108: 0 | T108: 130211
A109: 0097 1B-L1 | B109: JORGE TABOADA | C109: 31511 | D109: 0 | E109: 31511 | F109: 72214 | G109: 72214 | H109: 0 | I109: 46230 | J109: 46230 | K109: 0 | L109: 42652 | M109: 43363 | N109: -711 | O109: 51773 | P109: 51773 | Q109: 0 | R109: 60914 | S109: 60914 | T109: 0
A110: 0098 1B-L2 | B110: Jorge Delaportas | C110: 38446 | D110: 38000 | E110: 446 | F110: 42156 | G110: 42156 | H110: 0 | I110: 39719 | J110: 0 | K110: 39719 | L110: 89443 | M110: 89443 | N110: 0 | O110: 52786 | P110: 53666 | Q110: -880 | R110: 61610 | S110: 61610 | T110: 0
A111: 0099 1B-L3 | B111: MARCIAL CARBALLAL | C111: 2950721 | D111: 0 | E111: 2950721 | F111: 3095454 | G111: 0 | H111: 3095454 | I111: 3246831 | J111: 0 | K111: 3246831 | L111: 3397402 | M111: 0 | N111: 3397402 | O111: 3555401 | P111: 0 | Q111: 3555401 | R111: 3724834 | S111: 0 | T111: 3724834
... A208: 0196 1F-L36 | B208: PABLO GARCIA NAVARRO | C208: 31980 | D208: 31980 | E208: 0 | F208: 36256 | G208: 36256 | H208: 0 | I208: 43991 | J208: 43991 | K208: 0 | L208: 43328 | M208: 43328 | N208: 0 | O208: 47911 | P208: 47911 | Q208: 0 | R208: 62086 | S208: 62086 | T208: 0
A209: 0197 1F-L37 | B209: CESAR MOLINA | C209: 2158595 | D209: 0 | E209: 2158595 | H209: 0 | K209: 0 | N209: 0 | O209: 0 | P209: 0 | Q209: 0 | R209: 51440 | S209: 0 | T209: 51440
A210: 0198 1F-L38 | B210: RUTA CPC | C210: 71538 | D210: 0 | E210: 71538 | F210: 115586 | G210: 71538 | H210: 44048 | I210: 90471 | J210: 45749 | K210: 44722 | L210: 97571 | M210: 46423 | N210: 51148 | O210: 107992 | P210: 52849 | Q210: 55143 | R210: 121527 | S210: 0 | T210: 121527
A211: 0199 1F-L39 | B211: RUTA CPC | C211: 71609 | D211: 0 | E211: 71609 | F211: 115705 | G211: 71609 | H211: 44096 | I211: 90569 | J211: 45798 | K211: 44771 | L211: 97675 | M211: 46473 | N211: 51202 | O211: 108105 | P211: 52904 | Q211: 55201 | R211: 121674 | S211: 0 | T211: 121674
A212: 0200 1F-L40 | B212: CLAUDIO VICENTE LOPEZ | C212: 1789401 | D212: 0 | E212: 1789401 | F212: 1898272 | G212: 0 | H212: 1898272 | I212: 2013877 | J212: 0 | K212: 2013877 | L212: 2128658 | M212: 0 | N212: 2128658 | O212: 2250975 | P212: 0 | Q212: 2250975 | R212: 2385203 | S212: 0 | T212: 2385203
A213: 0201 1F-L41 | B213: EDUARDO JORD£ | C213: 35058 | D213: 35060 | E213: -2 | F213: 71792 | G213: 71800 | H213: -8 | I213: 63957 | J213: 63957 | K213: 0 | L213: 63538 | M213: 63600 | N213: -62 | O213: 68314 | P213: 68500 | Q213: -186 | R213: 84291 | S213: 84291 | T213: 0
A214: 0202 1F-L42 | B214: SEBASTIAN TORRILLAS | C214: 32019 | D214: 32019 | E214: 0 | F214: 36330 | G214: 36700 | H214: -370 | I214: 39262 | J214: 39300 | K214: -38 | L214: 43374 | M214: 43400 | N214: -26 | O214: 47977 | P214: 48000 | Q214: -23 | R214: 56230 | S214: 56300 | T214: -70
A215: 0203 1F-L43 | B215: ELSA MUSTICHIO | C215: 32048 | D215: 32081 | E215: -33 | F215: 36344 | G215: 0 | H215: 36344 | I215: 81687 | J215: 0 | K215: 81687 | L215: 133375 | M215: 0 | N215: 133375 | O215: 192491 | P215: 0 | Q215: 192491 | R215: 263041 | S215: 0 | T215: 263041
A216: 0204 1F-L44 | B216: HELENA CROUZEL | C216: 32578 | D216: 32572 | E216: 6 | F216: 37017 | G216: 31300 | H216: 5717 | I216: 46365 | J216: 46365 | K216: 0 | L216: 44189 | M216: 44189 | N216: 0 | O216: 48851 | P216: 48851 | Q216: 0 | R216: 63663 | S216: 63663 | T216: 0
A217: 0205 1G-L1 | B217: HERNAN DE LAURENTE | C217: 39503 | D217: 39503 | E217: 0 | F217: 45180 | G217: 45180 | H217: 0 | I217: 51405 | J217: 51405 | K217: 0 | L217: 53688 | M217: 0 | N217: 53688 | O217: 115662 | P217: 0 | Q217: 115662 | R217: 192863 | S217: 0 | T217: 192863
A218: 0206 1G-L2 | B218: BAUTISTA HEGUY | C218: 35405 | D218: 35405 | E218: 0 | F218: 40621 | G218: 0 | H218: 40621 | I218: 91063 | J218: 92547 | K218: -1484 | L218: 52903 | M218: 53760 | N218: -857 | O218: 58432 | P218: 58432 | Q218: 0 | R218: 64546 | S218: 65622 | T218: -1076
A219: 0207 1G-L3 | B219: ARMANDO RIBAS | C219: 547553 | D219: 0 | E219: 547553 | F219: 612891 | G219: 0 | H219: 612891 | I219: 684383 | J219: 0 | K219: 684383 | L219: 762797 | M219: 0 | N219: 762797 | O219: 849397 | P219: 0 | Q219: 849397 | R219: 950781 | S219: 0 | T219: 950781
A220: 0208 1G-L4 | B220: PAUL DOCHERTY | C220: 32025 | D220: 32025 | E220: 0 | F220: 36313 | G220: 36313 | H220: 0 | I220: 39613 | J220: 129613 | K220: -90000 | L220: -46607.94 | M220: 0 | N220: -46607.94 | O220: 6044 | P220: 0 | Q220: 6044 | R220: 67751 | S220: 67816 | T220: -65
A221: 0209 1G-L5 | B221: DAMIAN LOPO | C221: 1040346 | D221: 123765 | E221: 916581 | F221: 66150 | G221: 66150 | H221: 0 | I221: 69829 | J221: 69829 | K221: 0 | L221: 74059 | M221: 74059 | N221: 0 | O221: 79196 | P221: 79196 | Q221: 0 | R221: 88569 | S221: 0 | T221: 88569
... A245: 0233 1L-L2 | B245: Nancy Beatriz Esquivel | C245: 29788 | D245: 26693 | E245: 3095 | F245: 29577 | G245: 29577 | H245: 0 | I245: 32468 | J245: 32468 | K245: 0 | L245: 35809 | M245: 35809 | N245: 0 | O245: 39722 | P245: 40000 | Q245: -278 | R245: 43134 | S245: 43134 | T245: 0
A246: 0234 1L-L3 | B246: ANABELA DONADEO | C246: 27000 | D246: 27000 | E246: 0 | F246: 29908 | G246: 29908 | H246: 0 | I246: 32804 | J246: 32804 | K246: 0 | L246: 36150 | M246: 41150 | N246: -5000 | O246: 35073 | P246: 35073 | Q246: 0 | T246: 0
B247: IGNACIO MANUEL KORNZAFT | E247: 0 | H247: 0 | K247: 0 | N247: 0 | Q247: 0 | R247: 43844 | S247: 87688 | T247: -43844
A248: 0235 1L-L4 | B248: Jonathan Alex DERMAN ; Cynthia Carolina BASSO | C248: 28591 | D248: 28591 | E248: 0 | F248: 30024 | G248: 30024 | H248: 0 | I248: 32928 | J248: 32928 | K248: 0 | L248: 36282 | M248: 36282 | N248: 0 | O248: 40216 | P248: 40216 | Q248: 0 | R248: 44067 | S248: 44067 | T248: 0
A249: 0236 1L-L5 | B249: DANIEL MANZINI | C249: 41307 | D249: 41307 | E249: 0 | F249: 44331 | G249: 44581 | H249: -250 | I249: 46871 | J249: 47020 | K249: -149 | L249: 50631 | M249: 50831 | N249: -200 | O249: 54136 | P249: 54136 | Q249: 0 | T249: 0
B250: SEBASTIAN NICOLAS DE SIMONE/NATALIA AGUSTINA OBANDO | E250: 0 | H250: 0 | K250: 0 | N250: 0 | Q250: 0 | R250: 56955 | S250: 76254 | T250: -19299
A251: 0237 1L-L6 | B251: JULI£N DE VITO | C251: 26756 | D251: 26756 | E251: 0 | F251: 29664 | G251: 29664 | H251: 0 | I251: 32560 | J251: 32560 | K251: 0 | L251: 35907 | M251: 35907 | N251: 0 | O251: 39829 | P251: 39829 | Q251: 0 | R251: 43600 | S251: 43600 | T251: 0
A252: 0238 1L-L7 | B252: PABLO MARTÌN | C252: 29804 | D252: 29804 | E252: 0 | F252: 29961 | G252: 29961 | H252: 0 | I252: 37641 | J252: 38244 | K252: -603 | L252: 39821 | M252: 0 | N252: 39821 | O252: 85944 | P252: 85944 | Q252: 0 | R252: 49778 | S252: 50585 | T252: -807
A253: 0239 1L-L8 | B253: BEATRIZ COSTA | C253: 27202 | D253: 27202 | E253: 0 | F253: 30166 | G253: 30166 | H253: 0 | I253: 33079 | J253: 33079 | K253: 0 | L253: 36442 | M253: 36442 | N253: 0 | O253: 40392 | P253: 40392 | Q253: 0 | R253: 44342 | S253: 44342 | T253: 0
A254: 0240 1L-L9 | B254: PAULA VAZQUEZ | C254: 27443 | D254: 27843 | E254: -400 | F254: 33526 | G254: 0 | H254: 33526 | I254: 71935 | J254: 0 | K254: 71935 | L254: 115898 | M254: 115898 | N254: 0 | O254: 44820 | P254: 45567 | Q254: -747 | R254: 49431 | S254: 0 | T254: 49431
A255: 0241 1L-L10 | B255: LAURA HERMIDA | C255: 27539 | D255: 27953 | E255: -414 | F255: 33779 | G255: 33779 | H255: 0 | I255: 33650 | J255: 33650 | K255: 0 | L255: 37070 | M255: 37070 | N255: 0 | O255: 41107 | P255: 41107 | Q255: 0 | R255: 45646 | S255: 45646 | T255: 0
A256: 0242 1L-L11 | B256: Stuto Melisa/Bosso Matías Leonel | C256: 28196 | D256: 28196 | E256: 0 | F256: 31433 | G256: 31957 | H256: -524 | I256: 37838 | J256: 38460 | K256: -622 | L256: 62128 | M256: 63154 | N256: -1026 | O256: 66607 | P256: 67701 | Q256: -1094 | R256: 50612 | S256: 50612 | T256: 0
A257: 0243 1L-L12 | B257: Ramirez Silvia Patricia | C257: 35281 | D257: 35281 | E257: 0 | F257: 38558 | G257: 0 | H257: 38558 | I257: 91055 | J257: 91055 | K257: 0 | L257: 45023 | M257: 45023 | N257: 0 | O257: 49123 | P257: 49123 | Q257: 0 | R257: 54082 | S257: 54082 | T257: 0
A258: 0244 1L-L13 | B258: JOSE SANTOS RETAMOZO CACERES | C258: 28556 | D258: 28556 | E258: 0 | F258: 31890 | G258: 31890 | H258: 0 | I258: 34911 | J258: 34911 | K258: 0 | L258: 38392 | M258: 38392 | N258: 0 | O258: 42521 | P258: 42521 | Q258: 0 | R258: 47674 | S258: 47674 | T258: 0
A259: 0245 1L-L14 | B259: Maria Itari Muzzapappa / Santiago Carballo | C259: 35088 | D259: 35088 | E259: 0 | F259: 38310 | G259: 38949 | H259: -639 | I259: 44704 | J259: 45439 | K259: -735 | L259: 48490 | M259: 48490 | N259: 0 | O259: 48817 | P259: 48817 | Q259: 0 | R259: 53605 | S259: 53605 | T259: 0
A260: 0246 1L-L15 | B260: Balaza Luz Marisol / Fernando Eduardo Galdos | C260: 34784 | D260: 34784 | E260: 0 | F260: 37923 | G260: 0 | H260: 37923 | I260: 84077 | J260: 84077 | K260: 0 | L260: 44305 | M260: 44305 | N260: 0 | O260: 48338 | P260: 49144 | Q260: -806 | R260: 57408 | S260: 57408 | T260: 0
A261: 0247 1L-L16 | B261: DANIELA PEREYRA | C261: 145336 | D261: 45000 | E261: 100336 | F261: 146839 | G261: 0 | H261: 146839 | I261: 203592 | J261: 100000 | K261: 103592 | L261: 156605 | M261: 100000 | N261: 56605 | O261: 116420 | P261: 185000 | Q261: -68580 | R261: -6030.88 | S261: 0 | T261: -6030.88
A262: 0248 1L-L17 | B262: Gustavo Alberto Ramon GONZALEZ | C262: 30349 | D262: 30349 | E262: 0 | F262: 30596 | G262: 30596 | H262: 0 | I262: 33535 | J262: 33535 | K262: 0 | L262: 36928 | M262: 36928 | N262: 0 | O262: 40921 | P262: 40921 | Q262: 0 | R262: 45171 | S262: 45171 | T262: 0
... A621: 0608 1D02 | B621: GUY MERISON | C621: 44670 | D621: 44670 | E621: 0 | F621: 45631 | G621: 0 | H621: 45631 | I621: 101185 | J621: 101185 | K621: 0 | L621: 65479 | M621: 65479 | N621: 0 | O621: 71721 | P621: 71721 | Q621: 0 | R621: 83786 | S621: 83786 | T621: 0
...

Sheet RESUMEN
C3: Months (Periodo expensas) | D3: Days (Periodo expensas) | E3: Periodo expensas | F3: Values
C4: Jan | F4: Feb | I4: Mar | L4: Apr | O4: May | R4: Jun
A7: U.F. Lote | B7: Nombre propietario | C7: Sum of Saldo Anterior | D7: Sum of Pagos Recibidos | E7: Sum of TOTAL | F7: Sum of Saldo Anterior | G7: Sum of Pagos Recibidos | H7: Sum of TOTAL | I7: Sum of Saldo Anterior | J7: Sum of Pagos Recibidos | K7: Sum of TOTAL | L7: Sum of Saldo Anterior | M7: Sum of Pagos Recibidos | N7: Sum of TOTAL | O7: Sum of Saldo Anterior | P7: Sum of Pagos Recibidos | Q7: Sum of TOTAL | R7: Sum of Saldo Anterior | S7: Sum of Pagos Recibidos | T7: Sum of TOTAL
A8: 0001 1A-L1 | B8: GRACIELA PRIORI | C8: 32641 | D8: 32641 | E8: 37098 | F8: 37098 | G8: 37098 | H8: 40448 | I8: 40448 | J8: 40448 | K8: 44281 | L8: 44281 | M8: 44281 | N8: 48952 | O8: 48952 | P8: 48952 | Q8: 57739 | R8: 57739 | S8: 57739 | T8: 89153
A9: 0002 1A-L1B | B9: GRACIELA PRIORI | C9: 32687 | D9: 32687 | E9: 37158 | F9: 37158 | G9: 37158 | H9: 40512 | I9: 40512 | J9: 40512 | K9: 44348 | L9: 44348 | M9: 44348 | N9: 49025 | O9: 49025 | P9: 49025 | Q9: 57852 | R9: 57852 | S9: 57852 | T9: 89278
A10: 0003 1A-L2 | B10: MIGUEL SOSTRES | C10: 32816 | D10: 32816 | E10: 37320 | F10: 37320 | G10: 37320 | H10: 40684 | I10: 40684 | J10: 40684 | K10: 44532 | L10: 44532 | M10: 44532 | N10: 49225 | O10: 49225 | P10: 49225 | Q10: 58166 | R10: 58166 | S10: 58166 | T10: 89624
A11: 0004 1A-L2B | B11: TRISTAN BRIANO | C11: 30676 | D11: 30676 | E11: 34594 | F11: 34594 | G11: 34594 | H11: 37786 | I11: 37786 | J11: 37786 | K11: 41449 | L11: 41449 | M11: 41449 | N11: 45859 | O11: 45859 | P11: 45859 | Q11: 52899 | R11: 52899 | S11: 52899 | T11: 83813
A12: 0005 1A-L2C | B12: TRISTAN BRIANO | C12: 30706 | D12: 30706 | E12: 34631 | F12: 34631 | G12: 35631 | H12: 36825 | I12: 36825 | J12: 36825 | K12: 41491 | L12: 41491 | M12: 41491 | N12: 45905 | O12: 45905 | P12: 45905 | Q12: 52970 | R12: 52970 | S12: 52970 | T12: 83891
A13: 0006 1A-L3 | B13: Esteban Marcelo CHAMS | C13: 30458 | D13: 30458 | E13: 34316 | F13: 34316 | G13: 34316 | H13: 37491 | I13: 37491 | J13: 38116 | K13: 65666 | L13: 65666 | M13: 65666 | N13: 45516 | O13: 45516 | P13: 45516 | Q13: 52362 | R13: 52362 | S13: 52362 | T13: 83220
A14: 0007 1A-L3B | B14: CARLOS RENE RODRIGUEZ | C14: 33485 | D14: 33485 | E14: 34250 | F14: 34250 | G14: 34250 | H14: 37420 | I14: 37420 | J14: 37420 | K14: 41060 | L14: 41060 | M14: 41060 | N14: 45433 | O14: 45433 | P14: 0 | Q14: 104877 | R14: 104877 | S14: 106588 | T14: 87999
A15: 0008 1A-L4 | B15: CLAUDIO SPERANZA | C15: 48081 | D15: 48081 | E15: 70687 | F15: 70687 | G15: 70687 | H15: 63487 | I15: 63487 | J15: 63487 | K15: 75666 | L15: 75666 | M15: 75666 | N15: 75065 | O15: 75065 | P15: 75065 | Q15: 77343 | R15: 77343 | S15: 77342 | T15: 108896
A16: 0009 1A-L4B | B16: RAFAEL BALTAZAR FLORES/TERESA MI—ONES | C16: 39317 | D16: 39317 | E16: 43926 | F16: 43926 | G16: 43926 | H16: 47321 | I16: 47321 | J16: 47321 | K16: 57367 | L16: 57367 | M16: 57367 | N16: 55946 | O16: 55946 | P16: 55946 | Q16: 65851 | R16: 65851 | S16: 65851 | T16: 89837
A17: 0010 1A-L4C | B17: GERARDO PAZ | C17: 31206 | D17: 31206 | E17: 35269 | F17: 35269 | G17: 35269 | H17: 38505 | I17: 38505 | J17: 39148 | K17: 47618 | L17: 47618 | M17: 47618 | N17: 46694 | O17: 46694 | P17: 46694 | Q17: 54205 | R17: 54205 | S17: 54205 | T17: 85254
A18: 0011 1A-L4D | B18: DANIEL MARGULIES | C18: 31195 | D18: 31195 | E18: 35255 | F18: 35255 | G18: 35255 | H18: 38489 | I18: 38489 | J18: 38489 | K18: 42197 | L18: 42197 | M18: 42197 | N18: 46675 | O18: 46675 | P18: 46675 | Q18: 54176 | R18: 54176 | S18: 54176 | T18: 85221
A19: 0012 1A-L5-2 | B19: Guadalupe Jazmin CHAMS | C19: 33082 | D19: 0 | E19: 74130 | F19: 74130 | G19: 74130 | H19: 38990 | I19: 38990 | J19: 39640 | K19: 46315 | L19: 46315 | M19: 46315 | N19: 46664 | O19: 46664 | P19: 46664 | Q19: 53465 | R19: 53465 | S19: 53465 | T19: 84310
... A39: 0032 1A-L15 | B39: ALFREDO CASTIGLIA | C39: 69272 | D39: 69272 | E39: 74493 | F39: 74493 | G39: 74493 | H39: 78066 | I39: 78066 | J39: 78066 | K39: 82139 | L39: 82139 | M39: 82139 | N39: 87178 | O39: 87178 | P39: 87178 | Q39: 98438 | R39: 98438 | S39: 98438 | T39: 136236
A40: 0033 1A-L15B | B40: BANCO MACRO | C40: 37877 | D40: 37877 | E40: 43772 | F40: 43772 | G40: 43772 | H40: 47543
B41: Ariel Arnoldo Abramovich | I41: 47543 | J41: 47600 | K41: 57350 | L41: 57350 | M41: 57350 | N41: 100422 | O41: 100422 | P41: 100500 | Q41: 82700 | R41: 82700 | S41: 82700 | T41: 103381
A42: 0034 1A-L16 | B42: ARIEL AKERMAN - SEBASTAN JANON | C42: 34625 | D42: 34625 | E42: 39627 | F42: 39627 | G42: 39627 | H42: 43137 | I42: 43137 | J42: 43137 | K42: 47140 | L42: 47140 | M42: 47140 | N42: 52074 | O42: 52074 | P42: 52074 | Q42: 62624 | R42: 62624 | S42: 62624 | T42: 94542
A43: 0035 1A-L16B | B43: Gisela CANIEVSKY | C43: 33214 | D43: 33214 | E43: 37828 | F43: 37828 | G43: 37828 | H43: 41224 | I43: 41224 | J43: 41224 | K43: 45106 | L43: 45106 | M43: 45106 | N43: 49853 | O43: 49853 | P43: 49853 | Q43: 59148 | R43: 59148 | S43: 59148 | T43: 90708
A44: 0036 1A-L17 | B44: RUTA CPC | C44: 85952 | D44: 0 | E44: 140281 | F44: 140281 | G44: 85952 | H44: 111556 | I44: 111556 | J44: 56367 | K44: 120130 | L44: 120130 | M44: 57227 | N44: 132727 | O44: 132727 | P44: 64941 | Q44: 154401 | R44: 154401 | S44: 0 | T44: 290212
A45: 0037 1A-L17B | B45: RUTA CPC | C45: 83403 | D45: 0 | E45: 135481 | F45: 135481 | G45: 83403 | H45: 106839 | I45: 106839 | J45: 54062 | K45: 114887 | L45: 114887 | M45: 54761 | N45: 126803 | O45: 126803 | P45: 62110 | Q45: 145848 | R45: 145848 | S45: 0 | T45: 274628
A46: 0038 1A-L18 | B46: BIAU DANIEL/CRISTALDO MABEL | C46: 33169 | D46: 33169 | E46: 38020 | F46: 38020 | G46: 38020 | H46: 41486 | I46: 41486 | J46: 41488 | K46: 45440 | L46: 45440 | M46: 45440 | N46: 50303 | O46: 50303 | P46: 50303 | Q46: 60367 | R46: 60367 | S46: 60367 | T46: 92146
A47: 0039 1A-L18B | B47: MIGUEL PEREIRA L´PEZ | C47: 2891455 | D47: 0 | E47: 3033124 | F47: 3033124 | G47: 0 | H47: 3181556 | I47: 3181556 | J47: 0 | K47: 3329159 | L47: 3329159 | M47: 0 | N47: 3484333 | O47: 3484333 | P47: 0 | Q47: 3651572 | R47: 3651572 | S47: 0 | T47: 4035620
A48: 0040 1A-L19 | B48: SEBASTIAN LAUSI | C48: 2567206 | D48: 0 | E48: 2695378 | F48: 2695378 | G48: 0 | H48: 2829932 | I48: 2829932 | J48: 0 | K48: 2963730 | L48: 2963730 | M48: 0 | N48: 3104645 | O48: 3104645 | P48: 0 | Q48: 3255619 | R48: 3255619 | S48: 0 | T48: 3603531
A49: 0041 1A-L19B | B49: SEBASTIAN LAUSI | C49: 3074782 | D49: 0 | E49: 3224082 | F49: 3224082 | G49: 0 | H49: 3380361 | I49: 3380361 | J49: 0 | K49: 3535769 | L49: 3535769 | M49: 0 | N49: 3699005 | O49: 3699005 | P49: 0 | Q49: 3875441 | R49: 3875441 | S49: 0 | T49: 4279922
A50: 0042 1A-L19C | B50: SEBASTIAN LAUSI | C50: 2512579 | D50: 0 | E50: 2638484 | F50: 2638484 | G50: 0 | H50: 2770707 | I50: 2770707 | J50: 0 | K50: 2902186 | L50: 2902186 | M50: 0 | N50: 3040707 | O50: 3040707 | P50: 0 | Q50: 3188953 | R50: 3188953 | S50: 0 | T50: 3530794
A51: 0043 1A-L20 | B51: Luis Enrique Landini | C51: 39379 | D51: 77379 | E51: 6008 | F51: 6008 | G51: 6109 | H51: 51387 | I51: 51387 | J51: 51387 | K51: 51295 | L51: 51295 | M51: 51295 | N51: 56049 | O51: 56049 | P51: 56049 | Q51: 65392 | R51: 65392 | S51: 65392 | T51: 96965
A52: 0044 1A-L20B | B52: JAIME CHMEA | C52: 693950 | D52: 0 | E52: 767368 | F52: 767368 | G52: 0 | H52: 847537 | I52: 847537 | J52: 0 | K52: 926831 | L52: 926831 | M52: 0 | N52: 1013690 | O52: 1013690 | P52: 0 | Q52: 1112721 | R52: 1112721 | S52: 0 | T52: 1313283
A53: 0045 1A-L21 | B53: PABLO GARCIA NAVARRO | C53: 41420 | D53: 41420 | E53: 48718 | F53: 48718 | G53: 48718 | H53: 58778 | I53: 58778 | J53: 58778 | K53: 57627 | L53: 57627 | M53: 57627 | N53: 63670 | O53: 63670 | P53: 63670 | Q53: 89561 | R53: 89561 | S53: 89561 | T53: 115709
... A66: 0058 1A-L30 | B66: AGUSTÕN GIMENEZ/FERNANDA ARCURI | C66: 31536 | D66: 31536 | E66: 35893 | F66: 35893 | G66: 35893 | H66: 39214 | I66: 39214 | J66: 39214 | K66: 43015 | L66: 43015 | M66: 43015 | N66: 52342 | O66: 52342 | P66: 52342 | Q66: 63669 | R66: 63669 | S66: 63669 | T66: 93686
A67: 0059 1A-L30B | B67: CAR POINT | C67: 35360 | D67: 35360 | E67: 39966 | F67: 39966 | G67: 39966 | H67: 45590 | I67: 45590 | J67: 45590 | K67: 47764 | L67: 47764 | M67: 0 | N67: 102967
B68: Martin Andres RODE | O68: 102967 | P68: 48523.88 | Q68: 120318 | R68: 120318 | S68: 120318 | T68: 113416
A69: 0060 1A-L31 | B69: FRANCO BORDONI | C69: 39525 | D69: 39545 | E69: 46283 | F69: 46283 | G69: 46283 | H69: 50333 | I69: 50333 | J69: 50362 | K69: 54865 | L69: 54865 | M69: 54900 | N69: 60650 | O69: 60650 | P69: 60650 | Q69: 76987 | R69: 76987 | S69: 77000 | T69: 110539
A70: 0061 1A-L32 | B70: CARLOS ALBERTO MATUK. | C70: 39656 | D70: 39656 | E70: 83378 | F70: 83378 | G70: 0 | H70: 173848 | I70: 173848 | J70: 173848 | K70: 82155 | L70: 82155 | M70: 83525 | N70: 87908 | O70: 87908 | P70: 87908 | Q70: 98230 | R70: 98230 | S70: 98230 | T70: 139374
A71: 0062 1A-L33A | B71: CARLOS ALBERTO MATUK. | C71: 33422 | D71: 33422 | E71: 38349 | F71: 38349 | G71: 0 | H71: 86204 | I71: 86204 | J71: 86204 | K71: 45818 | L71: 45818 | M71: 46582 | N71: 55704 | O71: 55704 | P71: 55704 | Q71: 61029 | R71: 61029 | S71: 61029 | T71: 92879
A72: 0063 1A-L34- A | B72: Emiliano VOLPE | C72: 128524 | D72: 0 | E72: 187801 | F72: 187801 | G72: 0 | H72: 253591 | I72: 253591 | J72: 0 | K72: 326587 | L72: 326587 | M72: 0 | N72: 408304 | O72: 408304 | P72: 389522 | Q72: 79599 | R72: 79599 | S72: 0 | T72: 202262
A73: 0064 1A-L35 | B73: ANDREW CUMMINS | C73: 35345 | D73: 35345 | E73: 39487 | F73: 39487 | G73: 39487 | H73: 43160 | I73: 43160 | J73: 43160 | K73: 47389 | L73: 47389 | M73: 47389 | N73: 52419 | O73: 52419 | P73: 52419 | Q73: 63608 | R73: 63608 | S73: 63608 | T73: 95710
A74: 0065 1A-L35B | B74: ANDREW CUMMINS | C74: 34883 | D74: 34883 | E74: 39956 | F74: 39956 | G74: 39956 | H74: 43487 | I74: 43487 | J74: 43487 | K74: 47512 | L74: 47512 | M74: 47512 | N74: 52480 | O74: 52480 | P74: 52480 | Q74: 63260 | R74: 63260 | S74: 63260 | T74: 95245
A75: 0066 1A-L36 | B75: CARINA MOLOZAJ | C75: 34671 | D75: 0 | E75: 79882 | F75: 79882 | G75: 81153 | H75: 49969 | I75: 49969 | J75: 50737 | K75: 53353 | L75: 53353 | M75: 54203 | N75: 58914 | O75: 58914 | P75: 58914 | Q75: 62738 | R75: 62738 | S75: 63784 | T75: 100232
A76: 0067 1A-L36B | B76: CARINA MOLOZAJ | C76: 33066 | D76: 0 | E76: 75987 | F76: 75987 | G76: 77258 | H76: 47424 | I76: 47424 | J76: 48153 | K76: 50763 | L76: 50763 | M76: 51572 | N76: 56084 | O76: 56084 | P76: 56084 | Q76: 58783 | R76: 58783 | S76: 59763 | T76: 95628
A77: 0068 1A-L37 | B77: FIDEICOMISO VILLA MARIA | C77: 39694 | D77: 39694 | E77: 45731 | F77: 45731 | G77: 45731 | H77: 52097 | I77: 52097 | J77: 52097 | K77: 54476 | L77: 54476 | M77: 55384 | N77: 60262 | O77: 60262 | P77: 60262 | Q77: 74664 | R77: 74664 | S77: 75521.14 | T77: 115310
A78: 0069 1A-L38 | B78: MARTIN PEUSNER | C78: 37219 | D78: 37219 | E78: 42935 | F78: 42935 | G78: 42935 | H78: 46653 | I78: 46653 | J78: 46653 | K78: 50880 | L78: 50880 | M78: 50880 | N78: 56157 | O78: 56157 | P78: 56157 | Q78: 69015 | R78: 69015 | S78: 69015 | T78: 101594
A79: 0070 1A-L39 | B79: DIEGO CARVALHO | C79: 81297 | D79: 0 | E79: 132307 | F79: 132307 | G79: 132307 | H79: 57450 | I79: 57450 | J79: 0 | K79: 115810 | L79: 115810 | M79: 0 | N79: 182759 | O79: 182759 | P79: 115810 | Q79: 147165 | R79: 147165 | S79: 149533 | T79: 124464
A80: 0071 1A-L40 | B80: ADRIAN PYLINSKI | C80: 45158 | D80: 45158 | E80: 51539 | F80: 51539 | G80: 51539 | H80: 55453 | I80: 55453 | J80: 55453 | K80: 59889 | L80: 59889 | M80: 59889 | N80: 65488 | O80: 65488 | P80: 65488 | Q80: 80503 | R80: 80503 | S80: 80503 | T80: 113699
... A90: 0081 1A-L52 | B90: FEDERICO COLUCCI | C90: 37443 | D90: 37443 | E90: 50233 | F90: 50233 | G90: 50250 | H90: 49254 | I90: 49254 | J90: 49254 | K90: 53750 | L90: 53750 | M90: 53750 | N90: 67874 | O90: 67874 | P90: 67900 | Q90: 74837 | R90: 74837 | S90: 74837 | T90: 115817
A91: 0082 1A-L53 | B91: PABLO LIJTZTAIM | C91: 30118 | D91: 30118 | E91: 33882 | F91: 33882 | G91: 33882 | H91: 37029 | I91: 37029 | J91: 37029 | K91: 40644
B92: SERGIO ELBIO CANTON | L92: 40644 | M92: 40644 | N92: 51799 | O92: 51799 | P92: 51971 | Q92: 51351 | R92: 51351 | S92: 52207 | T92: 81438
A93: 0083 1A-L53B | B93: SAMANTHA WAHNON | C93: 72085 | D93: 0 | E93: 112468 | F93: 112468 | G93: 0 | H93: 158128 | I93: 158128 | J93: 0 | K93: 209766 | L93: 209766 | M93: 80000 | N93: 186532 | O93: 186532 | P93: 0 | Q93: 251398 | R93: 251398 | S93: 251398 | T93: 90543
A94: 0084 1A-L54 | B94: GEORGETTE HANNA - SANTIAGO VILARO | C94: 33880 | D94: 33880 | E94: 38829 | F94: 38829 | G94: 38829 | H94: 42128
B95: Hugo Gaston RONDA | I95: 42128 | J95: 42128 | K95: 50518 | L95: 50518 | M95: 50518 | N95: 56666 | O95: 56666 | P95: 56666 | Q95: 60789 | R95: 60789 | S95: 60789 | T95: 92518
A96: 0085 1A- L55-1 | B96: FIDEICOMISO VILLA MARIA | C96: 31579 | D96: 31579 | E96: 35210 | F96: 35210 | G96: 35210 | H96: 51543 | I96: 51543 | J96: 51543 | K96: 42465 | L96: 42465 | M96: 43173 | N96: 47070 | O96: 47070 | P96: 47070 | Q96: 53919 | R96: 53919 | S96: 54776.14 | T96: 89950
A97: 0086 1A-L56 | B97: FIDEICOMISO VILLA MARIA | C97: 43304 | D97: 43304 | E97: 50363 | F97: 50363 | G97: 50363 | H97: 57285 | I97: 57285 | J97: 57285 | K97: 59784 | L97: 59784 | M97: 60781 | N97: 66096 | O97: 66096 | P97: 66096 | Q97: 83857 | R97: 83857 | S97: 84714.14 | T97: 126554
A98: 0087 1A-L57 | B98: Hugo Gaston RONDA | F98: 38690 | G98: 38690 | H98: 42140 | I98: 42140 | J98: 42140 | K98: 47579 | L98: 47579 | M98: 47579 | N98: 56629 | O98: 56629 | P98: 56629 | Q98: 60801 | R98: 60801 | S98: 60801 | T98: 99475
B99: PABLO LIJTZTAIM | C99: 33892 | D99: 33892 | E99: 38690
A100: 0088 1A-L58 | B100: SAMANTHA WAHNON | C100: 79937 | D100: 0 | E100: 125360 | F100: 125360 | G100: 0 | H100: 182260 | I100: 182260 | J100: 0 | K100: 246624 | L100: 246624 | M100: 80000 | N100: 231250 | O100: 231250 | P100: 0 | Q100: 307927 | R100: 307927 | S100: 307927 | T100: 124741
A101: 0089 1A-L59 | B101: DIEGO CARVALHO | C101: 75652 | D101: 0 | E101: 125488 | F101: 125488 | G101: 125488 | H101: 56171 | I101: 56171 | J101: 0 | K101: 113454 | L101: 113454 | M101: 0 | N101: 179179 | O101: 179179 | P101: 113454 | Q101: 144126 | R101: 144126 | S101: 146445 | T101: 122229
A102: 0090 1A-L59B | B102: EUGENIA GIBBONS | C102: 3739029 | D102: 0 | E102: 3916840 | F102: 3916840 | G102: 0 | H102: 4102180 | I102: 4102180 | J102: 0 | K102: 4286544 | L102: 4286544 | M102: 0 | N102: 4479390 | O102: 4479390 | P102: 0 | Q102: 4688325 | R102: 4688325 | S102: 0 | T102: 5169353
A103: 0091 1A-L60 | B103: SAN EMILIO SCA | C103: 33839 | D103: 33839 | E103: 38625 | F103: 38625 | G103: 39269 | H103: 46114 | I103: 46114 | J103: 46872 | K103: 50454 | L103: 50454 | M103: 50454 | N103: 50837 | O103: 50837 | P103: 50837 | Q103: 60688 | R103: 60688 | S103: 60688 | T103: 92407
A104: 0092 1A-L61 | B104: Ruth Marina Martini | C104: 36654 | D104: 36654 | E104: 38656 | F104: 38656 | G104: 39301 | H104: 46150 | I104: 46150 | J104: 46150 | K104: 46043 | L104: 46043 | M104: 46043 | N104: 50876 | O104: 50876 | P104: 50876 | Q104: 60749 | R104: 60749 | S104: 61762 | T104: 97917
A105: 0093 1A-L62 | B105: OSCAR BAREIRO | C105: 34119 | D105: 34119 | E105: 38981 | F105: 38981 | G105: 38981 | H105: 42451 | I105: 42451 | J105: 43159 | K105: 52305 | L105: 52305 | M105: 52305 | N105: 51277 | O105: 51277 | P105: 51277 | Q105: 61377 | R105: 61377 | S105: 62400 | T105: 98648
A106: 0094 1A-L63 | B106: PABLO GARCIA NAVARRO | C106: 33448 | D106: 33448 | E106: 38126 | F106: 38126 | G106: 38126 | H106: 46176 | I106: 46176 | J106: 46176 | K106: 45444 | L106: 45444 | M106: 45444 | N106: 50221 | O106: 50221 | P106: 50221 | Q106: 65963 | R106: 65963 | S106: 65963 | T106: 91345
A107: 0095 1A-L64 | B107: PODRZAJ - PODRZAJ | C107: 34731 | D107: 34731 | E107: 39763 | F107: 39763 | G107: 40426 | H107: 47422 | I107: 47422 | J107: 47422 | K107: 47294 | L107: 47294 | M107: 47294 | N107: 52241 | O107: 52241 | P107: 52241 | Q107: 62886 | R107: 62886 | S107: 62886 | T107: 94832
A108: 0096 1A-L65 | B108: RUTA CPC | C108: 75772 | D108: 0 | E108: 122687 | F108: 122687 | G108: 75772 | H108: 96315 | I108: 96315 | J108: 48716 | K108: 103754 | L108: 103754 | M108: 49400 | N108: 114708 | O108: 114708 | P108: 56155 | Q108: 130211 | R108: 130211 | S108: 0 | T108: 246957
A109: 0097 1B-L1 | B109: JORGE TABOADA | C109: 31511 | D109: 0 | E109: 72214 | F109: 72214 | G109: 72214 | H109: 46230 | I109: 46230 | J109: 46230 | K109: 42652 | L109: 42652 | M109: 43363 | N109: 51773 | O109: 51773 | P109: 51773 | Q109: 60914 | R109: 60914 | S109: 60914 | T109: 86081
A110: 0098 1B-L2 | B110: Jorge Delaportas | C110: 38446 | D110: 38000 | E110: 42156 | F110: 42156 | G110: 42156 | H110: 39719 | I110: 39719 | J110: 0 | K110: 89443 | L110: 89443 | M110: 89443 | N110: 52786 | O110: 52786 | P110: 53666 | Q110: 61610 | R110: 61610 | S110: 61610 | T110: 93881
A111: 0099 1B-L3 | B111: MARCIAL CARBALLAL | C111: 2950721 | D111: 0 | E111: 3095454 | F111: 3095454 | G111: 0 | H111: 3246831 | I111: 3246831 | J111: 0 | K111: 3397402 | L111: 3397402 | M111: 0 | N111: 3555401 | O111: 3555401 | P111: 0 | Q111: 3724834 | R111: 3724834 | S111: 0 | T111: 4117253
... A208: 0196 1F-L36 | B208: PABLO GARCIA NAVARRO | C208: 31980 | D208: 31980 | E208: 36256 | F208: 36256 | G208: 36256 | H208: 43991 | I208: 43991 | J208: 43991 | K208: 43328 | L208: 43328 | M208: 43328 | N208: 47911 | O208: 47911 | P208: 47911 | Q208: 62086 | R208: 62086 | S208: 62086 | T208: 87355
A209: 0197 1F-L37 | B209: CESAR MOLINA | C209: 2158595 | D209: 0 | E209: 2266558 | O209: 0 | P209: 0 | Q209: 51440 | R209: 51440 | S209: 0 | T209: 152551
A210: 0198 1F-L38 | B210: RUTA CPC | C210: 71538 | D210: 0 | E210: 115586 | F210: 115586 | G210: 71538 | H210: 90471 | I210: 90471 | J210: 45749 | K210: 97571 | L210: 97571 | M210: 46423 | N210: 107992 | O210: 107992 | P210: 52849 | Q210: 121527 | R210: 121527 | S210: 0 | T210: 231590
A211: 0199 1F-L39 | B211: RUTA CPC | C211: 71609 | D211: 0 | E211: 115705 | F211: 115705 | G211: 71609 | H211: 90569 | I211: 90569 | J211: 45798 | K211: 97675 | L211: 97675 | M211: 46473 | N211: 108105 | O211: 108105 | P211: 52904 | Q211: 121674 | R211: 121674 | S211: 0 | T211: 231850
A212: 0200 1F-L40 | B212: CLAUDIO VICENTE LOPEZ | C212: 1789401 | D212: 0 | E212: 1898272 | F212: 1898272 | G212: 0 | H212: 2013877 | I212: 2013877 | J212: 0 | K212: 2128658 | L212: 2128658 | M212: 0 | N212: 2250975 | O212: 2250975 | P212: 0 | Q212: 2385203 | R212: 2385203 | S212: 0 | T212: 2680720
A213: 0201 1F-L41 | B213: EDUARDO JORD£ | C213: 35058 | D213: 35060 | E213: 71792 | F213: 71792 | G213: 71800 | H213: 63957 | I213: 63957 | J213: 63957 | K213: 63538 | L213: 63538 | M213: 63600 | N213: 68314 | O213: 68314 | P213: 68500 | Q213: 84291 | R213: 84291 | S213: 84291 | T213: 108299
A214: 0202 1F-L42 | B214: SEBASTIAN TORRILLAS | C214: 32019 | D214: 32019 | E214: 36330 | F214: 36330 | G214: 36700 | H214: 39262 | I214: 39262 | J214: 39300 | K214: 43374 | L214: 43374 | M214: 43400 | N214: 47977 | O214: 47977 | P214: 48000 | Q214: 56230 | R214: 56230 | S214: 56300 | T214: 87443
A215: 0203 1F-L43 | B215: ELSA MUSTICHIO | C215: 32048 | D215: 32081 | E215: 36344 | F215: 36344 | G215: 0 | H215: 81687 | I215: 81687 | J215: 0 | K215: 133375 | L215: 133375 | M215: 0 | N215: 192491 | O215: 192491 | P215: 0 | Q215: 263041 | R215: 263041 | S215: 0 | T215: 388476
A216: 0204 1F-L44 | B216: HELENA CROUZEL | C216: 32578 | D216: 32572 | E216: 37017 | F216: 37017 | G216: 31300 | H216: 46365 | I216: 46365 | J216: 46365 | K216: 44189 | L216: 44189 | M216: 44189 | N216: 48851 | O216: 48851 | P216: 48851 | Q216: 63663 | R216: 63663 | S216: 63663 | T216: 94226
A217: 0205 1G-L1 | B217: HERNAN DE LAURENTE | C217: 39503 | D217: 39503 | E217: 45180 | F217: 45180 | G217: 45180 | H217: 51405 | I217: 51405 | J217: 51405 | K217: 53688 | L217: 53688 | M217: 0 | N217: 115662 | O217: 115662 | P217: 0 | Q217: 192863 | R217: 192863 | S217: 0 | T217: 321551
A218: 0206 1G-L2 | B218: BAUTISTA HEGUY | C218: 35405 | D218: 35405 | E218: 40621 | F218: 40621 | G218: 0 | H218: 91063 | I218: 91063 | J218: 92547 | K218: 52903 | L218: 52903 | M218: 53760 | N218: 58432 | O218: 58432 | P218: 58432 | Q218: 64546 | R218: 64546 | S218: 65622 | T218: 102338
A219: 0207 1G-L3 | B219: ARMANDO RIBAS | C219: 547553 | D219: 0 | E219: 612891 | F219: 612891 | G219: 0 | H219: 684383 | I219: 684383 | J219: 0 | K219: 762797 | L219: 762797 | M219: 0 | N219: 849397 | O219: 849397 | P219: 0 | Q219: 950781 | R219: 950781 | S219: 0 | T219: 1146481
A220: 0208 1G-L4 | B220: PAUL DOCHERTY | C220: 32025 | D220: 32025 | E220: 36313 | F220: 36313 | G220: 36313 | H220: 39613 | I220: 39613 | J220: 129613 | K220: -46607.94 | L220: -46607.94 | M220: 0 | N220: 6044 | O220: 6044 | P220: 0 | Q220: 67751 | R220: 67751 | S220: 67816 | T220: 87412
A221: 0209 1G-L5 | B221: DAMIAN LOPO | C221: 1040346 | D221: 123765 | E221: 66150 | F221: 66150 | G221: 66150 | H221: 69829 | I221: 69829 | J221: 69829 | K221: 74059 | L221: 74059 | M221: 74059 | N221: 79196 | O221: 79196 | P221: 79196 | Q221: 88569 | R221: 88569 | S221: 0 | T221: 1079769
... A245: 0233 1L-L2 | B245: Nancy Beatriz Esquivel | C245: 29788 | D245: 26693 | E245: 29577 | F245: 29577 | G245: 29577 | H245: 32468 | I245: 32468 | J245: 32468 | K245: 35809 | L245: 35809 | M245: 35809 | N245: 39722 | O245: 39722 | P245: 40000 | Q245: 43134 | R245: 43134 | S245: 43134 | T245: 73366
A246: 0234 1L-L3 | B246: ANABELA DONADEO | C246: 27000 | D246: 27000 | E246: 29908 | F246: 29908 | G246: 29908 | H246: 32804 | I246: 32804 | J246: 32804 | K246: 36150 | L246: 36150 | M246: 41150 | N246: 35073 | O246: 35073 | P246: 35073 | Q246: 43844
B247: IGNACIO MANUEL KORNZAFT | R247: 43844 | S247: 87688 | T247: 29978
A248: 0235 1L-L4 | B248: Jonathan Alex DERMAN ; Cynthia Carolina BASSO | C248: 28591 | D248: 28591 | E248: 30024 | F248: 30024 | G248: 30024 | H248: 32928 | I248: 32928 | J248: 32928 | K248: 36282 | L248: 36282 | M248: 36282 | N248: 40216 | O248: 40216 | P248: 40216 | Q248: 44067 | R248: 44067 | S248: 44067 | T248: 74068
A249: 0236 1L-L5 | B249: DANIEL MANZINI | C249: 41307 | D249: 41307 | E249: 44331 | F249: 44331 | G249: 44581 | H249: 46871 | I249: 46871 | J249: 47020 | K249: 50631 | L249: 50631 | M249: 50831 | N249: 54136 | O249: 54136 | P249: 54136 | Q249: 56955
B250: SEBASTIAN NICOLAS DE SIMONE/NATALIA AGUSTINA OBANDO | R250: 56955 | S250: 76254 | T250: 67579
A251: 0237 1L-L6 | B251: JULI£N DE VITO | C251: 26756 | D251: 26756 | E251: 29664 | F251: 29664 | G251: 29664 | H251: 32560 | I251: 32560 | J251: 32560 | K251: 35907 | L251: 35907 | M251: 35907 | N251: 39829 | O251: 39829 | P251: 39829 | Q251: 43600 | R251: 43600 | S251: 43600 | T251: 73578
A252: 0238 1L-L7 | B252: PABLO MARTÌN | C252: 29804 | D252: 29804 | E252: 29961 | F252: 29961 | G252: 29961 | H252: 37641 | I252: 37641 | J252: 38244 | K252: 39821 | L252: 39821 | M252: 0 | N252: 85944 | O252: 85944 | P252: 85944 | Q252: 49778 | R252: 49778 | S252: 50585 | T252: 84075
A253: 0239 1L-L8 | B253: BEATRIZ COSTA | C253: 27202 | D253: 27202 | E253: 30166 | F253: 30166 | G253: 30166 | H253: 33079 | I253: 33079 | J253: 33079 | K253: 36442 | L253: 36442 | M253: 36442 | N253: 40392 | O253: 40392 | P253: 40392 | Q253: 44342 | R253: 44342 | S253: 44342 | T253: 74371
A254: 0240 1L-L9 | B254: PAULA VAZQUEZ | C254: 27443 | D254: 27843 | E254: 33526 | F254: 33526 | G254: 0 | H254: 71935 | I254: 71935 | J254: 0 | K254: 115898 | L254: 115898 | M254: 115898 | N254: 44820 | O254: 44820 | P254: 45567 | Q254: 49431 | R254: 49431 | S254: 0 | T254: 135610
A255: 0241 1L-L10 | B255: LAURA HERMIDA | C255: 27539 | D255: 27953 | E255: 33779 | F255: 33779 | G255: 33779 | H255: 33650 | I255: 33650 | J255: 33650 | K255: 37070 | L255: 37070 | M255: 37070 | N255: 41107 | O255: 41107 | P255: 41107 | Q255: 45646 | R255: 45646 | S255: 45646 | T255: 75843
A256: 0242 1L-L11 | B256: Stuto Melisa/Bosso Matías Leonel | C256: 28196 | D256: 28196 | E256: 31433 | F256: 31433 | G256: 31957 | H256: 37838 | I256: 37838 | J256: 38460 | K256: 62128 | L256: 62128 | M256: 63154 | N256: 66607 | O256: 66607 | P256: 67701 | Q256: 50612 | R256: 50612 | S256: 50612 | T256: 77074
A257: 0243 1L-L12 | B257: Ramirez Silvia Patricia | C257: 35281 | D257: 35281 | E257: 38558 | F257: 38558 | G257: 0 | H257: 91055 | I257: 91055 | J257: 91055 | K257: 45023 | L257: 45023 | M257: 45023 | N257: 49123 | O257: 49123 | P257: 49123 | Q257: 54082 | R257: 54082 | S257: 54082 | T257: 85302
A258: 0244 1L-L13 | B258: JOSE SANTOS RETAMOZO CACERES | C258: 28556 | D258: 28556 | E258: 31890 | F258: 31890 | G258: 31890 | H258: 34911 | I258: 34911 | J258: 34911 | K258: 38392 | L258: 38392 | M258: 38392 | N258: 42521 | O258: 42521 | P258: 42521 | Q258: 47674 | R258: 47674 | S258: 47674 | T258: 78047
A259: 0245 1L-L14 | B259: Maria Itari Muzzapappa / Santiago Carballo | C259: 35088 | D259: 35088 | E259: 38310 | F259: 38310 | G259: 38949 | H259: 44704 | I259: 44704 | J259: 45439 | K259: 48490 | L259: 48490 | M259: 48490 | N259: 48817 | O259: 48817 | P259: 48817 | Q259: 53605 | R259: 53605 | S259: 53605 | T259: 83874
A260: 0246 1L-L15 | B260: Balaza Luz Marisol / Fernando Eduardo Galdos | C260: 34784 | D260: 34784 | E260: 37923 | F260: 37923 | G260: 0 | H260: 84077 | I260: 84077 | J260: 84077 | K260: 44305 | L260: 44305 | M260: 44305 | N260: 48338 | O260: 48338 | P260: 49144 | Q260: 57408 | R260: 57408 | S260: 57408 | T260: 76102
A261: 0247 1L-L16 | B261: DANIELA PEREYRA | C261: 145336 | D261: 45000 | E261: 146839 | F261: 146839 | G261: 0 | H261: 203592 | I261: 203592 | J261: 100000 | K261: 156605 | L261: 156605 | M261: 100000 | N261: 116420 | O261: 116420 | P261: 185000 | Q261: -6030.88 | R261: -6030.88 | S261: 0 | T261: 88765
A262: 0248 1L-L17 | B262: Gustavo Alberto Ramon GONZALEZ | C262: 30349 | D262: 30349 | E262: 30596 | F262: 30596 | G262: 30596 | H262: 33535 | I262: 33535 | J262: 33535 | K262: 36928 | L262: 36928 | M262: 36928 | N262: 40921 | O262: 40921 | P262: 40921 | Q262: 45171 | R262: 45171 | S262: 45171 | T262: 75286
... A621: 0608 1D02 | B621: GUY MERISON | C621: 44670 | D621: 44670 | E621: 45631 | F621: 45631 | G621: 0 | H621: 101185 | I621: 101185 | J621: 101185 | K621: 65479 | L621: 65479 | M621: 65479 | N621: 71721 | O621: 71721 | P621: 71721 | Q621: 83786 | R621: 83786 | S621: 83786 | T621: 100571
...

Sheet ANALISIS GASTOS VS COBRANZAS
A1: EXPENSAS VILLA MARIA - ANALISIS DE GASTOS DISTRIBUIDOS VS PAGOS RECIBIDOS
A3: DETALLE DE GASTOS DISTRIBUIDOS POR LOTE
A4: Months (Periodo expensas) | B4: Sum of Expensa A | C4: Sum of Expensa B | D4: Sum of Corte de Pasto | E4: Sum of Arba en revalúo | F4: Sum of Arba form. | G4: Sum of Previsión por mora | H4: Sum of Otros Gastos | I4: Sum of TOTAL | P4: Total Gastos distribuidos | Q4: Total Gastos s/detalle | R4: Diferencia
A5: Jan | B5: 17930791 | C5: 4489911.8 | D5: 294143.09 | E5: 729876.28 | F5: 392612.5 | H5: 556481.99 | I5: 1.9812678e+08 | P5: =SUM(B5:H5) -> 24393817 | Q5: ='[1]RESUMEN (2)'!$E$9+'[1]RESUMEN (2)'!$E$10 -> 18506799 | R5: =P5-Q5 -> 5887017.5
A6: Feb | B6: 19691587 | C6: 4929134.6 | D6: 293060.69 | E6: 655397.24 | F6: 269292.88 | H6: 788774.49 | I6: 2.0776356e+08 | P6: =SUM(B6:H6) -> 26627247 | Q6: ='[1]RESUMEN (2)'!$H$9+'[1]RESUMEN (2)'!$H$10 -> 19949932 | R6: =P6-Q6 -> 6677315
A7: Mar | B7: 21778897 | C7: 5451622.9 | D7: 293060.69 | E7: 543219.03 | F7: 222357.16 | H7: 229036.88 | I7: 2.1843189e+08 | P7: =SUM(B7:H7) -> 28518194 | Q7: ='[1]RESUMEN (2)'!$K$9+'[1]RESUMEN (2)'!$K$10 -> 28238114 | R7: =P7-Q7 -> 280079.6
A8: Apr | B8: 24174574 | C8: 6035163.4 | D8: 292485.89 | E8: 540686.37 | F8: 224331.37 | H8: 163413.59 | I8: 2.3390367e+08 | P8: =SUM(B8:H8) -> 31430655 | Q8: ='[1]RESUMEN (2)'!$N$9+'[1]RESUMEN (2)'!$N$10 -> 32231329 | R8: =P8-Q8 -> -800673.92
A9: May | B9: 25355131 | C9: 4035451.6 | D9: 293252.69 | E9: 542801.04 | F9: 222357.16 | G9: 5713295.9 | H9: 79479 | I9: 2.5101042e+08 | P9: =SUM(B9:H9) -> 36241769 | Q9: ='[1]RESUMEN (2)'!$Q$9+'[1]RESUMEN (2)'!$Q$10 -> 36168170 | R9: =P9-Q9 -> 73599.054
A10: Jun | B10: 43260004 | C10: 10803574 | D10: 293252.69 | E10: 542801.04 | F10: 222357.16 | H10: 54601.32 | I10: 2.8470957e+08 | P10: =SUM(B10:H10) -> 55176590 | Q10: ='[1]RESUMEN (2)'!$U$9+'[1]RESUMEN (2)'!$U$10 -> 55135050 | R10: =P10-Q10 -> 41540.11
A11: Jul | B11: 38449399 | C11: 9602193.3 | D11: 293252.69 | E11: 542801.04 | F11: 222357.38 | H11: -1085745.5 | I11: 3.1707151e+08 | P11: =SUM(B11:H11) -> 48024258 | Q11: =40510633.63+8435701.39 -> 48946335 | R11: =P11-Q11 -> -922077.11
A12: Grand Total | B12: 1.9064038e+08 | C12: 45347051 | D12: 2052508.4 | E12: 4097582 | F12: 1775665.6 | G12: 5713295.9 | H12: 786041.76 | I12: 1.7110174e+09 | P12: =SUM(P5:P10) -> 2.0238827e+08 | Q12: =SUM(Q5:Q10) -> 1.9022939e+08 | R12: =SUM(R5:R10) -> 12158877
A13: PAGOS RECIBIDOS
A14: Months (Periodo expensas) | B14: Sum of Pagos Recibidos | C14: Pagos recibidos vs. Gastos distribuidos
A15: Jan | B15: 14094494
A16: Feb | B16: 20317279 | C16: =GETPIVOTDATA("Pagos Recibidos",$A$14,"Months (Periodo expensas)",2)-P5 -> -4076537.7
A17: Mar | B17: 23740641 | C17: =GETPIVOTDATA("Pagos Recibidos",$A$14,"Months (Periodo expensas)",3)-P6 -> -2886606.2
A18: Apr | B18: 22478362 | C18: =GETPIVOTDATA("Pagos Recibidos",$A$14,"Months (Periodo expensas)",4)-P7 -> -6039831.8
A19: May | B19: 25428841 | C19: =GETPIVOTDATA("Pagos Recibidos",$A$14,"Months (Periodo expensas)",5)-P8 -> -6001814.5
A20: Jun | B20: 35985023 | C20: =GETPIVOTDATA("Pagos Recibidos",$A$14,"Months (Periodo expensas)",6)-P9 -> -256745.37 | E20: cobranzas s/movimiento de cuentas
A21: Jul | B21: 36204591 | C21: =GETPIVOTDATA("Pagos Recibidos",$A$14,"Months (Periodo expensas)",7)-P10 -> -18971999 | E21: 30244215 | F21: =E21-GETPIVOTDATA("Pagos Recibidos",$A$14,"Months (Periodo expensas)",7) -> -5960375.9
A22: Grand Total | B22: 1.7824923e+08 | C22: =SUM(C16:C21) -> -38233535
A23: DEUDA + INTERESES
A24: Months (Periodo expensas) | B24: Sum of Deuda | C24: Sum of Interés | D24: Sum of DEUDA TOTAL | F24: DEUDA + INTERESES S/ ESTADO PATRIMONIAL
A25: Jan | B25: 1.1920961e+08 | C25: 8586066.9 | D25: 1.2779567e+08 | F25: 1.7414995e+08
A26: Feb | B26: 1.226333e+08 | C26: 10061183 | D26: 1.3269448e+08 | F26: 1.8144753e+08
A27: Mar | B27: 1.2725491e+08 | C27: 11283517 | D27: 1.3853843e+08 | F27: 1.9142611e+08
A28: Apr | B28: 1.3379337e+08 | C28: 12671291 | D28: 1.4646467e+08 | F28: 2.0379415e+08
A29: May | B29: 1.4005854e+08 | C29: 14353804 | D29: 1.5441234e+08 | F29: 2.1566577e+08
A30: Jun | B30: 1.4145312e+08 | C30: 21190411 | D30: 1.6264353e+08 | F30: 2.3063408e+08
A31: Jul | B31: 1.6030623e+08 | C31: 28705918 | D31: 1.8901214e+08 | F31: 2.6960352e+08
C33: 1.0929729e+08
C34: =+C33-GETPIVOTDATA("Sum of Interés",$A$24,"Months (Periodo expensas)",7) -> 80591372

Sheet YTD RAW DATA
A1: EXPENSAS VILLA MARIA - DETALLE DE ESTADOS DE CUENTA Y PRORRATEO DE GASTOS
A3: U.F. Lote | B3: Propietario | C3: Saldo Anterior | D3: Pagos Recibidos | E3: Deuda | F3: Interés | G3: Disponible | H3: Expensa A | I3: Expensa B | J3: Corte de Pasto | K3: Arba en revalúo | L3: Arba form. 903 | M3: Previsión por mora | N3: Otros Gastos | O3: Redon. | P3: TOTAL | Q3: Periodo expensas | R3: Nombre propietario
A4: 0001 1A-L1 | B4: GRACIELA PRIORI (1) | C4: 32641 | D4: 32641 | E4: 0 | F4: 0 | G4: 0 | H4: 29346.63 | I4: 8974.37 | J4: 772.8 | K4: 1588.87 | L4: 0 | N4: -3585 | O4: 0.33 | P4: 37098 | Q4: 44927 | R4: GRACIELA PRIORI
A5: 0002 1A-L1B | B5: GRACIELA PRIORI (1) | C5: 32687 | D5: 32687 | E5: 0 | F5: 0 | G5: 0 | H5: 29346.63 | I5: 9023.68 | J5: 778.8 | K5: 1598.12 | L5: 0 | N5: -3590 | O5: 0.77 | P5: 37158 | Q5: 44927 | R5: GRACIELA PRIORI
A6: 0003 1A-L2 | B6: MIGUEL SOSTRES (1) | C6: 32816 | D6: 32816 | E6: 0 | F6: 0 | G6: 0 | H6: 29346.63 | I6: 9162.64 | J6: 790.8 | K6: 1622.17 | L6: 0 | N6: -3603 | O6: 0.76 | P6: 37320 | Q6: 44927 | R6: MIGUEL SOSTRES
A7: 0004 1A-L2B | B7: TRISTAN BRIANO (1) | C7: 30676 | D7: 30676 | E7: 0 | F7: 0 | G7: 0 | H7: 29346.63 | I7: 6831.64 | J7: 589.2 | K7: 1210.15 | L7: 0 | N7: -3384 | O7: 0.38 | P7: 34594 | Q7: 44927 | R7: TRISTAN BRIANO
A8: 0005 1A-L2C | B8: TRISTAN BRIANO (1) | C8: 30706 | D8: 30706 | E8: 0 | F8: 0 | G8: 0 | H8: 29346.63 | I8: 6863.02 | J8: 592.8 | K8: 1215.24 | L8: 0 | N8: -3387 | O8: 0.31 | P8: 34631 | Q8: 44927 | R8: TRISTAN BRIANO
A9: 0006 1A-L3 | B9: Esteban Marcelo CHAMS (1) | C9: 30458 | D9: 30458 | E9: 0 | F9: 0 | G9: 0 | H9: 29346.63 | I9: 6594.05 | J9: 568.8 | K9: 1168.07 | L9: 0 | N9: -3362 | O9: 0.45 | P9: 34316 | Q9: 44927 | R9: Esteban Marcelo CHAMS
A10: 0007 1A-L3B | B10: CARLOS RENE RODRIGUEZ (1) | C10: 33485 | D10: 33485 | E10: 0 | F10: 0 | G10: 0 | H10: 29346.63 | I10: 6535.78 | J10: 565.2 | K10: 1157.44 | L10: 0 | N10: -3356 | O10: 0.95 | P10: 34250 | Q10: 44927 | R10: CARLOS RENE RODRIGUEZ
A11: 0008 1A-L4 | B11: CLAUDIO SPERANZA (1) | C11: 48081 | D11: 48081 | E11: 0 | F11: 0 | G11: 0 | H11: 29346.63 | I11: 9561.6 | J11: 0 | K11: 1692.92 | L11: 33725.41 | N11: -3640 | O11: 0.44 | P11: 70687 | Q11: 44927 | R11: CLAUDIO SPERANZA
A12: 0009 1A-L4B | B12: RAFAEL BALTAZAR FLORES/TERESA MI—ONES (1) | C12: 39317 | D12: 39317 | E12: 0 | F12: 0 | G12: 0 | H12: 29346.63 | I12: 9579.53 | J12: 0 | K12: 1696.15 | L12: 0 | N12: 3303 | O12: 0.69 | P12: 43926 | Q12: 44927 | R12: RAFAEL BALTAZAR FLORES/TERESA MI—ONES
A13: 0010 1A-L4C | B13: GERARDO PAZ (1) | C13: 31206 | D13: 31206 | E13: 0 | F13: 0 | G13: 0 | H13: 29346.63 | I13: 7409.91 | J13: 638.4 | K13: 1311.88 | L13: 0 | N13: -3438 | O13: 0.18 | P13: 35269 | Q13: 44927 | R13: GERARDO PAZ
A14: 0011 1A-L4D | B14: DANIEL MARGULIES (1) | C14: 31195 | D14: 31195 | E14: 0 | F14: 0 | G14: 0 | H14: 29346.63 | I14: 7396.46 | J14: 638.4 | K14: 1309.57 | L14: 0 | N14: -3437 | O14: 0.94 | P14: 35255 | Q14: 44927 | R14: DANIEL MARGULIES
A15: 0012 1A-L5-2 | B15: Guadalupe Jazmin CHAMS | C15: 33082 | D15: 0 | E15: 33082 | F15: 1654.1 | G15: 0 | H15: 29346.63 | I15: 6535.78 | J15: 162 | K15: 3349.3 | L15: 0 | N15: 0 | O15: 0.19 | P15: 74130 | Q15: 44927 | R15: Guadalupe Jazmin CHAMS
... A34: 0031 1A-L14B | B34: ROBERTO MARINHO | C34: 39225 | D34: 39225 | E34: 0 | F34: 0 | G34: 0 | H34: 29346.63 | I34: 12255.71 | J34: 1057.2 | K34: 2170.13 | L34: 0 | N34: 0 | O34: 0.33 | P34: 44830 | Q34: 44927 | R34: ROBERTO MARINHO
A35: 0032 1A-L15 | B35: ALFREDO CASTIGLIA (1) | C35: 69272 | D35: 69272 | E35: Plan de Pago | F35: Plan de Pago | G35: 0 | H35: 29346.63 | I35: 12004.67 | J35: 1034.4 | K35: 2125.74 | L35: 0 | N35: 29981.03 | O35: 0.53 | P35: 74493 | Q35: 44927 | R35: ALFREDO CASTIGLIA
A36: 0033 1A-L15B | B36: BANCO MACRO (1) | C36: 37877 | D36: 37877 | E36: 0 | F36: 0 | G36: 0 | H36: 29346.63 | I36: 14680.85 | J36: 1266 | K36: 2599.72 | L36: 0 | N36: -4122 | O36: 0.8 | P36: 43772 | Q36: 44927 | R36: BANCO MACRO
A37: 0034 1A-L16 | B37: ARIEL AKERMAN - SEBASTAN JANON (1) | C37: 34625 | D37: 34625 | E37: 0 | F37: 0 | G37: 0 | H37: 29346.63 | I37: 11135.03 | J37: 961.2 | K37: 1971.76 | L37: 0 | N37: -3788 | O37: 0.38 | P37: 39627 | Q37: 44927 | R37: ARIEL AKERMAN - SEBASTAN JANON
A38: 0035 1A-L16B | B38: Gisela CANIEVSKY (1) | C38: 33214 | D38: 33214 | E38: 0 | F38: 0 | G38: 0 | H38: 29346.63 | I38: 9597.46 | J38: 828 | K38: 1699.39 | L38: 0 | N38: -3644 | O38: 0.52 | P38: 37828 | Q38: 44927 | R38: Gisela CANIEVSKY
A39: 0036 1A-L17 | B39: RUTA CPC | C39: 85952 | D39: 0 | E39: 83914.18 | F39: 6233.53 | G39: 0 | H39: 29346.63 | I39: 17531.84 | J39: 150 | K39: 3104.68 | L39: 0 | N39: 0 | O39: 0.14 | P39: 140281 | Q39: 44927 | R39: RUTA CPC
A40: 0037 1A-L17B | B40: RUTA CPC | C40: 83403 | D40: 0 | E40: 81419.48 | F40: 6054.49 | G40: 0 | H40: 29346.63 | I40: 14770.5 | J40: 1274.4 | K40: 2615.44 | L40: 0 | N40: 0 | O40: 0.06 | P40: 135481 | Q40: 44927 | R40: RUTA CPC
A41: 0038 1A-L18 | B41: BIAU DANIEL/CRISTALDO MABEL (1) | C41: 33169 | D41: 33169 | E41: 0 | F41: 0 | G41: 0 | H41: 29346.63 | I41: 10538.83 | J41: 0 | K41: 1865.86 | L41: 0 | N41: -3732 | O41: 0.68 | P41: 38020 | Q41: 44927 | R41: BIAU DANIEL/CRISTALDO MABEL
A42: 0039 1A-L18B | B42: MIGUEL PEREIRA L´PEZ (1) | C42: 2891455 | D42: 0 | E42: 1878350.6 | F42: En Abogados | G42: 0 | H42: 29346.63 | I42: 9050.57 | J42: 781.2 | K42: 1602.75 | L42: 0 | N42: 6970 | O42: 0.32 | P42: 3033124 | Q42: 44927 | R42: MIGUEL PEREIRA L´PEZ
A43: 0040 1A-L19 | B43: SEBASTIAN LAUSI (1) | C43: 2567206 | D43: 0 | E43: 1672294.5 | F43: En Abogados | G43: 0 | H43: 29346.63 | I43: 6840.6 | J43: 590.4 | K43: 1211.54 | L43: 0 | N43: 6568 | O43: 0.11 | P43: 2695378 | Q43: 44927 | R43: SEBASTIAN LAUSI
A44: 0041 1A-L19B | B44: SEBASTIAN LAUSI (1) | C44: 3074782 | D44: 0 | E44: 1994852.7 | F44: En Abogados | G44: 0 | H44: 29346.63 | I44: 10301.25 | J44: 888 | K44: 1824.24 | L44: 0 | N44: 7197 | O44: 0.25 | P44: 3224082 | Q44: 44927 | R44: SEBASTIAN LAUSI
A45: 0042 1A-L19C | B45: SEBASTIAN LAUSI (1) | C45: 2512579 | D45: 0 | E45: 1637588.3 | F45: En Abogados | G45: 0 | H45: 29346.63 | I45: 6473.02 | J45: 558 | K45: 1145.87 | L45: 0 | N45: 6502 | O45: 0.07 | P45: 2638484 | Q45: 44927 | R45: SEBASTIAN LAUSI
A46: 0043 1A-L20 | B46: Luis Enrique Landini (1) (2) | C46: 39379 | D46: 77379 | E46: 0 | F46: 0 | G46: 38000 | H46: 29346.63 | I46: 9655.74 | J46: 0 | K46: 1709.56 | L46: 0 | N46: 3296 | O46: 0.07 | P46: 6008 | Q46: 44927 | R46: Luis Enrique Landini
A47: 0044 1A-L20B | B47: JAIME CHMEA (1) | C47: 693950 | D47: 0 | E47: 524560.41 | F47: 195617.61 | G47: 0 | H47: 29346.63 | I47: 9211.95 | J47: 0 | K47: 1631.42 | L47: 0 | N47: 6999 | O47: 0.98 | P47: 767368 | Q47: 44927 | R47: JAIME CHMEA
A48: 0045 1A-L21 | B48: PABLO GARCIA NAVARRO (1) | C48: 41420 | D48: 41420 | E48: 0 | F48: 0 | G48: 0 | H48: 29346.63 | I48: 20257.33 | J48: 172.8 | K48: 3586.99 | L48: 0 | N48: -4646 | O48: 0.25 | P48: 48718 | Q48: 44927 | R48: PABLO GARCIA NAVARRO
A49: 0046 1A-L22 | B49: FIDEICOMISO VILLA MARIA | C49: 45533 | D49: 45533 | E49: 0 | F49: 0 | G49: 0 | H49: 29346.63 | I49: 20284.22 | J49: 0 | K49: 3591.61 | L49: 0 | N49: 0 | O49: 0.54 | P49: 53223 | Q49: 44927 | R49: FIDEICOMISO VILLA MARIA
A50: 0047 1A-L23 | B50: THOMAS HOELLER | C50: 127516 | D50: 0 | E50: 116917.31 | F50: 16444.56 | G50: 0 | H50: 29346.63 | I50: 15380.15 | J50: 1326 | K50: 2723.65 | L50: 0 | N50: 0 | O50: 0.7 | P50: 182139 | Q50: 44927 | R50: THOMAS HOELLER
A51: 0048 1A-L24 | B51: RUTA CPC | C51: 83932 | D51: 0 | E51: 81941.99 | F51: 6087.11 | G51: 0 | H51: 29346.63 | I51: 16433.58 | J51: 141.6 | K51: 2910.47 | L51: 0 | N51: 0 | O51: 0.62 | P51: 136862 | Q51: 44927 | R51: RUTA CPC
A52: 0049 1A-L25 | B52: ALFRED GLASSEL (1) | C52: 1260820 | D52: 0 | E52: 914061.6 | F52: En Abogados | G52: 0 | H52: 29346.63 | I52: 17343.57 | J52: 148.8 | K52: 3070.93 | L52: 0 | N52: 8475 | O52: 0.99 | P52: 1364909 | Q52: 44927 | R52: ALFRED GLASSEL
A53: 0050 1A-L26 | B53: IDA MABEL ZAPPALA (GABRIEL GAUNA APODER) (1) | C53: 39934 | D53: 40000 | E53: 0 | F53: 0 | G53: 66 | H53: 29346.63 | I53: 9086.44 | J53: 0 | K53: 1608.76 | L53: 0 | N53: 6262.5 | O53: 0.67 | P53: 46239 | Q53: 44927 | R53: IDA MABEL ZAPPALA (GABRIEL GAUNA APODER)
A54: 0051 1A-L26B | B54: SALVADOR BELLO | C54: -3015.7 | D54: 0 | E54: 0 | F54: 0 | G54: 3015.7 | H54: 29346.63 | I54: 9471.95 | J54: 817.2 | K54: 1677.19 | L54: 0 | N54: 0 | O54: 0.73 | P54: 38298 | Q54: 44927 | R54: SALVADOR BELLO
A55: 0052 1A-L27 | B55: TERESA TANCO | C55: 33593 | D55: 33593 | E55: 0 | F55: 504 | G55: 0 | H55: 29346.63 | I55: 10112.97 | J55: 873.6 | K55: 1790.95 | L55: 0 | N55: 0 | O55: 0.85 | P55: 42629 | Q55: 44927 | R55: TERESA TANCO
A56: 0053 1A-L27B | B56: FEDERICO BUNSOW | C56: 49011 | D56: 49011 | E56: 0 | F56: 706 | G56: 0 | H56: 29346.63 | I56: 10059.18 | J56: 0 | K56: 1781.24 | L56: 0 | N56: 0 | O56: 0.95 | P56: 41894 | Q56: 44927 | R56: FEDERICO BUNSOW
A57: 0054 1A-L28 | B57: MARIANA VALOTTA (1) | C57: 35086 | D57: 35086 | E57: 0 | F57: 0 | G57: 0 | H57: 29346.63 | I57: 12381.22 | J57: 0 | K57: 1398.82 | L57: 5771.4 | N57: -3484 | O57: 0.93 | P57: 45415 | Q57: 44927 | R57: MARIANA VALOTTA
A58: 0055 1A-L28B | B58: PABLO VERA PINTO (1) | C58: 32064 | D58: 32064 | E58: 0 | F58: 0 | G58: 0 | H58: 29346.63 | I58: 8342.31 | J58: 720 | K58: 1476.97 | L58: 0 | N58: -3526 | O58: 0.09 | P58: 36360 | Q58: 44927 | R58: PABLO VERA PINTO
A59: 0056 1A-L29 | B59: PABLO VERA PINTO (1) | C59: 31659 | D59: 31659 | E59: 0 | F59: 0 | G59: 0 | H59: 29346.63 | I59: 8723.34 | J59: 0 | K59: 1544.48 | L59: 29288.89 | N59: -3562 | O59: 0.66 | P59: 65342 | Q59: 44927 | R59: PABLO VERA PINTO
A60: 0057 1A-L29B | B60: GABRIEL GALATI (2) | C60: 68557 | D60: 69562 | E60: 0 | F60: 3347.72 | G60: 1005 | H60: 29346.63 | I60: 8714.37 | J60: 0 | K60: 1543.09 | L60: 0 | N60: 0 | O60: 0.19 | P60: 41947 | Q60: 44927 | R60: GABRIEL GALATI
A61: 0058 1A-L30 | B61: AGUSTÕN GIMENEZ/FERNANDA ARCURI (1) | C61: 31536 | D61: 31536 | E61: 0 | F61: 0 | G61: 0 | H61: 29346.63 | I61: 8575.41 | J61: 0 | K61: 1518.58 | L61: 0 | N61: -3548 | O61: 0.38 | P61: 35893 | Q61: 44927 | R61: AGUSTÕN GIMENEZ/FERNANDA ARCURI
A62: 0059 1A-L30B | B62: CAR POINT | C62: 35360 | D62: 35360 | E62: 0 | F62: 0 | G62: 0 | H62: 29346.63 | I62: 8405.06 | J62: 724.8 | K62: 1488.53 | L62: 0 | N62: 0 | O62: 0.98 | P62: 39966 | Q62: 44927 | R62: CAR POINT
A63: 0060 1A-L31 | B63: FRANCO BORDONI (1) | C63: 39525 | D63: 39545 | E63: 0 | F63: 0 | G63: 20 | H63: 29346.63 | I63: 18186.32 | J63: 0 | K63: 3220.75 | L63: 0 | N63: -4451 | O63: 0.3 | P63: 46283 | Q63: 44927 | R63: FRANCO BORDONI
A64: 0061 1A-L32 | B64: CARLOS ALBERTO MATUK. (1) | C64: 39656 | D64: 39656 | E64: 0 | F64: 0 | G64: 0 | H64: 29346.63 | I64: 18343.21 | J64: 0 | K64: 3248.03 | L64: 36905.58 | N64: -4466 | O64: 0.55 | P64: 83378 | Q64: 44927 | R64: CARLOS ALBERTO MATUK.
... A82: 0079 1A- L50B | B82: OSCAR MARC (1) | C82: 33239 | D82: 33239 | E82: 0 | F82: 0 | G82: 0 | H82: 29346.63 | I82: 9624.36 | J82: 830.4 | K82: 1704.02 | L82: 0 | N82: -3646 | O82: 0.59 | P82: 37860 | Q82: 44927 | R82: OSCAR MARC
A83: 0080 1A-L51 | B83: ELEONORA NAZAR ANCHORENA (1) | C83: 3349730 | D83: 0 | E83: 2238685.7 | F83: En Abogados | G83: 0 | H83: 29346.63 | I83: 19154.58 | J83: 163.2 | K83: 3392.31 | L83: 0 | N83: 10303 | O83: 0.99 | P83: 3524025 | Q83: 44927 | R83: ELEONORA NAZAR ANCHORENA
A84: 0081 1A-L52 | B84: FEDERICO COLUCCI | C84: 37443 | D84: 37443 | E84: 0 | F84: 562 | G84: 0 | H84: 29346.63 | I84: 17141.85 | J84: 146.4 | K84: 3035.32 | L84: 0 | N84: 0 | O84: 0.8 | P84: 50233 | Q84: 44927 | R84: FEDERICO COLUCCI
A85: 0082 1A-L53 | B85: PABLO LIJTZTAIM (1) | C85: 30118 | D85: 30118 | E85: 0 | F85: 0 | G85: 0 | H85: 29346.63 | I85: 6221.99 | J85: 537.6 | K85: 1101.95 | L85: 0 | N85: -3327 | O85: 0.83 | P85: 33882 | Q85: 44927 | R85: PABLO LIJTZTAIM
A86: 0083 1A-L53B | B86: SAMANTHA WAHNON | C86: 72085 | D86: 0 | E86: 68701.34 | F86: 6818.73 | G86: 0 | H86: 29346.63 | I86: 6015.79 | J86: 519.6 | K86: 1065.41 | L86: 0 | N86: 0 | O86: 0.5 | P86: 112468 | Q86: 44927 | R86: SAMANTHA WAHNON
A87: 0084 1A-L54 | B87: GEORGETTE HANNA - SANTIAGO VILARO (1) | C87: 33880 | D87: 33880 | E87: 0 | F87: 0 | G87: 0 | H87: 29346.63 | I87: 10323.66 | J87: 890.4 | K87: 1828.41 | L87: 0 | N87: -3561 | O87: 0.9 | P87: 38829 | Q87: 44927 | R87: GEORGETTE HANNA - SANTIAGO VILARO
A88: 0085 1A- L55-1 | B88: FIDEICOMISO VILLA MARIA | C88: 31579 | D88: 31579 | E88: 0 | F88: 0 | G88: 0 | H88: 29346.63 | I88: 5074.42 | J88: 0 | K88: 787.96 | L88: 0 | N88: 0 | O88: 0.99 | P88: 35210 | Q88: 44927 | R88: FIDEICOMISO VILLA MARIA
A89: 0086 1A-L56 | B89: FIDEICOMISO VILLA MARIA | C89: 43304 | D89: 43304 | E89: 0 | F89: 0 | G89: 0 | H89: 29346.63 | I89: 17854.6 | J89: 0 | K89: 3161.56 | L89: 0 | N89: 0 | O89: 0.21 | P89: 50363 | Q89: 44927 | R89: FIDEICOMISO VILLA MARIA
A90: 0087 1A-L57 | B90: PABLO LIJTZTAIM (1) | C90: 33892 | D90: 33892 | E90: 0 | F90: 0 | G90: 0 | H90: 29346.63 | I90: 10323.66 | J90: 902.4 | K90: 1828.41 | L90: 0 | N90: -3712 | O90: 0.9 | P90: 38690 | Q90: 44927 | R90: PABLO LIJTZTAIM
A91: 0088 1A-L58 | B91: SAMANTHA WAHNON | C91: 79937 | D91: 0 | E91: 76143.79 | F91: 7600.4 | G91: 0 | H91: 29346.63 | I91: 10422.28 | J91: 0 | K91: 1845.98 | L91: 0 | N91: 0 | O91: 0.92 | P91: 125360 | Q91: 44927 | R91: SAMANTHA WAHNON
A92: 0089 1A-L59 | B92: DIEGO CARVALHO | C92: 75652 | D92: 0 | E92: 73966.85 | F92: 5383.49 | G92: 0 | H92: 29346.63 | I92: 13291.21 | J92: 1146 | K92: 2353.25 | L92: 0 | N92: 0 | O92: 0.57 | P92: 125488 | Q92: 44927 | R92: DIEGO CARVALHO
A93: 0090 1A-L59B | B93: EUGENIA GIBBONS (1) | C93: 3739029 | D93: 0 | E93: 2473146 | F93: En Abogados | G93: 0 | H93: 29346.63 | I93: 13483.97 | J93: 1161.6 | K93: 2387.47 | L93: 0 | N93: 7774 | O93: 0.03 | P93: 3916840 | Q93: 44927 | R93: EUGENIA GIBBONS
A94: 0091 1A-L60 | B94: SAN EMILIO SCA (1) | C94: 33839 | D94: 33839 | E94: 0 | F94: 0 | G94: 0 | H94: 29346.63 | I94: 10278.83 | J94: 886.8 | K94: 1820.54 | L94: 0 | N94: -3708 | O94: 0.2 | P94: 38625 | Q94: 44927 | R94: SAN EMILIO SCA
A95: 0092 1A-L61 | B95: Ruth Marina Martini (1) | C95: 36654 | D95: 36654 | E95: 0 | F95: 0 | G95: 0 | H95: 29346.63 | I95: 10305.73 | J95: 889.2 | K95: 1825.17 | L95: 0 | N95: -3711 | O95: 0.27 | P95: 38656 | Q95: 44927 | R95: Ruth Marina Martini
A96: 0093 1A-L62 | B96: OSCAR BAREIRO (1) | C96: 34119 | D96: 34119 | E96: 0 | F96: 0 | G96: 0 | H96: 29346.63 | I96: 10583.66 | J96: 913.2 | K96: 1874.19 | L96: 0 | N96: -3737 | O96: 0.32 | P96: 38981 | Q96: 44927 | R96: OSCAR BAREIRO
A97: 0094 1A-L63 | B97: PABLO GARCIA NAVARRO (1) | C97: 33448 | D97: 33448 | E97: 0 | F97: 0 | G97: 0 | H97: 29346.63 | I97: 9852.98 | J97: 849.6 | K97: 1744.71 | L97: 0 | N97: -3668 | O97: 0.08 | P97: 38126 | Q97: 44927 | R97: PABLO GARCIA NAVARRO
A98: 0095 1A-L64 | B98: PODRZAJ - PODRZAJ (1) | C98: 34731 | D98: 34731 | E98: 0 | F98: 0 | G98: 0 | H98: 29346.63 | I98: 11251.58 | J98: 970.8 | K98: 1992.56 | L98: 0 | N98: -3799 | O98: 0.43 | P98: 39763 | Q98: 44927 | R98: PODRZAJ - PODRZAJ
A99: 0096 1A-L65 | B99: RUTA CPC | C99: 75772 | D99: 0 | E99: 73970.59 | F99: 5499.94 | G99: 0 | H99: 29346.63 | I99: 10978.14 | J99: 946.8 | K99: 1944.01 | L99: 0 | N99: 0 | O99: 0.89 | P99: 122687 | Q99: 44927 | R99: RUTA CPC
A100: 0097 1B-L1 | B100: JORGE TABOADA | C100: 31511 | D100: 0 | E100: 31511 | F100: 1575.55 | G100: 0 | H100: 29346.63 | I100: 7741.63 | J100: 667.2 | K100: 1371.07 | L100: 0 | N100: 0 | O100: 0.92 | P100: 72214 | Q100: 44927 | R100: JORGE TABOADA
A101: 0098 1B-L2 | B101: Jorge Delaportas (2) | C101: 38446 | D101: 38000 | E101: 446 | F101: 1767.09 | G101: 0 | H101: 29346.63 | I101: 8387.13 | J101: 723.6 | K101: 1484.83 | L101: 0 | N101: 0 | O101: 0.72 | P101: 42156 | Q101: 44927 | R101: Jorge Delaportas
A102: 0099 1B-L3 | B102: MARCIAL CARBALLAL (1) | C102: 2950721 | D102: 0 | E102: 1959740.1 | F102: En Abogados | G102: 0 | H102: 29346.63 | I102: 8355.76 | J102: 721.2 | K102: 1479.28 | L102: 0 | N102: 6843 | O102: 0.12 | P102: 3095454 | Q102: 44927 | R102: MARCIAL CARBALLAL
A103: 0100 1B-L4 | B103: GIMENEZ ALFREDO FERNANDO (1) | C103: 36080 | D103: 36080 | E103: 0 | F103: 0 | G103: 0 | H103: 29346.63 | I103: 9122.3 | J103: 787.2 | K103: 1615.23 | L103: 0 | N103: -3599 | O103: 0.64 | P103: 37273 | Q103: 44927 | R103: GIMENEZ ALFREDO FERNANDO
A104: 0101 1B-L5 | B104: CLAUDIO VICENTE LOPEZ (1) | C104: 1365664 | D104: 0 | E104: 960309.35 | F104: En Abogados | G104: 0 | H104: 29346.63 | I104: 9122.3 | J104: 787.2 | K104: 1615.23 | L104: 0 | N104: 6983 | O104: 0.17 | P104: 1461534 | Q104: 44927 | R104: CLAUDIO VICENTE LOPEZ
A105: 0102 1B-L6 | B105: FERNANDO JASNIS | C105: 35613 | D105: 0 | E105: 35613 | F105: 1780.65 | G105: 0 | H105: 29346.63 | I105: 8656.1 | J105: 747.6 | K105: 1532.92 | L105: 0 | N105: 0 | O105: 0.1 | P105: 77677 | Q105: 44927 | R105: FERNANDO JASNIS
A106: 0103 1B-L7 | B106: DANIEL OSVALDO BENITES/GONZALEZ NOELIA | C106: 52219 | D106: 35000 | E106: 17219 | F106: 860.95 | G106: 0 | H106: 29346.63 | I106: 7911.97 | J106: 681.6 | K106: 1401.13 | L106: 0 | N106: 0 | O106: 0.72 | P106: 57422 | Q106: 44927 | R106: DANIEL OSVALDO BENITES/GONZALEZ NOELIA
A107: 0104 1B-L8 | B107: EDUARDO HIRSH (2) | C107: 31590 | D107: 32064 | E107: 0 | F107: 1579.48 | G107: 474 | H107: 29346.63 | I107: 7826.8 | J107: 675.6 | K107: 1386.33 | L107: 0 | N107: 0 | O107: 0.16 | P107: 40341 | Q107: 44927 | R107: EDUARDO HIRSH
A108: 0105 1B-L9 | B108: FERNANDO WEHT | C108: 67983 | D108: 0 | E108: 66394.6 | F108: 4908.13 | G108: 0 | H108: 29346.63 | I108: 8396.1 | J108: 0 | K108: 1487.14 | L108: 0 | N108: 0 | O108: 0.4 | P108: 110533 | Q108: 44927 | R108: FERNANDO WEHT
A109: 0106 1B-L10 | B109: VICTORIA ANGELA CIPPONERI (1) | C109: 30776 | D109: 31000 | E109: 0 | F109: 0 | G109: 224 | H109: 29346.63 | I109: 7660.94 | J109: 0 | K109: 1356.74 | L109: 0 | N109: -3462 | O109: 0.69 | P109: 34679 | Q109: 44927 | R109: VICTORIA ANGELA CIPPONERI
A110: 0107 1B-L11 | B110: Hector Daniel CAZZASA/Zulema Amelia LEFEVRE (1) | C110: 33563 | D110: 33563 | E110: 0 | F110: 0 | G110: 0 | H110: 29346.63 | I110: 9978.49 | J110: 860.4 | K110: 1767.37 | L110: 0 | N110: -3680 | O110: 0.11 | P110: 38273 | Q110: 44927 | R110: Hector Daniel CAZZASA/Zulema Amelia LEFEVRE
A111: 0108 1B-L12 | B111: MORA DELGADO (1) | C111: 32901 | D111: 32901 | E111: 0 | F111: 0 | G111: 0 | H111: 29346.63 | I111: 9346.43 | J111: 806.4 | K111: 1655.46 | L111: 0 | N111: -3621 | O111: 0.08 | P111: 37534 | Q111: 44927 | R111: MORA DELGADO
A112: 0109 1B-L13 | B112: MORA DELGADO (1) | C112: 31275 | D112: 31275 | E112: 0 | F112: 0 | G112: 0 | H112: 29346.63 | I112: 8436.44 | J112: 0 | K112: 1493.61 | L112: 52295.99 | N112: -3535 | O112: 0.33 | P112: 88038 | Q112: 44927 | R112: MORA DELGADO
A113: 0110 1B-L14 | B113: LUCIANO POMPONIO (1) | C113: 32075 | D113: 32075 | E113: 0 | F113: 0 | G113: 0 | H113: 29346.63 | I113: 8355.76 | J113: 721.2 | K113: 1479.28 | L113: 0 | N113: -3527 | O113: 0.13 | P113: 36376 | Q113: 44927 | R113: LUCIANO POMPONIO
A114: 0111 1B-L15 | B114: Victor Walter Fuentes/Mariana Paola Tuya (1) | C114: 32634 | D114: 33118 | E114: 0 | F114: 484 | G114: 484 | H114: 29346.63 | I114: 5688.55 | J114: 490.8 | K114: 1007.61 | L114: 0 | N114: -3277 | O114: 0.41 | P114: 33257 | Q114: 44927 | R114: Victor Walter Fuentes/Mariana Paola Tuya
A115: 0112 1B-L16 | B115: EMILY TELO (1) | C115: 30516 | D115: 30516 | E115: 0 | F115: 0 | G115: 0 | H115: 29346.63 | I115: 6656.81 | J115: 574.8 | K115: 1179.17 | L115: 0 | N115: -3368 | O115: 0.59 | P115: 34390 | Q115: 44927 | R115: EMILY TELO
A116: 0113 1B-L17 | B116: CHRISTIAN ANDR…S NARA/ CABALLERO NATALIAL (1) | C116: 30093 | D116: 30093 | E116: 0 | F116: 0 | G116: 0 | H116: 29346.63 | I116: 6195.09 | J116: 535.2 | K116: 1096.86 | L116: 0 | N116: -3324 | O116: 0.22 | P116: 33850 | Q116: 44927 | R116: CHRISTIAN ANDR…S NARA/ CABALLERO NATALIAL
A117: 0114 1B-L18 | B117: GAMARRA NOGUERA MARÕA NILSA | C117: 66187 | D117: 0 | E117: 64639.35 | F117: 4779.62 | G117: 0 | H117: 29346.63 | I117: 6737.5 | J117: 580.8 | K117: 1193.04 | L117: 0 | N117: 0 | O117: 0.06 | P117: 107277 | Q117: 44927 | R117: GAMARRA NOGUERA MARÕA NILSA
A118: 0115 1B-L19 | B118: FRANCO - SUEIRO (1) | C118: 2797309 | D118: 0 | E118: 1863812.2 | F118: En Abogados | G118: 0 | H118: 29346.63 | I118: 8799.54 | J118: 759.6 | K118: 1558.35 | L118: 0 | N118: 6924 | O118: 0.27 | P118: 2937888 | Q118: 44927 | R118: FRANCO - SUEIRO
A119: 0116 1B-L20 | B119: AGROPECUARIA EL BAYITO S.A. (1) | C119: 32017 | D119: 32017 | E119: 0 | F119: 0 | G119: 0 | H119: 29346.63 | I119: 8293 | J119: 715.2 | K119: 1468.18 | L119: 0 | N119: -3521 | O119: 0.99 | P119: 36303 | Q119: 44927 | R119: AGROPECUARIA EL BAYITO S.A.
A120: 0117 1B-L21 | B120: DIEGO MUFFATTI (1) | C120: 2312478 | D120: 0 | E120: 1557947.1 | F120: En Abogados | G120: 0 | H120: 29346.63 | I120: 8880.23 | J120: 766.8 | K120: 1572.23 | L120: 0 | N120: 6939 | O120: 0.75 | P120: 2437881 | Q120: 44927 | R120: DIEGO MUFFATTI
A121: 0118 1B-L22 | B121: ALFREDO CASTIGLIA (1) | C121: 61648 | D121: 61648 | E121: Plan de Pago | F121: Plan de Pago | G121: 0 | H121: 29346.63 | I121: 8880.23 | J121: 766.8 | K121: 1572.23 | L121: 0 | N121: 25515.35 | O121: 0.76 | P121: 66082 | Q121: 44927 | R121: ALFREDO CASTIGLIA
A122: 0119 1B-L23 | B122: PAUL SIMON FITZPATRICK/IRAZU CARINA LORE (1) | C122: 31790 | D122: 31790 | E122: 0 | F122: 0 | G122: 0 | H122: 29346.63 | I122: 8880.23 | J122: 0 | K122: 1572.23 | L122: 0 | N122: -3576 | O122: 0.91 | P122: 36224 | Q122: 44927 | R122: PAUL SIMON FITZPATRICK/IRAZU CARINA LORE
A123: 0120 1B-L24 | B123: OSCAR BALLESTER (1) | C123: 31787 | D123: 31800 | E123: 0 | F123: 0 | G123: 13 | H123: 29346.63 | I123: 8880.23 | J123: 0 | K123: 1572.23 | L123: 26147.99 | N123: -3576 | O123: 0.92 | P123: 62359 | Q123: 44927 | R123: OSCAR BALLESTER
A124: 0121 1B-L25 | B124: DANIEL MANZINI (1) | C124: 53627 | D124: 54693 | E124: Plan de Pago | F124: Plan de Pago | G124: 1066 | H124: 29346.63 | I124: 6867.5 | J124: 592.8 | K124: 1216.16 | L124: 0 | N124: 19209.41 | O124: 0.5 | P124: 56167 | Q124: 44927 | R124: DANIEL MANZINI
A125: 0122 1B-L26 | B125: MONICA MARTINEZ (1) | C125: 41384 | D125: 41384 | E125: 0 | F125: 0 | G125: 0 | H125: 29346.63 | I125: 6266.82 | J125: 0 | K125: 1109.81 | L125: 0 | N125: 3614 | O125: 0.74 | P125: 40338 | Q125: 44927 | R125: MONICA MARTINEZ
A126: 0123 1B-L27 | B126: ESTEBAN CORSO (1) | C126: 31540 | D126: 31540 | E126: 0 | F126: 0 | G126: 0 | H126: 29346.63 | I126: 8579.89 | J126: 0 | K126: 1519.51 | L126: 30505.99 | N126: -3548 | O126: 0.98 | P126: 66405 | Q126: 44927 | R126: ESTEBAN CORSO
A127: 0124 1B-L28 | B127: Angel Federico BUNSOW / Maria Paula DE LUCA | C127: 37571 | D127: 37571 | E127: 0 | F127: 527 | G127: 0 | H127: 29346.63 | I127: 8880.23 | J127: 766.8 | K127: 1572.23 | L127: 0 | N127: 0 | O127: 0.11 | P127: 41093 | Q127: 44927 | R127: Angel Federico BUNSOW / Maria Paula DE LUCA
A128: 0125 1B-L29 | B128: SEBASTI£N CHU (1) | C128: 3031383 | D128: 0 | E128: 2012289.5 | F128: En Abogados | G128: 0 | H128: 29346.63 | I128: 8884.71 | J128: 766.8 | K128: 1573.15 | L128: 0 | N128: 6939 | O128: 0.23 | P128: 3179508 | Q128: 44927 | R128: SEBASTI£N CHU
A129: 0126 1B-L30 | B129: MATIAS CORTIJO (1) | C129: 32557 | D129: 32557 | E129: 0 | F129: 0 | G129: 0 | H129: 29346.63 | I129: 8880.23 | J129: 766.8 | K129: 1572.23 | L129: 0 | N129: -3576 | O129: 0.11 | P129: 36990 | Q129: 44927 | R129: MATIAS CORTIJO
A130: 0127 1B-L31 | B130: MARIA ISABEL ABULIAk (1) | C130: 32557 | D130: 32557 | E130: 0 | F130: 0 | G130: 0 | H130: 29346.63 | I130: 8880.23 | J130: 766.8 | K130: 1572.23 | L130: 0 | N130: -3576 | O130: 0.11 | P130: 36990 | Q130: 44927 | R130: MARIA ISABEL ABULIAk
A131: 0128 1B-L32 | B131: BISCAYNE SERVICIOS SA | C131: 35063 | D131: 35100 | E131: 0 | F131: 519 | G131: 37 | H131: 29346.63 | I131: 7643.01 | J131: 657.6 | K131: 1353.5 | L131: 0 | N131: 0 | O131: 0.26 | P131: 39483 | Q131: 44927 | R131: BISCAYNE SERVICIOS SA
A132: 0129 1B-L33 | B132: JUAN MANUEL GALLEGO (1) | C132: 32557 | D132: 32557 | E132: 0 | F132: 0 | G132: 0 | H132: 29346.63 | I132: 8880.23 | J132: 766.8 | K132: 1572.23 | L132: 0 | N132: -3576 | O132: 0.11 | P132: 36990 | Q132: 44927 | R132: JUAN MANUEL GALLEGO
A133: 0130 1B-L34 | B133: NATALIA GANEM | C133: 103453 | D133: 0 | E133: 98803.51 | F133: 9589.67 | G133: 0 | H133: 29346.63 | I133: 8880.23 | J133: 766.8 | K133: 1572.23 | L133: 0 | N133: 0 | O133: 0.93 | P133: 148960 | Q133: 44927 | R133: NATALIA GANEM
A134: 0131 1B-L35 | B134: TOMAS BELLO (1) | C134: 39517 | D134: 39517 | E134: 0 | F134: 0 | G134: 0 | H134: 29346.63 | I134: 8898.16 | J134: 768 | K134: 1575.92 | L134: 0 | N134: 3367 | O134: 0.29 | P134: 43956 | Q134: 44927 | R134: TOMAS BELLO
A135: 0132 1B-L36 | B135: LUCAS MORANDO DELGADO (1) | C135: 39502 | D135: 39502 | E135: 0 | F135: 0 | G135: 0 | H135: 29346.63 | I135: 8880.23 | J135: 766.8 | K135: 1572.23 | L135: 0 | N135: 3369 | O135: 0.11 | P135: 43935 | Q135: 44927 | R135: LUCAS MORANDO DELGADO
A136: 0133 1B-L37 | B136: LUIS LOSADA (1) | C136: 32572 | D136: 32572 | E136: 0 | F136: 0 | G136: 0 | H136: 29346.63 | I136: 8898.16 | J136: 768 | K136: 1575.92 | L136: 0 | N136: -3578 | O136: 0.29 | P136: 37011 | Q136: 44927 | R136: LUIS LOSADA
...

Sheet JULIO 2023
A3: U.F. Lote | B3: Propietario | C3: Saldo Anterior | D3: Pagos Recibidos | E3: Deuda | F3: Interés | G3: Disponible | H3: Expensa A | I3: Expensa B | J3: Corte de Pasto | K3: Arba en revalúo | L3: Arba form. 903 | M3: Previsión por mora | N3: Otros Gastos | O3: Redon. | P3: TOTAL | Q3: Periodo expensas
A4: 0001 1A-L1 | B4: GRACIELA PRIORI (1) | C4: 89153 | D4: 89153 | E4: 0 | F4: 0 | G4: 0 | H4: 62928.64 | I4: 19243.94 | J4: 772.8 | K4: 1185.09 | L4: 0 | N4: -7964.35 | O4: 0.88 | P4: 76167 | Q4: 45108 | R4: GRACIELA PRIORI | T4: 0001 1A-L1 | U4: GRACIELA PRIORI (1)
A5: 0002 1A-L1B | B5: GRACIELA PRIORI (1) | C5: 89278 | D5: 89278 | E5: 0 | F5: 0 | G5: 0 | H5: 62928.64 | I5: 19349.68 | J5: 778.8 | K5: 1191.99 | L5: 0 | N5: -7975.31 | O5: 0.2 | P5: 76274 | Q5: 45108 | R5: GRACIELA PRIORI | T5: 0002 1A-L1B | U5: GRACIELA PRIORI (1)
A6: 0003 1A-L2 | B6: MIGUEL SOSTRES (1) | C6: 89624 | D6: 89624 | E6: 0 | F6: 0 | G6: 0 | H6: 62928.64 | I6: 19647.66 | J6: 790.8 | K6: 1209.92 | L6: 0 | N6: -8003.64 | O6: 0.62 | P6: 76574 | Q6: 45108 | R6: MIGUEL SOSTRES | T6: 0003 1A-L2 | U6: MIGUEL SOSTRES (1)
A7: 0004 1A-L2B | B7: TRISTAN BRIANO (1) | C7: 83813 | D7: 83813 | E7: 0 | F7: 0 | G7: 0 | H7: 62928.64 | I7: 14649.23 | J7: 589.2 | K7: 902.61 | L7: 0 | N7: -7517.61 | O7: 0.93 | P7: 71553 | Q7: 45108 | R7: TRISTAN BRIANO | T7: 0004 1A-L2B | U7: TRISTAN BRIANO (1)
A8: 0005 1A-L2C | B8: TRISTAN BRIANO (1) | C8: 83891 | D8: 83891 | E8: 0 | F8: 0 | G8: 0 | H8: 62928.64 | I8: 14716.52 | J8: 592.8 | K8: 906.41 | L8: 0 | N8: -7524 | O8: 0.63 | P8: 71621 | Q8: 45108 | R8: TRISTAN BRIANO | T8: 0005 1A-L2C | U8: TRISTAN BRIANO (1)
A9: 0006 1A-L3 | B9: Esteban Marcelo CHAMS (1) | C9: 83220 | D9: 84053 | E9: 0 | F9: 833 | G9: 833 | H9: 62928.64 | I9: 14139.78 | J9: 568.8 | K9: 871.23 | L9: 0 | N9: -7468.27 | O9: 0.82 | P9: 71041 | Q9: 45108 | R9: Esteban Marcelo CHAMS | T9: 0006 1A-L3 | U9: Esteban Marcelo CHAMS (1)
A10: 0007 1A-L3B | B10: CARLOS RENE RODRIGUEZ | C10: 87999 | D10: 87999 | E10: 0 | F10: 0 | G10: 0 | H10: 62928.64 | I10: 14014.82 | J10: 565.2 | K10: 863.29 | L10: 0 | N10: -7455.48 | O10: 0.53 | P10: 70917 | Q10: 45108 | R10: CARLOS RENE RODRIGUEZ | T10: 0007 1A-L3B | U10: CARLOS RENE RODRIGUEZ
A11: 0008 1A-L4 | B11: CLAUDIO SPERANZA (1) | C11: 108896 | D11: 108898 | E11: 0 | F11: 0 | G11: 2 | H11: 62928.64 | I11: 20503.16 | J11: 0 | K11: 1262.69 | L11: 19100.5 | N11: -8087 | O11: 0.01 | P11: 95706 | Q11: 45108 | R11: CLAUDIO SPERANZA | T11: 0008 1A-L4 | U11: CLAUDIO SPERANZA (1)
A12: 0009 1A-L4B | B12: RAFAEL BALTAZAR FLORES/TERESA MI— ONES (1) | C12: 89837 | D12: 89837 | E12: 0 | F12: 0 | G12: 0 | H12: 62928.64 | I12: 20541.61 | J12: 0 | K12: 1265.11 | L12: 0 | N12: -8090.43 | O12: 0.07 | P12: 76645 | Q12: 45108 | R12: RAFAEL BALTAZAR FLORES/TERESA MI—ONES | T12: 0009 1A-L4B | U12: RAFAEL BALTAZAR FLORES/TERESA MI— ONES (1)
A13: 0010 1A-L4C | B13: GERARDO PAZ (1) | C13: 85254 | D13: 54206 | E13: 31048 | F13: 4733.83 | G13: 0 | H13: 62928.64 | I13: 15889.23 | J13: 638.4 | K13: 978.49 | L13: 0 | N13: 0 | O13: 0.41 | P13: 116217 | Q13: 45108 | R13: GERARDO PAZ | T13: 0010 1A-L4C | U13: GERARDO PAZ (1)
A14: 0011 1A-L4D | B14: DANIEL MARGULIES (1) | C14: 85221 | D14: 85221 | E14: 0 | F14: 0 | G14: 0 | H14: 62928.64 | I14: 15860.39 | J14: 638.4 | K14: 976.77 | L14: 0 | N14: -7634.55 | O14: 0.35 | P14: 72770 | Q14: 45108 | R14: DANIEL MARGULIES | T14: 0011 1A-L4D | U14: DANIEL MARGULIES (1)
A15: 0012 1A-L5-2 | B15: Guadalupe Jazmin CHAMS (1) | C15: 84310 | D15: 85154 | E15: 0 | F15: 844 | G15: 844 | H15: 62928.64 | I15: 14014.82 | J15: 162 | K15: 2498.14 | L15: 0 | N15: -7452.74 | O15: 0.14 | P15: 72151 | Q15: 45108 | R15: Guadalupe Jazmin CHAMS | T15: 0012 1A-L5-2 | U15: Guadalupe Jazmin CHAMS (1)
... A34: 0031 1A-L14B | B34: ROBERTO MARINHO | C34: 103047 | D34: 103047 | E34: 0 | F34: 0 | G34: 0 | H34: 62928.64 | I34: 26280.18 | J34: 1057.2 | K34: 1618.63 | L34: 0 | N34: 0 | O34: 0.35 | P34: 91885 | Q34: 45108 | R34: ROBERTO MARINHO | T34: 0031 1A-L14B | U34: ROBERTO MARINHO
A35: 0032 1A-L15 | B35: ALFREDO CASTIGLIA (1) | C35: 136236 | D35: 136236 | E35: Plan de Pago | F35: Plan de Pago | G35: 0 | H35: 62928.64 | I35: 25741.89 | J35: 1034.4 | K35: 1585.52 | L35: 0 | N35: 33851.03 | O35: 0.52 | P35: 125142 | Q35: 45108 | R35: ALFREDO CASTIGLIA | T35: 0032 1A-L15 | U35: ALFREDO CASTIGLIA (1)
A36: 0033 1A-L15B | B36: Ariel Arnoldo Abramovich (1) | C36: 103381 | D36: 104500 | E36: 0 | F36: 1034 | G36: 1119 | H36: 62928.64 | I36: 31480.47 | J36: 1266 | K36: 1939.05 | L36: 0 | N36: -9156.58 | O36: 0.42 | P36: 88373 | Q36: 45108 | R36: Ariel Arnoldo Abramovich | T36: 0033 1A-L15B | U36: Ariel Arnoldo Abramovich (1)
A37: 0034 1A-L16 | B37: ARIEL AKERMAN - SEBASTAN JANON (1) | C37: 94542 | D37: 94542 | E37: 0 | F37: 0 | G37: 0 | H37: 62928.64 | I37: 23877.1 | J37: 961.2 | K37: 1470.67 | L37: 0 | N37: -8415.66 | O37: 0.05 | P37: 80822 | Q37: 45108 | R37: ARIEL AKERMAN - SEBASTAN JANON | T37: 0034 1A-L16 | U37: ARIEL AKERMAN - SEBASTAN JANON (1)
A38: 0035 1A-L16B | B38: Gisela CANIEVSKY (1) | C38: 90708 | D38: 0 | E38: 90708 | F38: 12245.58 | G38: 0 | H38: 62928.64 | I38: 20580.06 | J38: 828 | K38: 1267.52 | L38: 0 | N38: 0 | O38: 0.2 | P38: 188558 | Q38: 45108 | R38: Gisela CANIEVSKY | T38: 0035 1A-L16B | U38: Gisela CANIEVSKY (1)
A39: 0036 1A-L17 | B39: RUTA CPC | C39: 290212 | D39: 0 | E39: 265528.29 | F39: 60530.03 | G39: 0 | H39: 62928.64 | I39: 37593.93 | J39: 150 | K39: 2315.69 | L39: 0 | N39: 0 | O39: 0.42 | P39: 429047 | Q39: 45108 | R39: RUTA CPC | T39: 0036 1A-L17 | U39: RUTA CPC
A40: 0037 1A-L17B | B40: RUTA CPC | C40: 274628 | D40: 0 | E40: 251272.41 | F40: 57277.37 | G40: 0 | H40: 62928.64 | I40: 31672.72 | J40: 1274.4 | K40: 1950.78 | L40: 0 | N40: 0 | O40: 0.68 | P40: 406377 | Q40: 45108 | R40: RUTA CPC | T40: 0037 1A-L17B | U40: RUTA CPC
A41: 0038 1A-L18 | B41: BIAU DANIEL/ CRISTALDO MABEL (1) | C41: 92146 | D41: 92148 | E41: 0 | F41: 0 | G41: 2 | H41: 62928.64 | I41: 22598.65 | J41: 0 | K41: 1391.69 | L41: 0 | N41: -8290.5 | O41: 0.52 | P41: 78627 | Q41: 45108 | R41: BIAU DANIEL/CRISTALDO MABEL | T41: 0038 1A-L18 | U41: BIAU DANIEL/ CRISTALDO MABEL (1)
A42: 0039 1A-L18B | B42: MIGUEL PEREIRA L´PEZ | C42: 4035620 | D42: 0 | E42: 2238564.8 | F42: En Abogados | G42: 0 | H42: 62928.64 | I42: 19407.35 | J42: 781.2 | K42: 1195.44 | L42: 0 | N42: 0 | O42: 0.12 | P42: 4422139 | Q42: 45108 | R42: MIGUEL PEREIRA L´PEZ | T42: 0039 1A-L18B | U42: MIGUEL PEREIRA L´PEZ
A43: 0040 1A-L19 | B43: SEBASTIAN LAUSI | C43: 3603531 | D43: 0 | E43: 2008146 | F43: En Abogados | G43: 0 | H43: 62928.64 | I43: 14668.46 | J43: 590.4 | K43: 903.65 | L43: 0 | N43: 0 | O43: 0.14 | P43: 3953722 | Q43: 45108 | R43: SEBASTIAN LAUSI | T43: 0040 1A-L19 | U43: SEBASTIAN LAUSI
A44: 0041 1A-L19B | B44: SEBASTIAN LAUSI | C44: 4279922 | D44: 0 | E44: 2368844.5 | F44: En Abogados | G44: 0 | H44: 62928.64 | I44: 22089.2 | J44: 888 | K44: 1360.65 | L44: 0 | N44: 0 | O44: 0.51 | P44: 4686983 | Q44: 45108 | R44: SEBASTIAN LAUSI | T44: 0041 1A-L19B | U44: SEBASTIAN LAUSI
A45: 0042 1A-L19C | B45: SEBASTIAN LAUSI | C45: 3530794 | D45: 0 | E45: 1969382.1 | F45: En Abogados | G45: 0 | H45: 62928.64 | I45: 13880.24 | J45: 558 | K45: 854.67 | L45: 0 | N45: 0 | O45: 0.86 | P45: 3874883 | Q45: 45108 | R45: SEBASTIAN LAUSI | T45: 0042 1A-L19C | U45: SEBASTIAN LAUSI
A46: 0043 1A-L20 | B46: Luis Enrique Landini (1) | C46: 96965 | D46: 96965 | E46: 0 | F46: 0 | G46: 0 | H46: 62928.64 | I46: 20705.02 | J46: 0 | K46: 1275.11 | L46: 0 | N46: -1161.87 | O46: 0.1 | P46: 83747 | Q46: 45108 | R46: Luis Enrique Landini | T46: 0043 1A-L20 | U46: Luis Enrique Landini (1)
A47: 0044 1A-L20B | B47: JAIME CHMEA | C47: 1313283 | D47: 0 | E47: 881783.28 | F47: 550540.46 | G47: 0 | H47: 62928.64 | I47: 19753.39 | J47: 0 | K47: 1216.82 | L47: 0 | N47: 0 | O47: 0.41 | P47: 1516223 | Q47: 45108 | R47: JAIME CHMEA | T47: 0044 1A-L20B | U47: JAIME CHMEA
A48: 0045 1A-L21 | B48: PABLO GARCIA NAVARRO | C48: 115709 | D48: 115709 | E48: 0 | F48: 0 | G48: 0 | H48: 62928.64 | I48: 43438.24 | J48: 172.8 | K48: 2675.42 | L48: 0 | N48: 0 | O48: 0.9 | P48: 109216 | Q48: 45108 | R48: PABLO GARCIA NAVARRO | T48: 0045 1A-L21 | U48: PABLO GARCIA NAVARRO (1)
A49: 0046 1A-L22 | B49: FIDEICOMISO VILLA MARIA | C49: 133494 | D49: 133494 | E49: 0 | F49: 1216 | G49: 0 | H49: 62928.64 | I49: 43495.92 | J49: 0 | K49: 2678.87 | L49: 0 | N49: 0 | O49: 0.57 | P49: 110320 | Q49: 45108 | R49: FIDEICOMISO VILLA MARIA | T49: 0046 1A-L22 | U49: FIDEICOMISO VILLA MARIA (2)
A50: 0047 1A-L23 | B50: THOMAS HOELLER | C50: 216919 | D50: 0 | E50: 189644.05 | F50: 52876.9 | G50: 0 | H50: 62928.64 | I50: 32980 | J50: 1326 | K50: 2031.48 | L50: 0 | N50: 0 | O50: 0.93 | P50: 341788 | Q50: 45108 | R50: THOMAS HOELLER | T50: 0047 1A-L23 | U50: THOMAS HOELLER
A51: 0048 1A-L24 | B51: RUTA CPC | C51: 282489 | D51: 0 | E51: 258488.29 | F51: 58896.63 | G51: 0 | H51: 62928.64 | I51: 35238.9 | J51: 141.6 | K51: 2170.83 | L51: 0 | N51: 0 | O51: 0.11 | P51: 417865 | Q51: 45108 | R51: RUTA CPC | T51: 0048 1A-L24 | U51: RUTA CPC
A52: 0049 1A-L25 | B52: ALFRED GLASSEL | C52: 2131024 | D52: 0 | E52: 1357596.3 | F52: En Abogados | G52: 0 | H52: 62928.64 | I52: 37190.21 | J52: 148.8 | K52: 2290.51 | L52: 0 | N52: 0 | O52: 0.34 | P52: 2416858 | Q52: 45108 | R52: ALFRED GLASSEL | T52: 0049 1A-L25 | U52: ALFRED GLASSEL
A53: 0050 1A-L26 | B53: IDA MABEL ZAPPALA (GABRIEL GAUNA APODER) | C53: 121639 | D53: 0 | E53: 111872.02 | F53: 24869.7 | G53: 0 | H53: 62928.64 | I53: 19484.25 | J53: 0 | K53: 1199.92 | L53: 0 | N53: 0 | O53: 0.47 | P53: 220355 | Q53: 45108 | R53: IDA MABEL ZAPPALA (GABRIEL GAUNA APODER) | T53: 0050 1A-L26 | U53: IDA MABEL ZAPPALA (GABRIEL GAUNA APODER) (2)
A54: 0051 1A-L26B | B54: SALVADOR BELLO | C54: 58607 | D54: 0 | E54: 58607 | F54: 7911.95 | G54: 0 | H54: 62928.64 | I54: 20310.91 | J54: 817.2 | K54: 1250.97 | L54: 0 | N54: 0 | O54: 0.33 | P54: 151827 | Q54: 45108 | R54: SALVADOR BELLO | T54: 0051 1A-L26B | U54: SALVADOR BELLO
A55: 0052 1A-L27 | B55: TERESA TANCO (1) | C55: 98416 | D55: 98416 | E55: 0 | F55: 0 | G55: 0 | H55: 62928.64 | I55: 21685.48 | J55: 873.6 | K55: 1335.81 | L55: 0 | N55: -8202.8 | O55: 0.27 | P55: 78621 | Q55: 45108 | R55: TERESA TANCO | T55: 0052 1A-L27 | U55: TERESA TANCO
A56: 0053 1A-L27B | B56: FEDERICO BUNSOW | C56: 97389 | D56: 0 | E56: 96400 | F56: 14003 | G56: 0 | H56: 62928.64 | I56: 21570.13 | J56: 0 | K56: 1328.57 | L56: 0 | N56: 0 | O56: 0.66 | P56: 196231 | Q56: 45108 | R56: FEDERICO BUNSOW | T56: 0053 1A-L27B | U56: FEDERICO BUNSOW
A57: 0054 1A-L28 | B57: MARIANA VALOTTA | C57: 117840 | D57: 81546.03 | E57: 36293.97 | F57: 4899.69 | G57: 0 | H57: 62928.64 | I57: 26549.33 | J57: 0 | K57: 1043.33 | L57: 3268.65 | N57: 0 | O57: 0.39 | P57: 134984 | Q57: 45108 | R57: MARIANA VALOTTA | T57: 0054 1A-L28 | U57: MARIANA VALOTTA (1)
A58: 0055 1A-L28B | B58: PABLO VERA PINTO (1) | C58: 87580 | D58: 87580 | E58: 0 | F58: 0 | G58: 0 | H58: 62928.64 | I58: 17888.6 | J58: 720 | K58: 1101.62 | L58: 0 | N58: -7831.88 | O58: 0.02 | P58: 74807 | Q58: 45108 | R58: PABLO VERA PINTO | T58: 0055 1A-L28B | U58: PABLO VERA PINTO (1)
A59: 0056 1A-L29 | B59: PABLO VERA PINTO (1) | C59: 104364 | D59: 104364 | E59: 0 | F59: 0 | G59: 0 | H59: 62928.64 | I59: 18705.65 | J59: 0 | K59: 1151.98 | L59: 16587.86 | N59: -7912.28 | O59: 0.15 | P59: 91462 | Q59: 45108 | R59: PABLO VERA PINTO | T59: 0056 1A-L29 | U59: PABLO VERA PINTO (1)
A60: 0057 1A-L29B | B60: GABRIEL GALATI | C60: 92978 | D60: 0 | E60: 92978 | F60: 12552.03 | G60: 0 | H60: 62928.64 | I60: 18686.42 | J60: 0 | K60: 1150.94 | L60: 0 | N60: 0 | O60: 0.97 | P60: 188297 | Q60: 45108 | R60: GABRIEL GALATI | T60: 0057 1A-L29B | U60: GABRIEL GALATI
A61: 0058 1A-L30 | B61: AGUSTÕN GIMENEZ/ FERNANDA ARCURI (1) | C61: 93686 | D61: 93686 | E61: 0 | F61: 0 | G61: 0 | H61: 62928.64 | I61: 18388.44 | J61: 0 | K61: 1132.66 | L61: 0 | N61: -7881.21 | O61: 0.47 | P61: 74569 | Q61: 45108 | R61: AGUSTÕN GIMENEZ/FERNANDA ARCURI | T61: 0058 1A-L30 | U61: AGUSTÕN GIMENEZ/ FERNANDA ARCURI
A62: 0059 1A-L30B | B62: Martin Andres RODE | C62: 113416 | D62: 70000 | E62: 43416 | F62: 6561.68 | G62: 0 | H62: 62928.64 | I62: 18023.17 | J62: 724.8 | K62: 1110.25 | L62: 0 | N62: 0 | O62: 0.46 | P62: 132765 | Q62: 45108 | R62: Martin Andres RODE | T62: 0059 1A-L30B | U62: Martin Andres RODE (1)
A63: 0060 1A-L31 | B63: FRANCO BORDONI (1) | C63: 110539 | D63: 110558 | E63: 0 | F63: 0 | G63: 19 | H63: 62928.64 | I63: 38997.33 | J63: 0 | K63: 2402.26 | L63: 0 | N63: -9888.37 | O63: 0.14 | P63: 94421 | Q63: 45108 | R63: FRANCO BORDONI | T63: 0060 1A-L31 | U63: FRANCO BORDONI (1)
A64: 0061 1A-L32 | B64: CARLOS ALBERTO MATUK. (1) | C64: 139374 | D64: 139374 | E64: 0 | F64: 0 | G64: 0 | H64: 62928.64 | I64: 39333.77 | J64: 0 | K64: 2422.61 | L64: 20901.59 | N64: -9920.34 | O64: 0.73 | P64: 115667 | Q64: 45108 | R64: CARLOS ALBERTO MATUK. | T64: 0061 1A-L32 | U64: CARLOS ALBERTO MATUK. (1)
... A82: 0079 1A- L50B | B82: OSCAR MARC (1) | C82: 89713 | D82: 89713 | E82: 0 | F82: 0 | G82: 0 | H82: 62928.64 | I82: 20637.73 | J82: 830.4 | K82: 1270.97 | L82: 0 | N82: -8099.56 | O82: 0.82 | P82: 77569 | Q82: 45108 | R82: OSCAR MARC | T82: 0079 1A- L50B | U82: OSCAR MARC (1)
A83: 0080 1A-L51 | B83: ELEONORA NAZAR ANCHORENA | C83: 4754260 | D83: 0 | E83: 2702833.3 | F83: En Abogados | G83: 0 | H83: 62928.64 | I83: 41073.6 | J83: 163.2 | K83: 2530.22 | L83: 0 | N83: 0 | O83: 0.85 | P83: 5225839 | Q83: 45108 | R83: ELEONORA NAZAR ANCHORENA | T83: 0080 1A-L51 | U83: ELEONORA NAZAR ANCHORENA
A84: 0081 1A-L52 | B84: FEDERICO COLUCCI (1) | C84: 115817 | D84: 115817 | E84: 0 | F84: 0 | G84: 0 | H84: 62928.64 | I84: 36757.65 | J84: 146.4 | K84: 2263.95 | L84: 0 | N84: -9670.02 | O84: 0.38 | P84: 92427 | Q84: 45108 | R84: FEDERICO COLUCCI | T84: 0081 1A-L52 | U84: FEDERICO COLUCCI
A85: 0082 1A-L53 | B85: SERGIO ELBIO CANTON (2) | C85: 81438 | D85: 82253 | E85: 0 | F85: 10994.04 | G85: 815 | H85: 62928.64 | I85: 13341.95 | J85: 537.6 | K85: 821.91 | L85: 0 | N85: 0 | O85: 0.86 | P85: 87810 | Q85: 45108 | R85: SERGIO ELBIO CANTON | T85: 0082 1A-L53 | U85: SERGIO ELBIO CANTON (1)
A86: 0083 1A-L53B | B86: SAMANTHA WAHNON | C86: 90543 | D86: 90543 | E86: 0 | F86: 867 | G86: 0 | H86: 62928.64 | I86: 12899.78 | J86: 519.6 | K86: 794.66 | L86: 0 | N86: 0 | O86: 0.32 | P86: 78010 | Q86: 45108 | R86: SAMANTHA WAHNON | T86: 0083 1A-L53B | U86: SAMANTHA WAHNON
A87: 0084 1A-L54 | B87: Hugo Gaston RONDA (1) | C87: 92518 | D87: 93444 | E87: 0 | F87: 926 | G87: 926 | H87: 62928.64 | I87: 22137.26 | J87: 890.4 | K87: 1363.75 | L87: 0 | N87: -8246.65 | O87: 0.6 | P87: 79074 | Q87: 45108 | R87: Hugo Gaston RONDA | T87: 0084 1A-L54 | U87: Hugo Gaston RONDA (1)
A88: 0085 1A- L55-1 | B88: FIDEICOMISO VILLA MARIA | C88: 89950 | D88: 89950 | E88: 0 | F88: 828 | G88: 0 | H88: 62928.64 | I88: 10881.19 | J88: 0 | K88: 587.72 | L88: 0 | N88: 0 | O88: 0.45 | P88: 75226 | Q88: 45108 | R88: FIDEICOMISO VILLA MARIA | T88: 0085 1A- L55-1 | U88: FIDEICOMISO VILLA MARIA (2)
A89: 0086 1A-L56 | B89: FIDEICOMISO VILLA MARIA | C89: 126554 | D89: 126554 | E89: 0 | F89: 1154 | G89: 0 | H89: 62928.64 | I89: 38286.02 | J89: 0 | K89: 2358.11 | L89: 0 | N89: 0 | O89: 0.23 | P89: 104727 | Q89: 45108 | R89: FIDEICOMISO VILLA MARIA | T89: 0086 1A-L56 | U89: FIDEICOMISO VILLA MARIA (2)
A90: 0087 1A-L57 | B90: Hugo Gaston RONDA (1) | C90: 99475 | D90: 100470 | E90: 0 | F90: 995 | G90: 995 | H90: 62928.64 | I90: 22137.26 | J90: 902.4 | K90: 1363.75 | L90: 0 | N90: -8246.65 | O90: 0.6 | P90: 79086 | Q90: 45108 | R90: Hugo Gaston RONDA | T90: 0087 1A-L57 | U90: Hugo Gaston RONDA (1)
A91: 0088 1A-L58 | B91: SAMANTHA WAHNON (1) | C91: 124741 | D91: 124741 | E91: 0 | F91: 1200 | G91: 0 | H91: 62928.64 | I91: 22348.73 | J91: 0 | K91: 1376.86 | L91: 0 | N91: 0 | O91: 0.77 | P91: 87855 | Q91: 45108 | R91: SAMANTHA WAHNON | T91: 0088 1A-L58 | U91: SAMANTHA WAHNON (1)
A92: 0089 1A-L59 | B92: DIEGO CARVALHO (2) | C92: 122229 | D92: 0 | E92: 105770.4 | F92: 30737.6 | G92: 0 | H92: 62928.64 | I92: 28500.64 | J92: 1146 | K92: 1755.22 | L92: 0 | N92: 0 | O92: 0.5 | P92: 230839 | Q92: 45108 | R92: DIEGO CARVALHO | T92: 0089 1A-L59 | U92: DIEGO CARVALHO (2)
A93: 0090 1A-L59B | B93: EUGENIA GIBBONS | C93: 5169353 | D93: 0 | E93: 2882211.3 | F93: En Abogados | G93: 0 | H93: 62928.64 | I93: 28913.97 | J93: 1161.6 | K93: 1780.74 | L93: 0 | N93: 0 | O93: 0.52 | P93: 5653237 | Q93: 45108 | R93: EUGENIA GIBBONS | T93: 0090 1A-L59B | U93: EUGENIA GIBBONS
A94: 0091 1A-L60 | B94: SAN EMILIO SCA (1) | C94: 92407 | D94: 92407 | E94: 0 | F94: 0 | G94: 0 | H94: 62928.64 | I94: 22041.14 | J94: 886.8 | K94: 1357.89 | L94: 0 | N94: -8237.51 | O94: 0.04 | P94: 78977 | Q94: 45108 | R94: SAN EMILIO SCA | T94: 0091 1A-L60 | U94: SAN EMILIO SCA (1)
A95: 0092 1A-L61 | B95: Ruth Marina Martini | C95: 97917 | D95: 0 | E95: 97917 | F95: 13218.8 | G95: 0 | H95: 62928.64 | I95: 22098.81 | J95: 889.2 | K95: 1361.34 | L95: 0 | N95: 0 | O95: 0.21 | P95: 198414 | Q95: 45108 | R95: Ruth Marina Martini | T95: 0092 1A-L61 | U95: Ruth Marina Martini
A96: 0093 1A-L62 | B96: OSCAR BAREIRO | C96: 98648 | D96: 99625 | E96: 0 | F96: 977 | G96: 977 | H96: 62928.64 | I96: 22694.78 | J96: 913.2 | K96: 1397.9 | L96: 0 | N96: -8300.55 | O96: 0.03 | P96: 79634 | Q96: 45108 | R96: OSCAR BAREIRO | T96: 0093 1A-L62 | U96: OSCAR BAREIRO
A97: 0094 1A-L63 | B97: PABLO GARCIA NAVARRO (1) | C97: 91345 | D97: 91345 | E97: 0 | F97: 0 | G97: 0 | H97: 62928.64 | I97: 21127.96 | J97: 849.6 | K97: 1301.32 | L97: 0 | N97: 0 | O97: 0.48 | P97: 86208 | Q97: 45108 | R97: PABLO GARCIA NAVARRO | T97: 0094 1A-L63 | U97: PABLO GARCIA NAVARRO (1)
A98: 0095 1A-L64 | B98: PODRZAJ - PODRZAJ (1) | C98: 94832 | D98: 94832 | E98: 0 | F98: 0 | G98: 0 | H98: 62928.64 | I98: 24127.02 | J98: 970.8 | K98: 1486.19 | L98: 0 | N98: -8440.33 | O98: 0.68 | P98: 81073 | Q98: 45108 | R98: PODRZAJ - PODRZAJ | T98: 0095 1A-L64 | U98: PODRZAJ - PODRZAJ (1)
A99: 0096 1A-L65 | B99: RUTA CPC | C99: 246957 | D99: 0 | E99: 226061.01 | F99: 51414.23 | G99: 0 | H99: 62928.64 | I99: 23540.66 | J99: 946.8 | K99: 1449.98 | L99: 0 | N99: 0 | O99: 0.68 | P99: 366342 | Q99: 45108 | R99: RUTA CPC | T99: 0096 1A-L65 | U99: RUTA CPC
A100: 0097 1B-L1 | B100: JORGE TABOADA (1) | C100: 86081 | D100: 86942 | E100: 0 | F100: 11620.81 | G100: 861 | H100: 62928.64 | I100: 16600.54 | J100: 667.2 | K100: 1022.64 | L100: 0 | N100: 0 | O100: 0.17 | P100: 91979 | Q100: 45108 | R100: JORGE TABOADA | T100: 0097 1B-L1 | U100: JORGE TABOADA (1)
A101: 0098 1B-L2 | B101: Jorge Delaportas | C101: 93881 | D101: 0 | E101: 92868 | F101: 13550.18 | G101: 0 | H101: 62928.64 | I101: 17984.72 | J101: 723.6 | K101: 1107.49 | L101: 0 | N101: 0 | O101: 0.37 | P101: 189163 | Q101: 45108 | R101: Jorge Delaportas | T101: 0098 1B-L2 | U101: Jorge Delaportas
A102: 0099 1B-L3 | B102: MARCIAL CARBALLAL | C102: 4117253 | D102: 0 | E102: 2312290.6 | F102: En Abogados | G102: 0 | H102: 62928.64 | I102: 17917.43 | J102: 721.2 | K102: 1103.35 | L102: 0 | N102: 0 | O102: 0.15 | P102: 4512083 | Q102: 45108 | R102: MARCIAL CARBALLAL | T102: 0099 1B-L3 | U102: MARCIAL CARBALLAL
A103: 0100 1B-L4 | B103: GIMENEZ ALFREDO FERNANDO | C103: 94803 | D103: 94803 | E103: 0 | F103: 0 | G103: 0 | H103: 62928.64 | I103: 19561.15 | J103: 787.2 | K103: 1204.75 | L103: 0 | N103: -7995.41 | O103: 0.67 | P103: 76487 | Q103: 45108 | R103: GIMENEZ ALFREDO FERNANDO | T103: 0100 1B-L4 | U103: GIMENEZ ALFREDO FERNANDO
A104: 0101 1B-L5 | B104: CLAUDIO VICENTE LOPEZ | C104: 2157306 | D104: 0 | E104: 1321312.3 | F104: En Abogados | G104: 0 | H104: 62928.64 | I104: 19561.15 | J104: 787.2 | K104: 1204.75 | L104: 0 | N104: 0 | O104: 0.1 | P104: 2420165 | Q104: 45108 | R104: CLAUDIO VICENTE LOPEZ | T104: 0101 1B-L5 | U104: CLAUDIO VICENTE LOPEZ
A105: 0102 1B-L6 | B105: FERNANDO JASNIS | C105: 93577 | D105: 93577 | E105: 0 | F105: 0 | G105: 0 | H105: 62928.64 | I105: 18561.46 | J105: 747.6 | K105: 1143.36 | L105: 0 | N105: -7898.57 | O105: 0.51 | P105: 75483 | Q105: 45108 | R105: FERNANDO JASNIS | T105: 0102 1B-L6 | U105: FERNANDO JASNIS
A106: 0103 1B-L7 | B106: DANIEL OSVALDO BENITES/GONZALEZ NOELIA (1) | C106: 86505 | D106: 88000 | E106: 0 | F106: 866 | G106: 1495 | H106: 62928.64 | I106: 16965.81 | J106: 681.6 | K106: 1045.06 | L106: 0 | N106: -7743.26 | O106: 0.15 | P106: 73249 | Q106: 45108 | R106: DANIEL OSVALDO BENITES/GONZALEZ NOELIA | T106: 0103 1B-L7 | U106: DANIEL OSVALDO BENITES/GONZALEZ NOELIA (1)
A107: 0104 1B-L8 | B107: EDUARDO HIRSH (1) | C107: 86294 | D107: 87157 | E107: 0 | F107: 863 | G107: 863 | H107: 62928.64 | I107: 16783.18 | J107: 675.6 | K107: 1034.02 | L107: 0 | N107: -7724.99 | O107: 0.55 | P107: 73697 | Q107: 45108 | R107: EDUARDO HIRSH | T107: 0104 1B-L8 | U107: EDUARDO HIRSH (1)
A108: 0105 1B-L9 | B108: FERNANDO WEHT (2) | C108: 105537 | D108: 105537 | E108: 0 | F108: 0 | G108: 0 | H108: 62928.64 | I108: 18003.95 | J108: 0 | K108: 1109.21 | L108: 0 | N108: -7844.67 | O108: 0.87 | P108: 74198 | Q108: 45108 | R108: FERNANDO WEHT | T108: 0105 1B-L9 | U108: FERNANDO WEHT (2)
A109: 0106 1B-L10 | B109: VICTORIA ANGELA CIPPONERI (1) | C109: 86248 | D109: 86248 | E109: 0 | F109: 0 | G109: 0 | H109: 62928.64 | I109: 16427.52 | J109: 0 | K109: 1011.95 | L109: 0 | N109: -7690.27 | O109: 0.16 | P109: 72678 | Q109: 45108 | R109: VICTORIA ANGELA CIPPONERI | T109: 0106 1B-L10 | U109: VICTORIA ANGELA CIPPONERI (1)
A110: 0107 1B-L11 | B110: Hector Daniel CAZZASA/Zulema Amelia LEFEVRE (1) | C110: 91658 | D110: 91658 | E110: 0 | F110: 0 | G110: 0 | H110: 62928.64 | I110: 21397.11 | J110: 860.4 | K110: 1318.22 | L110: 0 | N110: -8174.48 | O110: 0.11 | P110: 78330 | Q110: 45108 | R110: Hector Daniel CAZZASA/Zulema Amelia LEFEVRE | T110: 0107 1B-L11 | U110: Hector Daniel CAZZASA/Zulema Amelia LEFEVRE (1)
A111: 0108 1B-L12 | B111: MORA DELGADO (1) | C111: 90078 | D111: 90979 | E111: 0 | F111: 901 | G111: 901 | H111: 62928.64 | I111: 20041.76 | J111: 806.4 | K111: 1234.76 | L111: 0 | N111: 0 | O111: 0.44 | P111: 85012 | Q111: 45108 | R111: MORA DELGADO | T111: 0108 1B-L12 | U111: MORA DELGADO (1)
A112: 0109 1B-L13 | B112: MORA DELGADO (1) | C112: 116703 | D112: 117871 | E112: 0 | F112: 1168 | G112: 1168 | H112: 62928.64 | I112: 18090.46 | J112: 0 | K112: 1114.04 | L112: 29618 | N112: 0 | O112: 0.86 | P112: 111752 | Q112: 45108 | R112: MORA DELGADO | T112: 0109 1B-L13 | U112: MORA DELGADO (1)
A113: 0110 1B-L14 | B113: LUCIANO POMPONIO (1) | C113: 87613 | D113: 87613 | E113: 0 | F113: 0 | G113: 0 | H113: 62928.64 | I113: 17917.43 | J113: 721.2 | K113: 1103.35 | L113: 0 | N113: -7834.62 | O113: 0 | P113: 74836 | Q113: 45108 | R113: LUCIANO POMPONIO | T113: 0110 1B-L14 | U113: LUCIANO POMPONIO (1)
A114: 0111 1B-L15 | B114: Victor Walter Fuentes/ Mariana Paola Tuya (1) | C114: 80963 | D114: 80963 | E114: 0 | F114: 0 | G114: 0 | H114: 62928.64 | I114: 12198.08 | J114: 490.8 | K114: 751.55 | L114: 0 | N114: -7279.16 | O114: 0.09 | P114: 69090 | Q114: 45108 | R114: Victor Walter Fuentes/Mariana Paola Tuya | T114: 0111 1B-L15 | U114: Victor Walter Fuentes/ Mariana Paola Tuya (1)
A115: 0112 1B-L16 | B115: EMILY TELO (1) | C115: 83312 | D115: 83500 | E115: 0 | F115: 0 | G115: 188 | H115: 62928.64 | I115: 14274.35 | J115: 574.8 | K115: 879.51 | L115: 0 | N115: -7481.06 | O115: 0.76 | P115: 70989 | Q115: 45108 | R115: EMILY TELO | T115: 0112 1B-L16 | U115: EMILY TELO (1)
A116: 0113 1B-L17 | B116: CHRISTIAN ANDR…S NARA/CABALLERO NATALIAL (1) | C116: 82226 | D116: 82226 | E116: 0 | F116: 0 | G116: 0 | H116: 62928.64 | I116: 13284.28 | J116: 535.2 | K116: 818.11 | L116: 0 | N116: -7384.22 | O116: 0.99 | P116: 70183 | Q116: 45108 | R116: CHRISTIAN ANDR…S NARA/ CABALLERO NATALIAL | T116: 0113 1B-L17 | U116: CHRISTIAN ANDR…S NARA/CABALLERO NATALIAL (1)
... A119: 0116 1B-L20 | B119: AGROPECUARIA EL BAYITO S.A. (1) | C119: 87456 | D119: 87456 | E119: 0 | F119: 0 | G119: 0 | H119: 62928.64 | I119: 17782.86 | J119: 715.2 | K119: 1095.07 | L119: 0 | N119: -7821.83 | O119: 0.06 | P119: 74700 | Q119: 45108 | R119: AGROPECUARIA EL BAYITO S.A. | T119: 0116 1B-L20 | U119: AGROPECUARIA EL BAYITO S.A. (1)
A120: 0117 1B-L21 | B120: DIEGO MUFFATTI | C120: 3331090 | D120: 0 | E120: 1916283.1 | F120: En Abogados | G120: 0 | H120: 62928.64 | I120: 19042.08 | J120: 766.8 | K120: 1172.67 | L120: 0 | N120: 0 | O120: 0.59 | P120: 3673699 | Q120: 45108 | R120: DIEGO MUFFATTI | T120: 0117 1B-L21 | U120: DIEGO MUFFATTI
A121: 0118 1B-L22 | B121: ALFREDO CASTIGLIA (1) | C121: 123258 | D121: 123258 | E121: Plan de Pago | F121: Plan de Pago | G121: 0 | H121: 62928.64 | I121: 19042.08 | J121: 766.8 | K121: 1172.67 | L121: 0 | N121: 29091.35 | O121: 0.46 | P121: 113002 | Q121: 45108 | R121: ALFREDO CASTIGLIA | T121: 0118 1B-L22 | U121: ALFREDO CASTIGLIA (1)
A122: 0119 1B-L23 | B122: PAUL SIMON FITZPATRICK/IRAZU CARINA LORE (1) | C122: 97819 | D122: 97819 | E122: 0 | F122: 0 | G122: 0 | H122: 62928.64 | I122: 19042.08 | J122: 0 | K122: 1172.67 | L122: 0 | N122: -4471.75 | O122: 0.36 | P122: 78672 | Q122: 45108 | R122: PAUL SIMON FITZPATRICK/IRAZU CARINA LORE | T122: 0119 1B-L23 | U122: PAUL SIMON FITZPATRICK/IRAZU CARINA LORE (1)
A123: 0120 1B-L24 | B123: OSCAR BALLESTER (1) (2) | C123: 22963 | D123: 22963 | E123: 0 | F123: 0 | G123: 0 | H123: 62928.64 | I123: 19042.08 | J123: 0 | K123: 1172.67 | L123: 14809 | N123: -7944.25 | O123: 0.86 | P123: 90009 | Q123: 45108 | R123: OSCAR BALLESTER | T123: 0120 1B-L24 | U123: OSCAR BALLESTER (1) (2)
A124: 0121 1B-L25 | B124: DANIEL MANZINI (1) | C124: 103281 | D124: 103500 | E124: Plan de Pago | F124: Plan de Pago | G124: 219 | H124: 62928.64 | I124: 14726.13 | J124: 592.8 | K124: 907.1 | L124: 0 | N124: 49607.68 | O124: 0.65 | P124: 128544 | Q124: 45108 | R124: DANIEL MANZINI | T124: 0121 1B-L25 | U124: DANIEL MANZINI (1)
A125: 0122 1B-L26 | B125: MONICA MARTINEZ (1) (2) | C125: 100560 | D125: 100560 | H125: 62928.64 | I125: 13438.08 | J125: 0 | K125: 827.77 | L125: 0 | N125: 10968.37 | O125: 0.14 | P125: 88163 | Q125: 45108 | R125: MONICA MARTINEZ | T125: 0122 1B-L26 | U125: MONICA MARTINEZ (1) (2)
A126: 0123 1B-L27 | B126: ESTEBAN CORSO | C126: 162827 | D126: 110000 | E126: 52827 | F126: 7131.65 | G126: 0 | H126: 62928.64 | I126: 18398.05 | J126: 0 | K126: 1133.35 | L126: 17277.17 | N126: 0 | O126: 0.14 | P126: 159696 | Q126: 45108 | R126: ESTEBAN CORSO | T126: 0123 1B-L27 | U126: ESTEBAN CORSO
A127: 0124 1B-L28 | B127: Angel Federico BUNSOW / Maria Paula DE LUCA | C127: 95125 | D127: 0 | E127: 94166 | F127: 13671.41 | G127: 0 | H127: 62928.64 | I127: 19042.08 | J127: 766.8 | K127: 1172.67 | L127: 0 | N127: 0 | O127: 0.4 | P127: 191748 | Q127: 45108 | R127: Angel Federico BUNSOW / Maria Paula DE LUCA | T127: 0124 1B-L28 | U127: Angel Federico BUNSOW / Maria Paula DE LUCA
A128: 0125 1B-L29 | B128: SEBASTI£N CHU | C128: 4224970 | D128: 0 | E128: 2370671.4 | F128: En Abogados | G128: 0 | H128: 62928.64 | I128: 19051.69 | J128: 766.8 | K128: 1173.36 | L128: 0 | N128: 0 | O128: 0.87 | P128: 4628932 | Q128: 45108 | R128: SEBASTI£N CHU | T128: 0125 1B-L29 | U128: SEBASTI£N CHU
A129: 0126 1B-L30 | B129: Vicente DE MOLA (1) | C129: 88921 | D129: 88921 | E129: 0 | F129: 0 | G129: 0 | H129: 62928.64 | I129: 19042.08 | J129: 766.8 | K129: 1172.67 | L129: 0 | N129: -7944.25 | O129: 0.06 | P129: 75966 | Q129: 45108 | R129: MATIAS CORTIJO | T129: 0126 1B-L30 | U129: Vicente DE MOLA (1)
A130: 0127 1B-L31 | B130: MARIA ISABEL ABULIAk (1) | C130: 88921 | D130: 88921 | E130: 0 | F130: 0 | G130: 0 | H130: 62928.64 | I130: 19042.08 | J130: 766.8 | K130: 1172.67 | L130: 0 | N130: -7944.25 | O130: 0.06 | P130: 75966 | Q130: 45108 | R130: MARIA ISABEL ABULIAk | T130: 0127 1B-L31 | U130: MARIA ISABEL ABULIAk (1)
A131: 0128 1B-L32 | B131: BISCAYNE SERVICIOS SA | C131: 272487 | D131: 0 | E131: 244869.65 | F131: 60674.75 | G131: 0 | H131: 62928.64 | I131: 16389.07 | J131: 657.6 | K131: 1009.53 | L131: 0 | N131: 0 | O131: 0.76 | P131: 386530 | Q131: 45108 | R131: BISCAYNE SERVICIOS SA | T131: 0128 1B-L32 | U131: BISCAYNE SERVICIOS SA
A132: 0129 1B-L33 | B132: JUAN MANUEL GALLEGO (1) | C132: 88921 | D132: 88921 | E132: 0 | F132: 0 | G132: 0 | H132: 62928.64 | I132: 19042.08 | J132: 766.8 | K132: 1172.67 | L132: 0 | N132: -7944.25 | O132: 0.06 | P132: 75966 | Q132: 45108 | R132: JUAN MANUEL GALLEGO | T132: 0129 1B-L33 | U132: JUAN MANUEL GALLEGO (1)
A133: 0130 1B-L34 | B133: NATALIA GANEM | C133: 288738 | D133: 0 | E133: 258967.23 | F133: 64731.35 | G133: 0 | H133: 62928.64 | I133: 19042.08 | J133: 766.8 | K133: 1172.67 | L133: 0 | N133: 0 | O133: 0.23 | P133: 407609 | Q133: 45108 | R133: NATALIA GANEM | T133: 0130 1B-L34 | U133: NATALIA GANEM
A134: 0131 1B-L35 | B134: TOMAS BELLO (1) | C134: 95094 | D134: 95094 | E134: 0 | F134: 0 | G134: 0 | H134: 62928.64 | I134: 19080.53 | J134: 768 | K134: 1175.43 | L134: 0 | N134: -1003.82 | O134: 0.22 | P134: 82949 | Q134: 45108 | R134: TOMAS BELLO | T134: 0131 1B-L35 | U134: TOMAS BELLO (1)
A135: 0132 1B-L36 | B135: LUCAS MORANDO DELGADO | C135: 105516 | D135: 105500 | E135: 16 | F135: 1044 | G135: 0 | H135: 62928.64 | I135: 19042.08 | J135: 766.8 | K135: 1172.67 | L135: 0 | N135: 0 | O135: 0.81 | P135: 84971 | Q135: 45108 | R135: LUCAS MORANDO DELGADO | T135: 0132 1B-L36 | U135: LUCAS MORANDO DELGADO
A136: 0133 1B-L37 | B136: LUIS LOSADA (1) | C136: 88965 | D136: 88965 | E136: 0 | F136: 0 | G136: 0 | H136: 62928.64 | I136: 19080.53 | J136: 768 | K136: 1175.43 | L136: 0 | N136: -7948.82 | O136: 0.22 | P136: 76004 | Q136: 45108 | R136: LUIS LOSADA | T136: 0133 1B-L37 | U136: LUIS LOSADA (1)
A137: 0134 1B-L38 | B137: MARIA ISABEL ABULIAK (1) | C137: 88835 | D137: 88835 | E137: 0 | F137: 0 | G137: 0 | H137: 62928.64 | I137: 18965.18 | J137: 768 | K137: 1168.19 | L137: 0 | N137: -7937.86 | O137: 0.85 | P137: 75893 | Q137: 45108 | R137: MARIA ISABEL ABULIAK | T137: 0134 1B-L38 | U137: MARIA ISABEL ABULIAK (1)
A138: 0135 1B-L39 | B138: SEBASTI£N MATOS | C138: 407807 | D138: 0 | E138: 344591.72 | F138: 109735.16 | G138: 0 | H138: 62928.64 | I138: 12688.31 | J138: 511.2 | K138: 781.55 | L138: 0 | N138: 0 | O138: 0.42 | P138: 531237 | Q138: 45108 | R138: SEBASTI£N MATOS | T138: 0135 1B-L39 | U138: SEBASTI£N MATOS
A139: 0136 1B-L40 | B139: FERNANDO ZUBILLAGA (1) | C139: 86842 | D139: 86842 | E139: 0 | F139: 0 | G139: 0 | H139: 62928.64 | I139: 17254.18 | J139: 694.8 | K139: 1062.65 | L139: 0 | N139: -7770.67 | O139: 0.4 | P139: 74170 | Q139: 45108 | R139: FERNANDO ZUBILLAGA | T139: 0136 1B-L40 | U139: FERNANDO ZUBILLAGA (1)
...

Sheet JUNIO 2023
A3: U.F. Lote | B3: Propietario | C3: Saldo Anterior | D3: Pagos Recibidos | E3: Deuda | F3: Interés | G3: Disponible | H3: Expensa A | I3: Expensa B | J3: Corte de Pasto | K3: Arba en revalúo | L3: Arba form. 903 | M3: Previsión por mora | N3: Otros Gastos | O3: Redon. | P3: TOTAL | Q3: Periodo expensas
A4: 0001 1A-L1 | B4: GRACIELA PRIORI (1) | C4: 57739 | D4: 57739 | E4: 0 | F4: 0 | G4: 0 | H4: 70801.97 | I4: 21651.65 | J4: 772.8 | K4: 1185.09 | L4: 0 | N4: -5258.78 | O4: 0.27 | P4: 89153 | Q4: 45078
A5: 0002 1A-L1B | B5: GRACIELA PRIORI (1) | C5: 57852 | D5: 57852 | E5: 0 | F5: 0 | G5: 0 | H5: 70801.97 | I5: 21770.61 | J5: 778.8 | K5: 1191.99 | L5: 0 | N5: -5266.02 | O5: 0.65 | P5: 89278 | Q5: 45078
A6: 0003 1A-L2 | B6: MIGUEL SOSTRES (1) | C6: 58166 | D6: 58166 | E6: 0 | F6: 0 | G6: 0 | H6: 70801.97 | I6: 22105.88 | J6: 790.8 | K6: 1209.92 | L6: 0 | N6: -5284.72 | O6: 0.15 | P6: 89624 | Q6: 45078
A7: 0004 1A-L2B | B7: TRISTAN BRIANO (1) | C7: 52899 | D7: 52899 | E7: 0 | F7: 0 | G7: 0 | H7: 70801.97 | I7: 16482.07 | J7: 589.2 | K7: 902.61 | L7: 0 | N7: -4963.8 | O7: 0.95 | P7: 83813 | Q7: 45078
A8: 0005 1A-L2C | B8: TRISTAN BRIANO (1) | C8: 52970 | D8: 52970 | E8: 0 | F8: 0 | G8: 0 | H8: 70801.97 | I8: 16557.78 | J8: 592.8 | K8: 906.41 | L8: 0 | N8: -4968.02 | O8: 0.06 | P8: 83891 | Q8: 45078
A9: 0006 1A-L3 | B9: Esteban Marcelo CHAMS (1) | C9: 52362 | D9: 52362 | E9: 0 | F9: 0 | G9: 0 | H9: 70801.97 | I9: 15908.88 | J9: 568.8 | K9: 871.23 | L9: 0 | N9: -4931.22 | O9: 0.34 | P9: 83220 | Q9: 45078
A10: 0007 1A-L3B | B10: CARLOS RENE RODRIGUEZ | C10: 104877 | D10: 106588 | E10: 0 | F10: 1711 | G10: 1711 | H10: 70801.97 | I10: 15768.28 | J10: 565.2 | K10: 863.29 | L10: 0 | N10: 0 | O10: 0.26 | P10: 87999 | Q10: 45078
A11: 0008 1A-L4 | B11: CLAUDIO SPERANZA (1) | C11: 77343 | D11: 77342 | E11: 1 | F11: 0.14 | G11: 0 | H11: 70801.97 | I11: 23068.42 | J11: 0 | K11: 1262.69 | L11: 19100.48 | N11: -5339.61 | O11: 0.91 | P11: 108896 | Q11: 45078
A12: 0009 1A-L4B | B12: RAFAEL BALTAZAR FLORES/TERESA MI— ONES (1) | C12: 65851 | D12: 65851 | E12: 0 | F12: 0 | G12: 0 | H12: 70801.97 | I12: 23111.68 | J12: 0 | K12: 1265.11 | L12: 0 | N12: -5342.03 | O12: 0.27 | P12: 89837 | Q12: 45078
A13: 0010 1A-L4C | B13: GERARDO PAZ (1) | C13: 54205 | D13: 54205 | E13: 0 | F13: 0 | G13: 0 | H13: 70801.97 | I13: 17877.21 | J13: 638.4 | K13: 978.49 | L13: 0 | N13: -5042.82 | O13: 0.75 | P13: 85254 | Q13: 45078
A14: 0011 1A-L4D | B14: DANIEL MARGULIES (1) | C14: 54176 | D14: 54176 | E14: 0 | F14: 0 | G14: 0 | H14: 70801.97 | I14: 17844.77 | J14: 638.4 | K14: 976.77 | L14: 0 | N14: -5041.01 | O14: 0.1 | P14: 85221 | Q14: 45078
A15: 0012 1A- L5-2 | B15: Guadalupe Jazmin CHAMS (1) | C15: 53465 | D15: 53465 | E15: 0 | F15: 0 | G15: 0 | H15: 70801.97 | I15: 15768.28 | J15: 162 | K15: 2498.14 | L15: 0 | N15: -4920.97 | O15: 0.58 | P15: 84310 | Q15: 45078
... A34: 0031 1A- L14B | B34: ROBERTO MARINHO | C34: 70886 | D34: 70886 | E34: 0 | F34: 0 | G34: 0 | H34: 70801.97 | I34: 29568.24 | J34: 1057.2 | K34: 1618.63 | L34: 0 | N34: 0 | O34: 0.96 | P34: 103047 | Q34: 45078
A35: 0032 1A-L15 | B35: ALFREDO CASTIGLIA (1) | C35: 98438 | D35: 98438 | E35: Plan de Pago | F35: Plan de Pago | G35: 0 | H35: 70801.97 | I35: 28962.6 | J35: 1034.4 | K35: 1585.52 | L35: 0 | N35: 33851.03 | O35: 0.48 | P35: 136236 | Q35: 45078
A36: 0033 1A- L15B | B36: Ariel Arnoldo Abramovich (1) | C36: 82700 | D36: 82700 | E36: 0 | F36: 0 | G36: 0 | H36: 70801.97 | I36: 35419.16 | J36: 1266 | K36: 1939.05 | L36: 0 | N36: -6046 | O36: 0.82 | P36: 103381 | Q36: 45078
A37: 0034 1A-L16 | B37: ARIEL AKERMAN - SEBASTAN JANON (1) | C37: 62624 | D37: 62624 | E37: 0 | F37: 0 | G37: 0 | H37: 70801.97 | I37: 26864.48 | J37: 961.2 | K37: 1470.67 | L37: 0 | N37: -5556.78 | O37: 0.46 | P37: 94542 | Q37: 45078
A38: 0035 1A- L16B | B38: Gisela CANIEVSKY (1) | C38: 59148 | D38: 59148 | E38: 0 | F38: 0 | G38: 0 | H38: 70801.97 | I38: 23154.94 | J38: 828 | K38: 1267.52 | L38: 0 | N38: -5345.04 | O38: 0.61 | P38: 90708 | Q38: 45078
A39: 0036 1A-L17 | B39: RUTA CPC | C39: 154401 | D39: 0 | E39: 149962.19 | F39: 24683.71 | G39: 0 | H39: 70801.97 | I39: 42297.5 | J39: 150 | K39: 2315.69 | L39: 0 | N39: 0 | O39: 0.94 | P39: 290212 | Q39: 45078
A40: 0037 1A- L17B | B40: RUTA CPC | C40: 145848 | D40: 0 | E40: 141609.72 | F40: 23355.59 | G40: 0 | H40: 70801.97 | I40: 35635.46 | J40: 1274.4 | K40: 1950.78 | L40: 0 | N40: 0 | O40: 0.08 | P40: 274628 | Q40: 45078
A41: 0038 1A-L18 | B41: BIAU DANIEL/ CRISTALDO MABEL (1) | C41: 60367 | D41: 60367 | E41: 0 | F41: 0 | G41: 0 | H41: 70801.97 | I41: 25426.09 | J41: 0 | K41: 1391.69 | L41: 0 | N41: -5474.13 | O41: 0.38 | P41: 92146 | Q41: 45078
A42: 0039 1A- L18B | B42: MIGUEL PEREIRA L´PEZ | C42: 3651572 | D42: 0 | E42: 2143950.1 | F42: En Abogados | G42: 0 | H42: 70801.97 | I42: 21835.5 | J42: 781.2 | K42: 1195.44 | L42: 0 | N42: 0 | O42: 0.63 | P42: 4035620 | Q42: 45078
A43: 0040 1A-L19 | B43: SEBASTIAN LAUSI | C43: 3255619 | D43: 0 | E43: 1919345.7 | F43: En Abogados | G43: 0 | H43: 70801.97 | I43: 16503.7 | J43: 590.4 | K43: 903.65 | L43: 0 | N43: 0 | O43: 0.61 | P43: 3603531 | Q43: 45078
A44: 0041 1A- L19B | B44: SEBASTIAN LAUSI | C44: 3875441 | D44: 0 | E44: 2270940.4 | F44: En Abogados | G44: 0 | H44: 70801.97 | I44: 24852.89 | J44: 888 | K44: 1360.65 | L44: 0 | N44: 0 | O44: 0.54 | P44: 4279922 | Q44: 45078
A45: 0042 1A- L19C | B45: SEBASTIAN LAUSI | C45: 3188953 | D45: 0 | E45: 1881550.4 | F45: En Abogados | G45: 0 | H45: 70801.97 | I45: 15616.87 | J45: 558 | K45: 854.67 | L45: 0 | N45: 0 | O45: 0.18 | P45: 3530794 | Q45: 45078
A46: 0043 1A-L20 | B46: Luis Enrique Landini (1) | C46: 65392 | D46: 65392 | E46: 0 | F46: 0 | G46: 0 | H46: 70801.97 | I46: 23295.53 | J46: 0 | K46: 1275.11 | L46: 0 | N46: 1592.12 | O46: 0.27 | P46: 96965 | Q46: 45078
A47: 0044 1A- L20B | B47: JAIME CHMEA | C47: 1112721 | D47: 0 | E47: 787539.05 | F47: 431499.72 | G47: 0 | H47: 70801.97 | I47: 22224.84 | J47: 0 | K47: 1216.82 | L47: 0 | N47: 0 | O47: 0.6 | P47: 1313283 | Q47: 45078
A48: 0045 1A-L21 | B48: PABLO GARCIA NAVARRO (1) | C48: 89561 | D48: 89561 | E48: 0 | F48: 0 | G48: 0 | H48: 70801.97 | I48: 48873.03 | J48: 172.8 | K48: 2675.42 | L48: 0 | N48: -6814.52 | O48: 0.3 | P48: 115709 | Q48: 45078
A49: 0046 1A-L22 | B49: FIDEICOMISO VILLA MARIA (2) | C49: 89533 | D49: 90390.14 | E49: 0 | F49: 11932.36 | G49: 857.14 | H49: 70801.97 | I49: 48937.92 | J49: 0 | K49: 2678.87 | L49: 0 | N49: 0 | O49: 0.02 | P49: 133494 | Q49: 45078
A50: 0047 1A-L23 | B50: THOMAS HOELLER | C50: 95072 | D50: 0 | E50: 78378.09 | F50: 27274.95 | G50: 0 | H50: 70801.97 | I50: 37106.3 | J50: 1326 | K50: 2031.48 | L50: 0 | N50: 0 | O50: 0.21 | P50: 216919 | Q50: 45078
A51: 0048 1A-L24 | B51: RUTA CPC | C51: 150053 | D51: 0 | E51: 145725.19 | F51: 24000.71 | G51: 0 | H51: 70801.97 | I51: 39647.83 | J51: 141.6 | K51: 2170.83 | L51: 0 | N51: 0 | O51: 0.87 | P51: 282489 | Q51: 45078
A52: 0049 1A-L25 | B52: ALFRED GLASSEL | C52: 1848200 | D52: 0 | E52: 1242511.3 | F52: En Abogados | G52: 0 | H52: 70801.97 | I52: 41843.27 | J52: 148.8 | K52: 2290.51 | L52: 0 | N52: 0 | O52: 0.43 | P52: 2131024 | Q52: 45078
A53: 0050 1A-L26 | B53: IDA MABEL ZAPPALA (GABRIEL GAUNA APODER) (2) | C53: 72348 | D53: 54400 | E53: 17948 | F53: 9766.98 | G53: 0 | H53: 70801.97 | I53: 21922.02 | J53: 0 | K53: 1199.92 | L53: 0 | N53: 0 | O53: 0.11 | P53: 121639 | Q53: 45078
A54: 0051 1A- L26B | B54: SALVADOR BELLO | C54: -37115.7 | D54: 0 | E54: 0 | F54: 0 | G54: 37115.7 | H54: 70801.97 | I54: 22852.12 | J54: 817.2 | K54: 1250.97 | L54: 0 | N54: 0 | O54: 0.44 | P54: 58607 | Q54: 45078
A55: 0052 1A-L27 | B55: TERESA TANCO | C55: 60298 | D55: 60298 | E55: 0 | F55: 1005 | G55: 0 | H55: 70801.97 | I55: 24398.66 | J55: 873.6 | K55: 1335.81 | L55: 0 | N55: 0 | O55: 0.96 | P55: 98416 | Q55: 45078
A56: 0053 1A- L27B | B56: FEDERICO BUNSOW | C56: 59324 | D56: 59324 | E56: 0 | F56: 989 | G56: 0 | H56: 70801.97 | I56: 24268.88 | J56: 0 | K56: 1328.57 | L56: 0 | N56: 0 | O56: 0.58 | P56: 97389 | Q56: 45078
A57: 0054 1A-L28 | B57: MARIANA VALOTTA (1) | C57: 67667 | D57: 51838.78 | E57: 15828.22 | F57: 2136.81 | G57: 0 | H57: 70801.97 | I57: 29871.06 | J57: 0 | K57: 1043.33 | L57: 3268.65 | N57: -5110.99 | O57: 0.95 | P57: 117840 | Q57: 45078
A58: 0055 1A- L28B | B58: PABLO VERA PINTO (1) | C58: 61503 | D58: 61503 | E58: 0 | F58: 0 | G58: 0 | H58: 70801.97 | I58: 20126.73 | J58: 720 | K58: 1101.62 | L58: 0 | N58: -5171.31 | O58: 0.99 | P58: 87580 | Q58: 45078
A59: 0056 1A-L29 | B59: PABLO VERA PINTO (1) | C59: 85820 | D59: 85820 | E59: 0 | F59: 0 | G59: 0 | H59: 70801.97 | I59: 21046.01 | J59: 0 | K59: 1151.98 | L59: 16587.84 | N59: -5224.4 | O59: 0.6 | P59: 104364 | Q59: 45078
A60: 0057 1A- L29B | B60: GABRIEL GALATI | C60: 268632 | D60: 272708 | E60: 0 | F60: 4076 | G60: 4076 | H60: 70801.97 | I60: 21024.38 | J60: 0 | K60: 1150.94 | L60: 0 | N60: 0 | O60: 0.71 | P60: 92978 | Q60: 45078
A61: 0058 1A-L30 | B61: AGUSTÕN GIMENEZ/ FERNANDA ARCURI | C61: 63669 | D61: 63669 | E61: 0 | F61: 1062 | G61: 0 | H61: 70801.97 | I61: 20689.11 | J61: 0 | K61: 1132.66 | L61: 0 | N61: 0 | O61: 0.26 | P61: 93686 | Q61: 45078
A62: 0059 1A- L30B | B62: Martin Andres RODE (1) | C62: 120318 | D62: 120318 | E62: 0 | F62: 0 | G62: 0 | H62: 70801.97 | I62: 20278.14 | J62: 724.8 | K62: 1110.25 | L62: 0 | N62: 20500 | O62: 0.84 | P62: 113416 | Q62: 45078
A63: 0060 1A-L31 | B63: FRANCO BORDONI (1) | C63: 76987 | D63: 77000 | E63: 0 | F63: 0 | G63: 13 | H63: 70801.97 | I63: 43876.49 | J63: 0 | K63: 2402.26 | L63: 0 | N63: -6529.19 | O63: 0.47 | P63: 110539 | Q63: 45078
A64: 0061 1A-L32 | B64: CARLOS ALBERTO MATUK. (1) | C64: 98230 | D64: 98230 | E64: 0 | F64: 0 | G64: 0 | H64: 70801.97 | I64: 44255.02 | J64: 0 | K64: 2422.61 | L64: 20901.57 | N64: 992.27 | O64: 0.56 | P64: 139374 | Q64: 45078
... A82: 0079 1A- L50B | B82: OSCAR MARC (1) | C82: 64577 | D82: 65640 | E82: 0 | F82: 0 | G82: 1063 | H82: 70801.97 | I82: 23219.83 | J82: 830.4 | K82: 1270.97 | L82: 0 | N82: -5348.06 | O82: 0.89 | P82: 89713 | Q82: 45078
A83: 0080 1A-L51 | B83: ELEONORA NAZAR ANCHORENA | C83: 4285830 | D83: 0 | E83: 2583125.2 | F83: En Abogados | G83: 0 | H83: 70801.97 | I83: 46212.54 | J83: 163.2 | K83: 2530.22 | L83: 0 | N83: 0 | O83: 0.17 | P83: 4754260 | Q83: 45078
A84: 0081 1A-L52 | B84: FEDERICO COLUCCI | C84: 74837 | D84: 74837 | E84: 0 | F84: 1248 | G84: 0 | H84: 70801.97 | I84: 41356.6 | J84: 146.4 | K84: 2263.95 | L84: 0 | N84: 0 | O84: 0.08 | P84: 115817 | Q84: 45078
A85: 0082 1A-L53 | B85: SERGIO ELBIO CANTON (1) | C85: 51351 | D85: 52207 | E85: 0 | F85: 0 | G85: 856 | H85: 70801.97 | I85: 15011.23 | J85: 537.6 | K85: 821.91 | L85: 0 | N85: -4879.35 | O85: 0.64 | P85: 81438 | Q85: 45078
A86: 0083 1A- L53B | B86: SAMANTHA WAHNON | C86: 251398 | D86: 251398 | E86: 0 | F86: 3913 | G86: 0 | H86: 70801.97 | I86: 14513.74 | J86: 519.6 | K86: 794.66 | L86: 0 | N86: 0 | O86: 0.03 | P86: 90543 | Q86: 45078
A87: 0084 1A-L54 | B87: Hugo Gaston RONDA (1) | C87: 60789 | D87: 60789 | E87: 0 | F87: 0 | G87: 0 | H87: 70801.97 | I87: 24906.97 | J87: 890.4 | K87: 1363.75 | L87: 0 | N87: -5445.18 | O87: 0.09 | P87: 92518 | Q87: 45078
A88: 0085 1A- L55-1 | B88: FIDEICOMISO VILLA MARIA (2) | C88: 53919 | D88: 54776.14 | E88: 0 | F88: 7174.66 | G88: 857.14 | H88: 70801.97 | I88: 12242.59 | J88: 0 | K88: 587.72 | L88: 0 | N88: 0 | O88: 0.2 | P88: 89950 | Q88: 45078
A89: 0086 1A-L56 | B89: FIDEICOMISO VILLA MARIA (2) | C89: 83857 | D89: 84714.14 | E89: 0 | F89: 11174.15 | G89: 857.14 | H89: 70801.97 | I89: 43076.18 | J89: 0 | K89: 2358.11 | L89: 0 | N89: 0 | O89: 0.73 | P89: 126554 | Q89: 45078
A90: 0087 1A-L57 | B90: Hugo Gaston RONDA (1) | C90: 60801 | D90: 60801 | E90: 0 | F90: 0 | G90: 0 | H90: 70801.97 | I90: 24906.97 | J90: 902.4 | K90: 1363.75 | L90: 0 | N90: 1499.82 | O90: 0.09 | P90: 99475 | Q90: 45078
A91: 0088 1A-L58 | B91: SAMANTHA WAHNON (1) | C91: 307927 | D91: 307927 | E91: 0 | F91: 4789 | G91: 0 | H91: 70801.97 | I91: 25144.9 | J91: 0 | K91: 1376.86 | L91: 0 | N91: 22627.71 | O91: 0.56 | P91: 124741 | Q91: 45078
A92: 0089 1A-L59 | B92: DIEGO CARVALHO (2) | C92: 144126 | D92: 146445 | E92: 0 | F92: 18777.6 | G92: 2319 | H92: 70801.97 | I92: 32066.5 | J92: 1146 | K92: 1755.22 | L92: 0 | N92: 0 | O92: 0.71 | P92: 122229 | Q92: 45078
A93: 0090 1A- L59B | B93: EUGENIA GIBBONS | C93: 4688325 | D93: 0 | E93: 2775934.5 | F93: En Abogados | G93: 0 | H93: 70801.97 | I93: 32531.55 | J93: 1161.6 | K93: 1780.74 | L93: 0 | N93: 0 | O93: 0.99 | P93: 5169353 | Q93: 45078
A94: 0091 1A-L60 | B94: SAN EMILIO SCA (1) | C94: 60688 | D94: 60688 | E94: 0 | F94: 0 | G94: 0 | H94: 70801.97 | I94: 24798.82 | J94: 886.8 | K94: 1357.89 | L94: 0 | N94: -5439.15 | O94: 0.67 | P94: 92407 | Q94: 45078
A95: 0092 1A-L61 | B95: Ruth Marina Martini | C95: 60749 | D95: 61762 | E95: 0 | F95: 1013 | G95: 1013 | H95: 70801.97 | I95: 24863.71 | J95: 889.2 | K95: 1361.34 | L95: 0 | N95: 0 | O95: 0.78 | P95: 97917 | Q95: 45078
A96: 0093 1A-L62 | B96: OSCAR BAREIRO | C96: 61377 | D96: 62400 | E96: 0 | F96: 1023 | G96: 1023 | H96: 70801.97 | I96: 25534.24 | J96: 913.2 | K96: 1397.9 | L96: 0 | N96: 0 | O96: 0.69 | P96: 98648 | Q96: 45078
A97: 0094 1A-L63 | B97: PABLO GARCIA NAVARRO (1) | C97: 65963 | D97: 65963 | E97: 0 | F97: 0 | G97: 0 | H97: 70801.97 | I97: 23771.39 | J97: 849.6 | K97: 1301.32 | L97: 0 | N97: -5380.03 | O97: 0.75 | P97: 91345 | Q97: 45078
A98: 0095 1A-L64 | B98: PODRZAJ - PODRZAJ (1) | C98: 62886 | D98: 62886 | E98: 0 | F98: 0 | G98: 0 | H98: 70801.97 | I98: 27145.67 | J98: 970.8 | K98: 1486.19 | L98: 0 | N98: -5573.06 | O98: 0.43 | P98: 94832 | Q98: 45078
A99: 0096 1A-L65 | B99: RUTA CPC | C99: 130211 | D99: 0 | E99: 126375.73 | F99: 20895.99 | G99: 0 | H99: 70801.97 | I99: 26485.96 | J99: 946.8 | K99: 1449.98 | L99: 0 | N99: 0 | O99: 0.57 | P99: 246957 | Q99: 45078
A100: 0097 1B-L1 | B100: JORGE TABOADA (1) | C100: 60914 | D100: 60914 | E100: 0 | F100: 0 | G100: 0 | H100: 70801.97 | I100: 18677.52 | J100: 667.2 | K100: 1022.64 | L100: 0 | N100: -5089.27 | O100: 0.94 | P100: 86081 | Q100: 45078
A101: 0098 1B-L2 | B101: Jorge Delaportas | C101: 61610 | D101: 61610 | E101: 0 | F101: 1013 | G101: 0 | H101: 70801.97 | I101: 20234.88 | J101: 723.6 | K101: 1107.49 | L101: 0 | N101: 0 | O101: 0.06 | P101: 93881 | Q101: 45078
A102: 0099 1B-L3 | B102: MARCIAL CARBALLAL | C102: 3724834 | D102: 0 | E102: 2219504.7 | F102: En Abogados | G102: 0 | H102: 70801.97 | I102: 20159.18 | J102: 721.2 | K102: 1103.35 | L102: 0 | N102: 0 | O102: 0.16 | P102: 4117253 | Q102: 45078
A103: 0100 1B-L4 | B103: GIMENEZ ALFREDO FERNANDO | C103: 63373 | D103: 64430 | E103: 0 | F103: 1057 | G103: 1057 | H103: 70801.97 | I103: 22008.54 | J103: 787.2 | K103: 1204.75 | L103: 0 | N103: 0 | O103: 0.54 | P103: 94803 | Q103: 45078
A104: 0101 1B-L5 | B104: CLAUDIO VICENTE LOPEZ | C104: 1896924 | D104: 0 | E104: 1226509 | F104: En Abogados | G104: 0 | H104: 70801.97 | I104: 22008.54 | J104: 787.2 | K104: 1204.75 | L104: 0 | N104: 0 | O104: 0.82 | P104: 2157306 | Q104: 45078
A105: 0102 1B-L6 | B105: FERNANDO JASNIS | C105: 113175 | D105: 113175 | E105: 0 | F105: 0 | G105: 0 | H105: 70801.97 | I105: 20883.78 | J105: 747.6 | K105: 1143.36 | L105: 0 | N105: 0 | O105: 0.29 | P105: 93577 | Q105: 45078
A106: 0103 1B-L7 | B106: DANIEL OSVALDO BENITES/GONZALEZ NOELIA (1) | C106: 66711 | D106: 66711 | E106: 0 | F106: 0 | G106: 0 | H106: 70801.97 | I106: 19088.49 | J106: 681.6 | K106: 1045.06 | L106: 0 | N106: -5112.8 | O106: 0.68 | P106: 86505 | Q106: 45078
A107: 0104 1B-L8 | B107: EDUARDO HIRSH (1) | C107: 60267 | D107: 60267 | E107: 0 | F107: 0 | G107: 0 | H107: 70801.97 | I107: 18883.01 | J107: 675.6 | K107: 1034.02 | L107: 0 | N107: -5100.73 | O107: 0.13 | P107: 86294 | Q107: 45078
A108: 0105 1B-L9 | B108: FERNANDO WEHT (2) | C108: 118455 | D108: 120339 | E108: 0 | F108: 15252.74 | G108: 1884 | H108: 70801.97 | I108: 20256.51 | J108: 0 | K108: 1109.21 | L108: 0 | N108: 0 | O108: 0.57 | P108: 105537 | Q108: 45078
A109: 0106 1B-L10 | B109: VICTORIA ANGELA CIPPONERI (1) | C109: 61681 | D109: 61681 | E109: 0 | F109: 1029 | G109: 0 | H109: 70801.97 | I109: 18482.85 | J109: 0 | K109: 1011.95 | L109: 0 | N109: -5078 | O109: 0.23 | P109: 86248 | Q109: 45078
A110: 0107 1B-L11 | B110: Hector Daniel CAZZASA/Zulema Amelia LEFEVRE (1) | C110: 60009 | D110: 60009 | E110: 0 | F110: 0 | G110: 0 | H110: 70801.97 | I110: 24074.21 | J110: 860.4 | K110: 1318.22 | L110: 0 | N110: -5397.52 | O110: 0.72 | P110: 91658 | Q110: 45078
A111: 0108 1B-L12 | B111: MORA DELGADO (1) | C111: 63911 | D111: 63915 | E111: 0 | F111: 0 | G111: 4 | H111: 70801.97 | I111: 22549.3 | J111: 806.4 | K111: 1234.76 | L111: 0 | N111: -5311 | O111: 0.57 | P111: 90078 | Q111: 45078
A112: 0109 1B-L13 | B112: MORA DELGADO (1) | C112: 90605 | D112: 90605 | E112: 0 | F112: 0 | G112: 0 | H112: 70801.97 | I112: 20353.85 | J112: 0 | K112: 1114.04 | L112: 29617.97 | N112: -5185 | O112: 0.17 | P112: 116703 | Q112: 45078
A113: 0110 1B-L14 | B113: LUCIANO POMPONIO (1) | C113: 56324 | D113: 56324 | E113: 0 | F113: 0 | G113: 0 | H113: 70801.97 | I113: 20159.18 | J113: 721.2 | K113: 1103.35 | L113: 0 | N113: -5173.12 | O113: 0.42 | P113: 87613 | Q113: 45078
A114: 0111 1B-L15 | B114: Victor Walter Fuentes/ Mariana Paola Tuya (1) | C114: 50316 | D114: 50316 | E114: 0 | F114: 0 | G114: 0 | H114: 70801.97 | I114: 13724.25 | J114: 490.8 | K114: 751.55 | L114: 0 | N114: -4806.35 | O114: 0.78 | P114: 80963 | Q114: 45078
A115: 0112 1B-L16 | B115: EMILY TELO (1) | C115: 61947 | D115: 62012 | E115: 0 | F115: 0 | G115: 65 | H115: 70801.97 | I115: 16060.29 | J115: 574.8 | K115: 879.51 | L115: 0 | N115: -4939.67 | O115: 0.1 | P115: 83312 | Q115: 45078
A116: 0113 1B-L17 | B116: CHRISTIAN ANDR…S NARA/CABALLERO NATALIAL (1) | C116: 51461 | D116: 51461 | E116: 0 | F116: 0 | G116: 0 | H116: 70801.97 | I116: 14946.34 | J116: 535.2 | K116: 818.11 | L116: 0 | N116: -4875.73 | O116: 0.11 | P116: 82226 | Q116: 45078
... A119: 0116 1B-L20 | B119: AGROPECUARIA EL BAYITO S.A. (1) | C119: 56201 | D119: 56201 | E119: 0 | F119: 0 | G119: 0 | H119: 70801.97 | I119: 20007.77 | J119: 715.2 | K119: 1095.07 | L119: 0 | N119: -5164.67 | O119: 0.66 | P119: 87456 | Q119: 45078
A120: 0117 1B-L21 | B120: DIEGO MUFFATTI | C120: 2990938 | D120: 0 | E120: 1822116.9 | F120: En Abogados | G120: 0 | H120: 70801.97 | I120: 21424.53 | J120: 766.8 | K120: 1172.67 | L120: 0 | N120: 0 | O120: 0.24 | P120: 3331090 | Q120: 45078
A121: 0118 1B-L22 | B121: ALFREDO CASTIGLIA (1) | C121: 86620 | D121: 86620 | E121: Plan de Pago | F121: Plan de Pago | G121: 0 | H121: 70801.97 | I121: 21424.53 | J121: 766.8 | K121: 1172.67 | L121: 0 | N121: 29091.35 | O121: 0.68 | P121: 123258 | Q121: 45078
A122: 0119 1B-L23 | B122: PAUL SIMON FITZPATRICK/IRAZU CARINA LORE (1) | C122: 56762 | D122: 56762 | E122: 0 | F122: 947 | G122: 0 | H122: 70801.97 | I122: 21424.53 | J122: 0 | K122: 1172.67 | L122: 0 | N122: 3472.5 | O122: 0.33 | P122: 97819 | Q122: 45078
A123: 0120 1B-L24 | B123: OSCAR BALLESTER (1) (2) | C123: 59826 | D123: 139826 | E123: 0 | F123: 0 | G123: 80000 | H123: 70801.97 | I123: 21424.53 | J123: 0 | K123: 1172.67 | L123: 14808.99 | N123: -5245.51 | O123: 0.35 | P123: 22963 | Q123: 45078
A124: 0121 1B-L25 | B124: DANIEL MANZINI (1) | C124: 93402 | D124: 95200 | E124: Plan de Pago | F124: Plan de Pago | G124: 1798 | H124: 70801.97 | I124: 16568.59 | J124: 592.8 | K124: 907.1 | L124: 0 | N124: 16207.94 | O124: 0.6 | P124: 103281 | Q124: 45078
A125: 0122 1B-L26 | B125: MONICA MARTINEZ (1) (2) | C125: 58027 | D125: 58995 | E125: 0 | F125: 7833.57 | G125: 968 | H125: 70801.97 | I125: 15119.38 | J125: 0 | K125: 827.77 | L125: 0 | N125: 6945 | O125: 0.31 | P125: 100560 | Q125: 45078
A126: 0123 1B-L27 | B126: ESTEBAN CORSO | C126: 121620 | D126: 75000 | E126: 46620 | F126: 6293.7 | G126: 0 | H126: 70801.97 | I126: 20699.93 | J126: 0 | K126: 1133.35 | L126: 17277.15 | N126: 0 | O126: 0.9 | P126: 162827 | Q126: 45078
A127: 0124 1B-L28 | B127: Angel Federico BUNSOW / Maria Paula DE LUCA | C127: 57529 | D127: 57529 | E127: 0 | F127: 959 | G127: 0 | H127: 70801.97 | I127: 21424.53 | J127: 766.8 | K127: 1172.67 | L127: 0 | N127: 0 | O127: 0.03 | P127: 95125 | Q127: 45078
A128: 0125 1B-L29 | B128: SEBASTI£N CHU | C128: 3823465 | D128: 0 | E128: 2276492.9 | F128: En Abogados | G128: 0 | H128: 70801.97 | I128: 21435.35 | J128: 766.8 | K128: 1173.36 | L128: 0 | N128: 0 | O128: 0.97 | P128: 4224970 | Q128: 45078
A129: 0126 1B-L30 | B129: Vicente DE MOLA (1) | C129: 57447 | D129: 57447 | E129: 0 | F129: 0 | G129: 0 | H129: 70801.97 | I129: 21424.53 | J129: 766.8 | K129: 1172.67 | L129: 0 | N129: -5245.51 | O129: 0.54 | P129: 88921 | Q129: 45078
A130: 0127 1B-L31 | B130: MARIA ISABEL ABULIAk (1) | C130: 57529 | D130: 57529 | E130: 0 | F130: 0 | G130: 0 | H130: 70801.97 | I130: 21424.53 | J130: 766.8 | K130: 1172.67 | L130: 0 | N130: -5245.51 | O130: 0.54 | P130: 88921 | Q130: 45078
A131: 0128 1B-L32 | B131: BISCAYNE SERVICIOS SA | C131: 160793 | D131: 0 | E131: 153960.29 | F131: 27617.35 | G131: 0 | H131: 70801.97 | I131: 18439.59 | J131: 657.6 | K131: 1009.53 | L131: 0 | N131: 0 | O131: 0.67 | P131: 272487 | Q131: 45078
A132: 0129 1B-L33 | B132: JUAN MANUEL GALLEGO (1) | C132: 57529 | D132: 57529 | E132: 0 | F132: 0 | G132: 0 | H132: 70801.97 | I132: 21424.53 | J132: 766.8 | K132: 1172.67 | L132: 0 | N132: -5245.51 | O132: 0.54 | P132: 88921 | Q132: 45078
A133: 0130 1B-L34 | B133: NATALIA GANEM | C133: 172323 | D133: 0 | E133: 164800.27 | F133: 29770.77 | G133: 0 | H133: 70801.97 | I133: 21424.53 | J133: 766.8 | K133: 1172.67 | L133: 0 | N133: 0 | O133: 0.99 | P133: 288738 | Q133: 45078
A134: 0131 1B-L35 | B134: TOMAS BELLO (1) | C134: 64514 | D134: 64514 | E134: 0 | F134: 0 | G134: 815.76 | H134: 70801.97 | I134: 21467.79 | J134: 768 | K134: 1175.43 | L134: 0 | N134: 1696.48 | O134: 0.09 | P134: 95094 | Q134: 45078
A135: 0132 1B-L36 | B135: LUCAS MORANDO DELGADO | C135: 62029 | D135: 52029 | E135: 10000 | F135: 1350 | G135: 0 | H135: 70801.97 | I135: 21424.53 | J135: 766.8 | K135: 1172.67 | L135: 0 | N135: 0 | O135: 0.03 | P135: 105516 | Q135: 45078
A136: 0133 1B-L37 | B136: LUIS LOSADA (1) | C136: 57569 | D136: 57569 | E136: 0 | F136: 0 | G136: 0 | H136: 70801.97 | I136: 21467.79 | J136: 768 | K136: 1175.43 | L136: 0 | N136: -5248.52 | O136: 0.33 | P136: 88965 | Q136: 45078
A137: 0134 1B-L38 | B137: MARIA ISABEL ABULIAK (1) | C137: 57452 | D137: 57452 | E137: 0 | F137: 0 | G137: 0 | H137: 70801.97 | I137: 21338.01 | J137: 768 | K137: 1168.19 | L137: 0 | N137: -5241.29 | O137: 0.12 | P137: 88835 | Q137: 45078
A138: 0135 1B-L39 | B138: SEBASTI£N MATOS | C138: 286576 | D138: 0 | E138: 258220.48 | F138: 63215.28 | G138: 0 | H138: 70801.97 | I138: 14275.81 | J138: 511.2 | K138: 781.55 | L138: 0 | N138: 0 | O138: 0.71 | P138: 407807 | Q138: 45078
A139: 0136 1B-L40 | B139: FERNANDO ZUBILLAGA (1) | C139: 55645 | D139: 55645 | E139: 0 | F139: 0 | G139: 0 | H139: 70801.97 | I139: 19412.94 | J139: 694.8 | K139: 1062.65 | L139: 0 | N139: -5130.89 | O139: 0.53 | P139: 86842 | Q139: 45078
...

Sheet MAYO 2023
A3: U.F. Lote | B3: Propietario | C3: Saldo Anterior | D3: Pagos Recibidos | E3: Deuda | F3: Interés | G3: Disponible | H3: Expensa A | I3: Expensa B | J3: Corte de Pasto | K3: Arba en revalúo | L3: Arba form. 903 | M3: Previsión por mora | N3: Otros Gastos | O3: Redon. | P3: TOTAL | Q3: Periodo expensas
A4: 0001 1A-L1 | B4: GRACIELA PRIORI (1) | C4: 48952 | D4: 48952 | E4: 0 | F4: 0 | G4: 0 | H4: 41497.76 | I4: 8087.53 | J4: 772.8 | K4: 1185.09 | L4: 0 | M4: 11472.88 | N4: -5277.29 | O4: 0.23 | P4: 57739 | Q4: 45047
A5: 0002 1A-L1B | B5: GRACIELA PRIORI (1) | C5: 49025 | D5: 49025 | E5: 0 | F5: 0 | G5: 0 | H5: 41497.76 | I5: 8131.96 | J5: 778.8 | K5: 1191.99 | L5: 0 | M5: 11535.92 | N5: -5284.55 | O5: 0.12 | P5: 57852 | Q5: 45047
A6: 0003 1A-L2 | B6: MIGUEL SOSTRES (1) | C6: 49225 | D6: 49225 | E6: 0 | F6: 0 | G6: 0 | H6: 41497.76 | I6: 8257.19 | J6: 790.8 | K6: 1209.92 | L6: 0 | M6: 11713.57 | N6: -5303.32 | O6: 0.08 | P6: 58166 | Q6: 45047
A7: 0004 1A-L2B | B7: TRISTAN BRIANO (1) | C7: 45859 | D7: 45859 | E7: 0 | F7: 0 | G7: 0 | H7: 41497.76 | I7: 6156.54 | J7: 589.2 | K7: 902.61 | L7: 0 | M7: 8733.6 | N7: -4981.27 | O7: 0.56 | P7: 52899 | Q7: 45047
A8: 0005 1A-L2C | B8: TRISTAN BRIANO (1) | C8: 45905 | D8: 45905 | E8: 0 | F8: 0 | G8: 0 | H8: 41497.76 | I8: 6184.82 | J8: 592.8 | K8: 906.41 | L8: 0 | M8: 8773.71 | N8: -4985.51 | O8: 0.01 | P8: 52970 | Q8: 45047
A9: 0006 1A-L3 | B9: Esteban Marcelo CHAMS (1) | C9: 45516 | D9: 45516 | E9: 0 | F9: 0 | G9: 0 | H9: 41497.76 | I9: 5942.43 | J9: 568.8 | K9: 871.23 | L9: 0 | M9: 8429.87 | N9: -4948.58 | O9: 0.49 | P9: 52362 | Q9: 45047
A10: 0007 1A-L3B | B10: CARLOS RENE RODRIGUEZ | C10: 45433 | D10: 0 | E10: 45433 | F10: 2271.65 | G10: 0 | H10: 41497.76 | I10: 5889.92 | J10: 565.2 | K10: 863.29 | L10: 0 | M10: 8355.37 | N10: 0 | O10: 0.81 | P10: 104877 | Q10: 45047
A11: 0008 1A-L4 | B11: CLAUDIO SPERANZA (1) | C11: 75065 | D11: 75065 | E11: 0 | F11: 0 | G11: 0 | H11: 41497.76 | I11: 8616.73 | J11: 0 | K11: 1262.69 | L11: 19100.48 | M11: 12223.6 | N11: -5358.41 | O11: 0.15 | P11: 77343 | Q11: 45047
A12: 0009 1A-L4B | B12: RAFAEL BALTAZAR FLORES/ TERESA MI—ONES (1) | C12: 55946 | D12: 55946 | E12: 0 | F12: 0 | G12: 0 | H12: 41497.76 | I12: 8632.89 | J12: 0 | K12: 1265.11 | L12: 0 | M12: 12246.52 | N12: 2208.29 | O12: 0.43 | P12: 65851 | Q12: 45047
A13: 0010 1A-L4C | B13: GERARDO PAZ (1) | C13: 46694 | D13: 46694 | E13: 0 | F13: 0 | G13: 0 | H13: 41497.76 | I13: 6677.66 | J13: 638.4 | K13: 978.49 | L13: 0 | M13: 9472.86 | N13: -5060.57 | O13: 0.4 | P13: 54205 | Q13: 45047
A14: 0011 1A-L4D | B14: DANIEL MARGULIES (1) | C14: 46675 | D14: 46675 | E14: 0 | F14: 0 | G14: 0 | H14: 41497.76 | I14: 6665.54 | J14: 638.4 | K14: 976.77 | L14: 0 | M14: 9455.67 | N14: -5058.76 | O14: 0.62 | P14: 54176 | Q14: 45047
A15: 0012 1A-L5-2 | B15: Guadalupe Jazmin CHAMS (1) | C15: 46664 | D15: 46664 | E15: 0 | F15: 0 | G15: 0 | H15: 41497.76 | I15: 5889.92 | J15: 162 | K15: 2498.14 | L15: 0 | M15: 8355.37 | N15: -4938.29 | O15: 0.1 | P15: 53465 | Q15: 45047
... A34: 0031 1A-L14B | B34: ROBERTO MARINHO | C34: 58854 | D34: 58854 | E34: 0 | F34: 0 | G34: 0 | H34: 41497.76 | I34: 11044.6 | J34: 1057.2 | K34: 1618.63 | L34: 0 | M34: 15667.76 | N34: 0 | O34: 0.05 | P34: 70886 | Q34: 45047
A35: 0032 1A-L15 | B35: ALFREDO CASTIGLIA (1) | C35: 87178 | D35: 87178 | E35: Plan de Pago | F35: Plan de Pago | G35: 0 | H35: 41497.76 | I35: 10818.38 | J35: 1034.4 | K35: 1585.52 | L35: 0 | M35: 15346.84 | N35: 28154.23 | O35: 0.87 | P35: 98438 | Q35: 45047
A36: 0033 1A-L15B | B36: Ariel Arnoldo Abramovich (1) | C36: 100422 | D36: 100500 | E36: 0 | F36: 0 | G36: 78 | H36: 41497.76 | I36: 13230.09 | J36: 1266 | K36: 1939.05 | L36: 0 | M36: 18768.07 | N36: 6076.72 | O36: 0.31 | P36: 82700 | Q36: 45047
A37: 0034 1A-L16 | B37: ARIEL AKERMAN - SEBASTAN JANON (1) | C37: 52074 | D37: 52074 | E37: 0 | F37: 0 | G37: 0 | H37: 41497.76 | I37: 10034.67 | J37: 961.2 | K37: 1470.67 | L37: 0 | M37: 14235.08 | N37: -5576.33 | O37: 0.95 | P37: 62624 | Q37: 45047
A38: 0035 1A-L16B | B38: Gisela CANIEVSKY (1) | C38: 49853 | D38: 49853 | E38: 0 | F38: 0 | G38: 0 | H38: 41497.76 | I38: 8649.05 | J38: 828 | K38: 1267.52 | L38: 0 | M38: 12269.45 | N38: -5363.85 | O38: 0.07 | P38: 59148 | Q38: 45047
A39: 0036 1A-L17 | B39: RUTA CPC | C39: 132727 | D39: 64941 | E39: 67786 | F39: 4438.81 | G39: 0 | H39: 41497.76 | I39: 15799.36 | J39: 150 | K39: 2315.69 | L39: 0 | M39: 22412.8 | N39: 0 | O39: 0.58 | P39: 154401 | Q39: 45047
A40: 0037 1A-L17B | B40: RUTA CPC | C40: 126803 | D40: 62110 | E40: 64693 | F40: 4238.28 | G40: 0 | H40: 41497.76 | I40: 13310.89 | J40: 1274.4 | K40: 1950.78 | L40: 0 | M40: 18882.68 | N40: 0 | O40: 0.21 | P40: 145848 | Q40: 45047
A41: 0038 1A-L18 | B41: BIAU DANIEL/CRISTALDO MABEL (1) | C41: 50303 | D41: 50303 | E41: 0 | F41: 0 | G41: 0 | H41: 41497.76 | I41: 9497.39 | J41: 0 | K41: 1391.69 | L41: 0 | M41: 13472.89 | N41: -5493.4 | O41: 0.67 | P41: 60367 | Q41: 45047
A42: 0039 1A-L18B | B42: MIGUEL PEREIRA L´PEZ | C42: 3484333 | D42: 0 | E42: 2080748.5 | F42: En Abogados | G42: 0 | H42: 41497.76 | I42: 8156.2 | J42: 781.2 | K42: 1195.44 | L42: 0 | M42: 11570.3 | N42: 0 | O42: 0.67 | P42: 3651572 | Q42: 45047
A43: 0040 1A-L19 | B43: SEBASTIAN LAUSI | C43: 3104645 | D43: 0 | E43: 1861443.9 | F43: En Abogados | G43: 0 | H43: 41497.76 | I43: 6164.62 | J43: 590.4 | K43: 903.65 | L43: 0 | M43: 8745.06 | N43: 0 | O43: 0.32 | P43: 3255619 | Q43: 45047
A44: 0041 1A-L19B | B44: SEBASTIAN LAUSI | C44: 3699005 | D44: 0 | E44: 2204741.5 | F44: En Abogados | G44: 0 | H44: 41497.76 | I44: 9283.28 | J44: 888 | K44: 1360.65 | L44: 0 | M44: 13169.17 | N44: 0 | O44: 0.07 | P44: 3875441 | Q44: 45047
A45: 0042 1A-L19C | B45: SEBASTIAN LAUSI | C45: 3040707 | D45: 0 | E45: 1824531 | F45: En Abogados | G45: 0 | H45: 41497.76 | I45: 5833.36 | J45: 558 | K45: 854.67 | L45: 0 | M45: 8275.14 | N45: 0 | O45: 0.52 | P45: 3188953 | Q45: 45047
A46: 0043 1A-L20 | B46: Luis Enrique Landini (1) | C46: 56049 | D46: 56049 | E46: 0 | F46: 0 | G46: 0 | H46: 41497.76 | I46: 8701.56 | J46: 0 | K46: 1275.11 | L46: 0 | M46: 12343.95 | N46: 1573.28 | O46: 0.34 | P46: 65392 | Q46: 45047
A47: 0044 1A- L20B | B47: JAIME CHMEA | C47: 1013690 | D47: 0 | E47: 724745.32 | F47: 325181.95 | G47: 0 | H47: 41497.76 | I47: 8301.63 | J47: 0 | K47: 1216.82 | L47: 0 | M47: 11776.6 | N47: 0 | O47: 0.92 | P47: 1112721 | Q47: 45047
A48: 0045 1A-L21 | B48: PABLO GARCIA NAVARRO | C48: 63670 | D48: 63670 | E48: 0 | F48: 1062 | G48: 0 | H48: 41497.76 | I48: 18255.51 | J48: 172.8 | K48: 2675.42 | L48: 0 | M48: 25897.07 | N48: 0 | O48: 0.44 | P48: 89561 | Q48: 45047
A49: 0046 1A-L22 | B49: FIDEICOMISO VILLA MARIA | C49: 69697 | D49: 69697 | E49: 0 | F49: 1145 | G49: 0 | H49: 41497.76 | I49: 18279.75 | J49: 0 | K49: 2678.87 | L49: 0 | M49: 25931.45 | N49: 0 | O49: 0.17 | P49: 89533 | Q49: 45047
A50: 0047 1A-L23 | B50: THOMAS HOELLER (2) | C50: 389684 | D50: 390000 | E50: 0 | F50: 17009.91 | G50: 316 | H50: 41497.76 | I50: 13860.29 | J50: 1326 | K50: 2031.48 | L50: 0 | M50: 19662.06 | N50: 0 | O50: 0.5 | P50: 95072 | Q50: 45047
A51: 0048 1A-L24 | B51: RUTA CPC | C51: 129408 | D51: 63312 | E51: 66096 | F51: 4327.81 | G51: 0 | H51: 41497.76 | I51: 14809.62 | J51: 141.6 | K51: 2170.83 | L51: 0 | M51: 21008.78 | N51: 0 | O51: 0.6 | P51: 150053 | Q51: 45047
A52: 0049 1A-L25 | B52: ALFRED GLASSEL | C52: 1708422 | D52: 0 | E52: 1160771.9 | F52: En Abogados | G52: 0 | H52: 41497.76 | I52: 15629.69 | J52: 148.8 | K52: 2290.51 | L52: 0 | M52: 22172.11 | N52: 0 | O52: 0.54 | P52: 1848200 | Q52: 45047
A53: 0050 1A-L26 | B53: IDA MABEL ZAPPALA (GABRIEL GAUNA APODER) (1) | C53: 53099 | D53: 48331 | E53: 0 | F53: 0 | G53: 0 | H53: 41497.76 | I53: 8188.52 | J53: 0 | K53: 1199.92 | L53: 0 | M53: 11616.15 | N53: 9845.24 | O53: 0.41 | P53: 72348 | Q53: 45047
A54: 0051 1A- L26B | B54: SALVADOR BELLO | C54: -101326.55 | D54: 0 | E54: 0 | F54: 0 | G54: 101326.55 | H54: 41497.76 | I54: 8535.93 | J54: 817.2 | K54: 1250.97 | L54: 0 | M54: 12108.99 | N54: 0 | O54: 0 | P54: -37115.7 | Q54: 45047
A55: 0052 1A-L27 | B55: TERESA TANCO (1) | C55: 57784 | D55: 57800 | E55: 0 | F55: 0 | G55: 16 | H55: 41497.76 | I55: 9113.62 | J55: 873.6 | K55: 1335.81 | L55: 0 | M55: 12928.48 | N55: -5435.29 | O55: 0.02 | P55: 60298 | Q55: 45047
A56: 0053 1A- L27B | B56: FEDERICO BUNSOW (1) | C56: 49652 | D56: 49652 | E56: 0 | F56: 0 | G56: 0 | H56: 41497.76 | I56: 9065.14 | J56: 0 | K56: 1328.57 | L56: 0 | M56: 12859.71 | N56: -5427.42 | O56: 0.24 | P56: 59324 | Q56: 45047
A57: 0054 1A-L28 | B57: MARIANA VALOTTA (1) | C57: 56069 | D57: 56069 | E57: 0 | F57: 0 | G57: 0 | H57: 41497.76 | I57: 11157.72 | J57: 0 | K57: 1043.33 | L57: 3268.65 | M57: 15828.22 | N57: -5128.98 | O57: 0.3 | P57: 67667 | Q57: 45047
A58: 0055 1A- L28B | B58: PABLO VERA PINTO | C58: 48041 | D58: 48842 | E58: 0 | F58: 801 | G58: 801 | H58: 41497.76 | I58: 7517.92 | J58: 720 | K58: 1101.62 | L58: 0 | M58: 10664.85 | N58: 0 | O58: 0.85 | P58: 61503 | Q58: 45047
A59: 0056 1A-L29 | B59: PABLO VERA PINTO (1) | C59: 64573 | D59: 65650 | E59: 0 | F59: 1077 | G59: 1077 | H59: 41497.76 | I59: 7861.3 | J59: 0 | K59: 1151.98 | L59: 16587.84 | M59: 11151.96 | N59: 7569.12 | O59: 0.04 | P59: 85820 | Q59: 45047
A60: 0057 1A- L29B | B60: GABRIEL GALATI | C60: 197846 | D60: 0 | E60: 182864.27 | F60: 24124.94 | G60: 0 | H60: 41497.76 | I60: 7853.22 | J60: 0 | K60: 1150.94 | L60: 0 | M60: 11140.5 | N60: 0 | O60: 0.37 | P60: 268632 | Q60: 45047
A61: 0058 1A-L30 | B61: AGUSTÕN GIMENEZ/ FERNANDA ARCURI (1) | C61: 52342 | D61: 52342 | E61: 0 | F61: 0 | G61: 0 | H61: 41497.76 | I61: 7727.99 | J61: 0 | K61: 1132.66 | L61: 0 | M61: 10962.84 | N61: 2346.92 | O61: 0.83 | P61: 63669 | Q61: 45047
A62: 0059 1A- L30B | B62: Martin Andres RODE (1) | C62: 102967 | D62: 48523.88 | E62: 54443.12 | F62: 2722.16 | G62: 0 | H62: 41497.76 | I62: 7574.48 | J62: 724.8 | K62: 1110.25 | L62: 0 | M62: 10745.08 | N62: 1500 | O62: 0.35 | P62: 120318 | Q62: 45047
A63: 0060 1A-L31 | B63: FRANCO BORDONI (1) | C63: 60650 | D63: 60650 | E63: 0 | F63: 0 | G63: 0 | H63: 41497.76 | I63: 16389.16 | J63: 0 | K63: 2402.26 | L63: 0 | M63: 23249.48 | N63: -6552.17 | O63: 0.51 | P63: 76987 | Q63: 45047
A64: 0061 1A-L32 | B64: CARLOS ALBERTO MATUK. (1) | C64: 87908 | D64: 87908 | E64: 0 | F64: 0 | G64: 0 | H64: 41497.76 | I64: 16530.55 | J64: 0 | K64: 2422.61 | L64: 20901.57 | M64: 23450.06 | N64: -6573.36 | O64: 0.81 | P64: 98230 | Q64: 45047
... A82: 0079 1A- L50B | B82: OSCAR MARC | C82: 49892 | D82: 50724 | E82: 0 | F82: 832 | G82: 832 | H82: 41497.76 | I82: 8673.29 | J82: 830.4 | K82: 1270.97 | L82: 0 | M82: 12303.83 | N82: 0 | O82: 0.75 | P82: 64577 | Q82: 45047
A83: 0080 1A-L51 | B83: ELEONORA NAZAR ANCHORENA | C83: 4075030 | D83: 0 | E83: 2497184.4 | F83: En Abogados | G83: 0 | H83: 41497.76 | I83: 17261.74 | J83: 163.2 | K83: 2530.22 | L83: 0 | M83: 24487.32 | N83: 0 | O83: 0.54 | P83: 4285830 | Q83: 45047
A84: 0081 1A-L52 | B84: FEDERICO COLUCCI (1) | C84: 67874 | D84: 67900 | E84: 0 | F84: 0 | G84: 26 | H84: 41497.76 | I84: 15447.9 | J84: 146.4 | K84: 2263.95 | L84: 0 | M84: 21914.23 | N84: -6407.49 | O84: 0.25 | P84: 74837 | Q84: 45047
A85: 0082 1A-L53 | B85: SERGIO ELBIO CANTON (1) | C85: 51799 | D85: 51971 | E85: 0 | F85: 0 | G85: 172 | H85: 41497.76 | I85: 5607.14 | J85: 537.6 | K85: 821.91 | L85: 0 | M85: 7954.22 | N85: -4896.52 | O85: 0.89 | P85: 51351 | Q85: 45047
A86: 0083 1A-L53B | B86: SAMANTHA WAHNON | C86: 186532 | D86: 0 | E86: 178833.59 | F86: 16640.09 | G86: 0 | H86: 41497.76 | I86: 5421.31 | J86: 519.6 | K86: 794.66 | L86: 0 | M86: 7690.61 | N86: 0 | O86: 0.38 | P86: 251398 | Q86: 45047
A87: 0084 1A-L54 | B87: Hugo Gaston RONDA (1) | C87: 56666 | D87: 56666 | E87: 0 | F87: 0 | G87: 0 | H87: 41497.76 | I87: 9303.48 | J87: 890.4 | K87: 1363.75 | L87: 0 | M87: 13197.82 | N87: -5464.34 | O87: 0.13 | P87: 60789 | Q87: 45047
A88: 0085 1A- L55-1 | B88: FIDEICOMISO VILLA MARIA | C88: 47070 | D88: 47070 | E88: 0 | F88: 773 | G88: 0 | H88: 41497.76 | I88: 4572.97 | J88: 0 | K88: 587.72 | L88: 0 | M88: 6487.16 | N88: 0 | O88: 0.39 | P88: 53919 | Q88: 45047
A89: 0086 1A-L56 | B89: FIDEICOMISO VILLA MARIA | C89: 66096 | D89: 66096 | E89: 0 | F89: 1085 | G89: 0 | H89: 41497.76 | I89: 16090.22 | J89: 0 | K89: 2358.11 | L89: 0 | M89: 22825.41 | N89: 0 | O89: 0.5 | P89: 83857 | Q89: 45047
A90: 0087 1A-L57 | B90: Hugo Gaston RONDA (1) | C90: 56629 | D90: 56629 | E90: 0 | F90: 0 | G90: 0 | H90: 41497.76 | I90: 9303.48 | J90: 902.4 | K90: 1363.75 | L90: 0 | M90: 13197.82 | N90: -5464.34 | O90: 0.13 | P90: 60801 | Q90: 45047
A91: 0088 1A-L58 | B91: SAMANTHA WAHNON | C91: 231250 | D91: 0 | E91: 221704 | F91: 20631.2 | G91: 0 | H91: 41497.76 | I91: 9392.36 | J91: 0 | K91: 1376.86 | L91: 0 | M91: 13323.9 | N91: 0 | O91: 0.92 | P91: 307927 | Q91: 45047
A92: 0089 1A-L59 | B92: DIEGO CARVALHO | C92: 179179 | D92: 113454 | E92: 65725 | F92: 5031.95 | G92: 0 | H92: 41497.76 | I92: 11977.78 | J92: 1146 | K92: 1755.22 | L92: 0 | M92: 16991.55 | N92: 0 | O92: 0.74 | P92: 144126 | Q92: 45047
A93: 0090 1A-L59B | B93: EUGENIA GIBBONS | C93: 4479390 | D93: 0 | E93: 2702104.7 | F93: En Abogados | G93: 0 | H93: 41497.76 | I93: 12151.49 | J93: 1161.6 | K93: 1780.74 | L93: 0 | M93: 17237.97 | N93: 0 | O93: 0.2 | P93: 4688325 | Q93: 45047
A94: 0091 1A-L60 | B94: SAN EMILIO SCA (1) | C94: 50837 | D94: 50837 | E94: 0 | F94: 0 | G94: 0 | H94: 41497.76 | I94: 9263.09 | J94: 886.8 | K94: 1357.89 | L94: 0 | M94: 13140.51 | N94: -5458.29 | O94: 0.24 | P94: 60688 | Q94: 45047
A95: 0092 1A-L61 | B95: Ruth Marina Martini (1) | C95: 50876 | D95: 50876 | E95: 0 | F95: 0 | G95: 0 | H95: 41497.76 | I95: 9287.32 | J95: 889.2 | K95: 1361.34 | L95: 0 | M95: 13174.9 | N95: -5461.92 | O95: 0.4 | P95: 60749 | Q95: 45047
A96: 0093 1A-L62 | B96: OSCAR BAREIRO (1) | C96: 51277 | D96: 51277 | E96: 0 | F96: 0 | G96: 0 | H96: 41497.76 | I96: 9537.79 | J96: 913.2 | K96: 1397.9 | L96: 0 | M96: 13530.2 | N96: -5500.06 | O96: 0.21 | P96: 61377 | Q96: 45047
A97: 0094 1A-L63 | B97: PABLO GARCIA NAVARRO | C97: 50221 | D97: 50221 | E97: 0 | F97: 838 | G97: 0 | H97: 41497.76 | I97: 8879.31 | J97: 849.6 | K97: 1301.32 | L97: 0 | M97: 12596.1 | N97: 0 | O97: 0.91 | P97: 65963 | Q97: 45047
A98: 0095 1A-L64 | B98: PODRZAJ - PODRZAJ (1) | C98: 52241 | D98: 52241 | E98: 0 | F98: 0 | G98: 0 | H98: 41497.76 | I98: 10139.7 | J98: 970.8 | K98: 1486.19 | L98: 0 | M98: 14384.08 | N98: -5592.68 | O98: 0.15 | P98: 62886 | Q98: 45047
A99: 0096 1A-L65 | B99: RUTA CPC | C99: 114708 | D99: 56155 | E99: 58553 | F99: 3835.27 | G99: 0 | H99: 41497.76 | I99: 9893.28 | J99: 946.8 | K99: 1449.98 | L99: 0 | M99: 14034.5 | N99: 0 | O99: 0.41 | P99: 130211 | Q99: 45047
A100: 0097 1B-L1 | B100: JORGE TABOADA | C100: 51773 | D100: 51773 | E100: 0 | F100: 852 | G100: 0 | H100: 41497.76 | I100: 6976.6 | J100: 667.2 | K100: 1022.64 | L100: 0 | M100: 9896.93 | N100: 0 | O100: 0.87 | P100: 60914 | Q100: 45047
A101: 0098 1B-L2 | B101: Jorge Delaportas (2) | C101: 52786 | D101: 53666 | E101: 0 | F101: 880 | G101: 880 | H101: 41497.76 | I101: 7558.32 | J101: 723.6 | K101: 1107.49 | L101: 0 | M101: 10722.15 | N101: 0 | O101: 0.68 | P101: 61610 | Q101: 45047
A102: 0099 1B-L3 | B102: MARCIAL CARBALLAL | C102: 3555401 | D102: 0 | E102: 2157970.2 | F102: En Abogados | G102: 0 | H102: 41497.76 | I102: 7530.04 | J102: 721.2 | K102: 1103.35 | L102: 0 | M102: 10682.04 | N102: 0 | O102: 0.1 | P102: 3724834 | Q102: 45047
A103: 0100 1B-L4 | B103: GIMENEZ ALFREDO FERNANDO | C103: 100642 | D103: 100642 | E103: 0 | F103: 0 | G103: 0 | H103: 41497.76 | I103: 8220.84 | J103: 787.2 | K103: 1204.75 | L103: 0 | M103: 11661.99 | N103: 0 | O103: 0.46 | P103: 63373 | Q103: 45047
A104: 0101 1B-L5 | B104: CLAUDIO VICENTE LOPEZ | C104: 1775394 | D104: 0 | E104: 1163135.8 | F104: En Abogados | G104: 0 | H104: 41497.76 | I104: 8220.84 | J104: 787.2 | K104: 1204.75 | L104: 0 | M104: 11661.99 | N104: 0 | O104: 0.67 | P104: 1896924 | Q104: 45047
A105: 0102 1B-L6 | B105: FERNANDO JASNIS | C105: 48494 | D105: 0 | E105: 48494 | F105: 2424.7 | G105: 0 | H105: 41497.76 | I105: 7800.71 | J105: 747.6 | K105: 1143.36 | L105: 0 | M105: 11066 | N105: 0 | O105: 0.87 | P105: 113175 | Q105: 45047
A106: 0103 1B-L7 | B106: DANIEL OSVALDO BENITES/ GONZALEZ NOELIA (1) | C106: 70831 | D106: 60000 | E106: 10831 | F106: 541.55 | G106: 0 | H106: 41497.76 | I106: 7130.11 | J106: 681.6 | K106: 1045.06 | L106: 0 | M106: 10114.7 | N106: -5130.79 | O106: 0.01 | P106: 66711 | Q106: 45047
A107: 0104 1B-L8 | B107: EDUARDO HIRSH | C107: 47297 | D107: 48086 | E107: 0 | F107: 789 | G107: 789 | H107: 41497.76 | I107: 7053.36 | J107: 675.6 | K107: 1034.02 | L107: 0 | M107: 10005.82 | N107: 0 | O107: 0.44 | P107: 60267 | Q107: 45047
A108: 0105 1B-L9 | B108: FERNANDO WEHT | C108: 54944 | D108: 0 | E108: 52076.3 | F108: 5471.52 | G108: 0 | H108: 41497.76 | I108: 7566.4 | J108: 0 | K108: 1109.21 | L108: 0 | M108: 10733.62 | N108: 0 | O108: 0.19 | P108: 118455 | Q108: 45047
A109: 0106 1B-L10 | B109: VICTORIA ANGELA CIPPONERI (1) | C109: 46396 | D109: 46396 | E109: 0 | F109: 0 | G109: 0 | H109: 41497.76 | I109: 6903.89 | J109: 0 | K109: 1011.95 | L109: 0 | M109: 9793.78 | N109: 2473.12 | O109: 0.5 | P109: 61681 | Q109: 45047
A110: 0107 1B-L11 | B110: Hector Daniel CAZZASA/ Zulema Amelia LEFEVRE (1) | C110: 50403 | D110: 50403 | E110: 0 | F110: 0 | G110: 0 | H110: 41497.76 | I110: 8992.42 | J110: 860.4 | K110: 1318.22 | L110: 0 | M110: 12756.56 | N110: -5416.52 | O110: 0.16 | P110: 60009 | Q110: 45047
A111: 0108 1B-L12 | B111: MORA DELGADO | C111: 54292 | D111: 55185 | E111: 0 | F111: 893 | G111: 893 | H111: 41497.76 | I111: 8422.82 | J111: 806.4 | K111: 1234.76 | L111: 0 | M111: 11948.53 | N111: 0 | O111: 0.73 | P111: 63911 | Q111: 45047
A112: 0109 1B-L13 | B112: MORA DELGADO | C112: 81995 | D112: 83355 | E112: 0 | F112: 1347 | G112: 1360 | H112: 41497.76 | I112: 7602.76 | J112: 0 | K112: 1114.04 | L112: 29617.97 | M112: 10785.19 | N112: 0 | O112: 0.28 | P112: 90605 | Q112: 45047
A113: 0110 1B-L14 | B113: LUCIANO POMPONIO (1) | C113: 53462 | D113: 53482 | E113: 0 | F113: 0 | G113: 20 | H113: 41497.76 | I113: 7530.04 | J113: 721.2 | K113: 1103.35 | L113: 0 | M113: 10682.04 | N113: -5191.33 | O113: 0.94 | P113: 56324 | Q113: 45047
A114: 0111 1B-L15 | B114: Victor Walter Fuentes/ Mariana Paola Tuya (1) | C114: 48554 | D114: 48554 | E114: 0 | F114: 0 | G114: 0 | H114: 41497.76 | I114: 5126.41 | J114: 490.8 | K114: 751.55 | L114: 0 | M114: 7272.27 | N114: -4823.27 | O114: 0.48 | P114: 50316 | Q114: 45047
A115: 0112 1B-L16 | B115: EMILY TELO | C115: 4272 | D115: 0 | E115: 4272 | F115: 213.6 | G115: 0 | H115: 41497.76 | I115: 5998.99 | J115: 574.8 | K115: 879.51 | L115: 0 | M115: 8510.1 | N115: 0 | O115: 0.24 | P115: 61947 | Q115: 45047
A116: 0113 1B-L17 | B116: CHRISTIAN ANDR…S NARA/ CABALLERO NATALIAL (1) | C116: 44941 | D116: 44941 | E116: 0 | F116: 0 | G116: 0 | H116: 41497.76 | I116: 5582.9 | J116: 535.2 | K116: 818.11 | L116: 0 | M116: 7919.84 | N116: -4892.89 | O116: 0.08 | P116: 51461 | Q116: 45047
A117: 0114 1B-L18 | B117: GAMARRA NOGUERA MARÕA NILSA | C117: 53353 | D117: 0 | E117: 50199 | F117: 5663.95 | G117: 0 | H117: 41497.76 | I117: 6071.7 | J117: 580.8 | K117: 889.85 | L117: 0 | M117: 8613.25 | N117: 0 | O117: 0.69 | P117: 113517 | Q117: 45047
A118: 0115 1B-L19 | B118: FRANCO - SUEIRO | C118: 3385663 | D118: 0 | E118: 2064705 | F118: En Abogados | G118: 0 | H118: 41497.76 | I118: 7929.98 | J118: 759.6 | K118: 1162.33 | L118: 0 | M118: 11249.38 | N118: 0 | O118: 0.7 | P118: 3551498 | Q118: 45047
A119: 0116 1B-L20 | B119: AGROPECUARIA EL BAYITO S.A. (1) | C119: 47969 | D119: 47969 | E119: 0 | F119: 0 | G119: 0 | H119: 41497.76 | I119: 7473.49 | J119: 715.2 | K119: 1095.07 | L119: 0 | M119: 10601.81 | N119: -5182.85 | O119: 0.52 | P119: 56201 | Q119: 45047
A120: 0117 1B-L21 | B120: DIEGO MUFFATTI | C120: 2840179 | D120: 0 | E120: 1759324.1 | F120: En Abogados | G120: 0 | H120: 41497.76 | I120: 8002.69 | J120: 766.8 | K120: 1172.67 | L120: 0 | M120: 11352.53 | N120: 0 | O120: 0.34 | P120: 2990938 | Q120: 45047
A121: 0118 1B-L22 | B121: ALFREDO CASTIGLIA (1) | C121: 77910 | D121: 77910 | E121: Plan de Pago | F121: Plan de Pago | G121: 0 | H121: 41497.76 | I121: 8002.69 | J121: 766.8 | K121: 1172.67 | L121: 0 | M121: 11352.53 | N121: 23827.38 | O121: 0.17 | P121: 86620 | Q121: 45047
A122: 0119 1B-L23 | B122: PAUL SIMON FITZPATRICK/ IRAZU CARINA LORE (1) | C122: 48051 | D122: 48051 | E122: 0 | F122: 0 | G122: 0 | H122: 41497.76 | I122: 8002.69 | J122: 0 | K122: 1172.67 | L122: 0 | M122: 11352.53 | N122: -5263.97 | O122: 0.32 | P122: 56762 | Q122: 45047
A123: 0120 1B-L24 | B123: OSCAR BALLESTER | C123: -17008.67 | D123: 0 | E123: 0 | F123: 0 | G123: 17008.67 | H123: 41497.76 | I123: 8002.69 | J123: 0 | K123: 1172.67 | L123: 14808.99 | M123: 11352.53 | N123: 0 | O123: 0.03 | P123: 59826 | Q123: 45047
A124: 0121 1B-L25 | B124: DANIEL MANZINI (1) | C124: 67792 | D124: 67864 | E124: Plan de Pago | F124: Plan de Pago | G124: 72 | H124: 41497.76 | I124: 6188.86 | J124: 592.8 | K124: 907.1 | L124: 0 | M124: 8779.44 | N124: 35507.35 | O124: 0.69 | P124: 93402 | Q124: 45047
A125: 0122 1B-L26 | B125: MONICA MARTINEZ (1) | C125: 51448 | D125: 51448 | E125: 0 | F125: 0 | G125: 0 | H125: 41497.76 | I125: 5647.53 | J125: 0 | K125: 827.77 | L125: 0 | M125: 8011.53 | N125: 2041.82 | O125: 0.59 | P125: 58027 | Q125: 45047
A126: 0123 1B-L27 | B126: ESTEBAN CORSO | C126: 110532 | D126: 69569.84 | E126: 40962.16 | F126: 2048.11 | G126: 0 | H126: 41497.76 | I126: 7732.03 | J126: 0 | K126: 1133.35 | L126: 17277.15 | M126: 10968.58 | N126: 0 | O126: 0.86 | P126: 121620 | Q126: 45047
A127: 0124 1B-L28 | B127: Angel Federico BUNSOW / Maria Paula DE LUCA (1) | C127: 48818 | D127: 48818 | E127: 0 | F127: 0 | G127: 0 | H127: 41497.76 | I127: 8002.69 | J127: 766.8 | K127: 1172.67 | L127: 0 | M127: 11352.53 | N127: -5263.97 | O127: 0.52 | P127: 57529 | Q127: 45047
A128: 0125 1B-L29 | B128: SEBASTI£N CHU | C128: 3649977 | D128: 0 | E128: 2213689.4 | F128: En Abogados | G128: 0 | H128: 41497.76 | I128: 8006.73 | J128: 766.8 | K128: 1173.36 | L128: 0 | M128: 11358.26 | N128: 0 | O128: 0.62 | P128: 3823465 | Q128: 45047
A129: 0126 1B-L30 | B129: Vicente DE MOLA (1) | C129: 48818 | D129: 48900 | E129: 0 | F129: 0 | G129: 82 | H129: 41497.76 | I129: 8002.69 | J129: 766.8 | K129: 1172.67 | L129: 0 | M129: 11352.53 | N129: -5263.97 | O129: 0.52 | P129: 57447 | Q129: 45047
A130: 0127 1B-L31 | B130: MARIA ISABEL ABULIAk (1) | C130: 48818 | D130: 48818 | E130: 0 | F130: 0 | G130: 0 | H130: 41497.76 | I130: 8002.69 | J130: 766.8 | K130: 1172.67 | L130: 0 | M130: 11352.53 | N130: -5263.97 | O130: 0.52 | P130: 57529 | Q130: 45047
A131: 0128 1B-L32 | B131: BISCAYNE SERVICIOS SA | C131: 96262 | D131: 0 | E131: 94136.1 | F131: 6832.71 | G131: 0 | H131: 41497.76 | I131: 6887.73 | J131: 657.6 | K131: 1009.53 | L131: 0 | M131: 9770.86 | N131: 0 | O131: 0.71 | P131: 160793 | Q131: 45047
A132: 0129 1B-L33 | B132: JUAN MANUEL GALLEGO (1) | C132: 48818 | D132: 48818 | E132: 0 | F132: 0 | G132: 0 | H132: 41497.76 | I132: 8002.69 | J132: 766.8 | K132: 1172.67 | L132: 0 | M132: 11352.53 | N132: -5263.97 | O132: 0.52 | P132: 57529 | Q132: 45047
A133: 0130 1B-L34 | B133: NATALIA GANEM | C133: 104430 | D133: 0 | E133: 102007.65 | F133: 7522.73 | G133: 0 | H133: 41497.76 | I133: 8002.69 | J133: 766.8 | K133: 1172.67 | L133: 0 | M133: 11352.53 | N133: 0 | O133: 0.17 | P133: 172323 | Q133: 45047
A134: 0131 1B-L35 | B134: TOMAS BELLO (1) | C134: 55789 | D134: 55789 | E134: 0 | F134: 0 | G134: 0 | H134: 41497.76 | I134: 8018.85 | J134: 768 | K134: 1175.43 | L134: 0 | M134: 11375.46 | N134: 1678 | O134: 0.5 | P134: 64514 | Q134: 45047
A135: 0132 1B-L36 | B135: LUCAS MORANDO DELGADO (1) | C135: 54513 | D135: 54513 | E135: 0 | F135: 0 | G135: 0 | H135: 41497.76 | I135: 8002.69 | J135: 766.8 | K135: 1172.67 | L135: 0 | M135: 11352.53 | N135: -764 | O135: 0.55 | P135: 62029 | Q135: 45047
A136: 0133 1B-L37 | B136: LUIS LOSADA (1) | C136: 48844 | D136: 48844 | E136: 0 | F136: 0 | G136: 0 | H136: 41497.76 | I136: 8018.85 | J136: 768 | K136: 1175.43 | L136: 0 | M136: 11375.46 | N136: -5267 | O136: 0.5 | P136: 57569 | Q136: 45047
A137: 0134 1B-L38 | B137: MARIA ISABEL ABULIAK (1) | C137: 48770 | D137: 48770 | E137: 0 | F137: 0 | G137: 0 | H137: 41497.76 | I137: 7970.37 | J137: 768 | K137: 1168.19 | L137: 0 | M137: 11306.69 | N137: -5259.73 | O137: 0.72 | P137: 57452 | Q137: 45047
...

Sheet ABRIL 2023
A3: U.F. Lote | B3: Propietario | C3: Saldo Anterior | D3: Pagos Recibidos | E3: Deuda | F3: Interés | G3: Disponible | H3: Expensa A | I3: Expensa B | J3: Corte de Pasto | K3: Arba en revalúo | L3: Arba form. 903 | M3: Previsión por mora | N3: Otros Gastos | O3: Redon. | P3: TOTAL | Q3: Periodo expensas
A4: 0001 1A-L1 | B4: GRACIELA PRIORI (1) | C4: 44281 | D4: 44281 | E4: 0 | F4: 0 | G4: 0 | H4: 39630.45 | I4: 12119.22 | J4: 772.8 | K4: 1183.03 | L4: 0 | N4: -4754.31 | O4: 0.81 | P4: 48952 | Q4: 45017
A5: 0002 1A-L1B | B5: GRACIELA PRIORI (1) | C5: 44348 | D5: 44348 | E5: 0 | F5: 0 | G5: 0 | H5: 39630.45 | I5: 12185.81 | J5: 778.8 | K5: 1189.92 | L5: 0 | N5: -4760.86 | O5: 0.88 | P5: 49025 | Q5: 45017
A6: 0003 1A-L2 | B6: MIGUEL SOSTRES (1) | C6: 44532 | D6: 44532 | E6: 0 | F6: 0 | G6: 0 | H6: 39630.45 | I6: 12373.47 | J6: 790.8 | K6: 1207.82 | L6: 0 | N6: -4777.76 | O6: 0.22 | P6: 49225 | Q6: 45017
A7: 0004 1A-L2B | B7: TRISTAN BRIANO (1) | C7: 41449 | D7: 41449 | E7: 0 | F7: 0 | G7: 0 | H7: 39630.45 | I7: 9225.62 | J7: 589.2 | K7: 901.04 | L7: 0 | N7: -4487.63 | O7: 0.32 | P7: 45859 | Q7: 45017
A8: 0005 1A-L2C | B8: TRISTAN BRIANO (1) | C8: 41491 | D8: 41491 | E8: 0 | F8: 0 | G8: 0 | H8: 39630.45 | I8: 9267.99 | J8: 592.8 | K8: 904.83 | L8: 0 | N8: -4491.45 | O8: 0.38 | P8: 45905 | Q8: 45017
A9: 0006 1A-L3 | B9: Esteban Marcelo CHAMS (1) | C9: 65666 | D9: 65666 | E9: 0 | F9: 0 | G9: 0 | H9: 39630.45 | I9: 8904.78 | J9: 568.8 | K9: 869.71 | L9: 0 | N9: -4458.18 | O9: 0.44 | P9: 45516 | Q9: 45017
A10: 0007 1A-L3B | B10: CARLOS RENE RODRIGUEZ (1) | C10: 41060 | D10: 41060 | E10: 0 | F10: 0 | G10: 0 | H10: 39630.45 | I10: 8826.09 | J10: 565.2 | K10: 861.79 | L10: 0 | N10: -4450.55 | O10: 0.02 | P10: 45433 | Q10: 45017
A11: 0008 1A-L4 | B11: CLAUDIO SPERANZA (1) | C11: 75666 | D11: 75666 | E11: 0 | F11: 0 | G11: 0 | H11: 39630.45 | I11: 12912.24 | J11: 0 | K11: 1260.5 | L11: 19270.06 | N11: 1991.61 | O11: 0.14 | P11: 75065 | Q11: 45017
A12: 0009 1A-L4B | B12: RAFAEL BALTAZAR FLORES/TERESA MI—ONES (1) | C12: 57367 | D12: 57367 | E12: 0 | F12: 0 | G12: 0 | H12: 39630.45 | I12: 12936.45 | J12: 0 | K12: 1262.91 | L12: 0 | N12: 2115.43 | O12: 0.76 | P12: 55946 | Q12: 45017
A13: 0010 1A-L4C | B13: GERARDO PAZ (1) | C13: 47618 | D13: 47618 | E13: 0 | F13: 0 | G13: 0 | H13: 39630.45 | I13: 10006.53 | J13: 638.4 | K13: 976.79 | L13: 0 | N13: -4559.07 | O13: 0.9 | P13: 46694 | Q13: 45017
A14: 0011 1A-L4D | B14: DANIEL MARGULIES (1) | C14: 42197 | D14: 42197 | E14: 0 | F14: 0 | G14: 0 | H14: 39630.45 | I14: 9988.37 | J14: 638.4 | K14: 975.07 | L14: 0 | N14: -4557.44 | O14: 0.15 | P14: 46675 | Q14: 45017
A15: 0012 1A-L5-2 | B15: Guadalupe Jazmin CHAMS (1) | C15: 46315 | D15: 46315 | E15: 0 | F15: 0 | G15: 0 | H15: 39630.45 | I15: 8826.09 | J15: 162 | K15: 2493.8 | L15: 0 | N15: -4448.91 | O15: 0.57 | P15: 46664 | Q15: 45017
... A34: 0031 1A-L14B | B34: ROBERTO MARINHO | C34: 53290 | D34: 53290 | E34: 0 | F34: 0 | G34: 0 | H34: 39630.45 | I34: 16550.42 | J34: 1057.2 | K34: 1615.82 | L34: 0 | N34: 0 | O34: 0.11 | P34: 58854 | Q34: 45017
A35: 0032 1A-L15 | B35: ALFREDO CASTIGLIA (1) | C35: 82139 | D35: 82139 | E35: Plan de Pago | F35: Plan de Pago | G35: 0 | H35: 39630.45 | I35: 16211.42 | J35: 1034.4 | K35: 1582.77 | L35: 0 | N35: 28718.78 | O35: 0.18 | P35: 87178 | Q35: 45017
A36: 0033 1A-L15B | B36: Ariel Arnoldo Abramovich (1) | C36: 57350 | D36: 57350 | E36: 0 | F36: 0 | G36: 0 | H36: 39630.45 | I36: 19825.4 | J36: 1266 | K36: 1935.68 | L36: 0 | N36: 37764.07 | O36: 0.4 | P36: 100422 | Q36: 45017
A37: 0034 1A-L16 | B37: ARIEL AKERMAN - SEBASTAN JANON (1) | C37: 47140 | D37: 47140 | E37: 0 | F37: 0 | G37: 0 | H37: 39630.45 | I37: 15037.03 | J37: 961.2 | K37: 1468.11 | L37: 0 | N37: -5023.72 | O37: 0.93 | P37: 52074 | Q37: 45017
A38: 0035 1A-L16B | B38: Gisela CANIEVSKY (1) | C38: 45106 | D38: 45106 | E38: 0 | F38: 0 | G38: 0 | H38: 39630.45 | I38: 12960.66 | J38: 828 | K38: 1265.32 | L38: 0 | N38: -4832.3 | O38: 0.87 | P38: 49853 | Q38: 45017
A39: 0036 1A-L17 | B39: RUTA CPC | C39: 120130 | D39: 57227 | E39: 62903 | F39: 4055.98 | G39: 0 | H39: 39630.45 | I39: 23675.46 | J39: 150 | K39: 2311.66 | L39: 0 | N39: 0 | O39: 0.45 | P39: 132727 | Q39: 45017
A40: 0037 1A-L17B | B40: RUTA CPC | C40: 114887 | D40: 54761 | E40: 60126 | F40: 3877.62 | G40: 0 | H40: 39630.45 | I40: 19946.47 | J40: 1274.4 | K40: 1947.38 | L40: 0 | N40: 0 | O40: 0.68 | P40: 126803 | Q40: 45017
A41: 0038 1A-L18 | B41: BIAU DANIEL/CRISTALDO MABEL (1) | C41: 45440 | D41: 45440 | E41: 0 | F41: 0 | G41: 0 | H41: 39630.45 | I41: 14231.91 | J41: 0 | K41: 1389.27 | L41: 0 | N41: -4949.01 | O41: 0.38 | P41: 50303 | Q41: 45017
A42: 0039 1A-L18B | B42: MIGUEL PEREIRA L´PEZ | C42: 3329159 | D42: 0 | E42: 2026920.5 | F42: En Abogados | G42: 0 | H42: 39630.45 | I42: 12222.13 | J42: 781.2 | K42: 1193.36 | L42: 0 | N42: 0 | O42: 0.83 | P42: 3484333 | Q42: 45017
A43: 0040 1A-L19 | B43: SEBASTIAN LAUSI | C43: 2963730 | D43: 0 | E43: 1811083 | F43: En Abogados | G43: 0 | H43: 39630.45 | I43: 9237.73 | J43: 590.4 | K43: 902.08 | L43: 0 | N43: 0 | O43: 0.19 | P43: 3104645 | Q43: 45017
A44: 0041 1A-L19B | B44: SEBASTIAN LAUSI | C44: 3535769 | D44: 0 | E44: 2148953.1 | F44: En Abogados | G44: 0 | H44: 39630.45 | I44: 13911.07 | J44: 888 | K44: 1358.28 | L44: 0 | N44: 0 | O44: 0.54 | P44: 3699005 | Q44: 45017
A45: 0042 1A-L19C | B45: SEBASTIAN LAUSI | C45: 2902186 | D45: 0 | E45: 1774747.4 | F45: En Abogados | G45: 0 | H45: 39630.45 | I45: 8741.34 | J45: 558 | K45: 853.19 | L45: 0 | N45: 0 | O45: 0.65 | P45: 3040707 | Q45: 45017
A46: 0043 1A-L20 | B46: Luis Enrique Landini (1) | C46: 51295 | D46: 51295 | E46: 0 | F46: 0 | G46: 0 | H46: 39630.45 | I46: 13039.36 | J46: 0 | K46: 1272.89 | L46: 0 | N46: 2105.61 | O46: 0.69 | P46: 56049 | Q46: 45017
A47: 0044 1A-L20B | B47: JAIME CHMEA | C47: 926831 | D47: 0 | E47: 671459.28 | F47: 288944.68 | G47: 0 | H47: 39630.45 | I47: 12440.06 | J47: 0 | K47: 1214.71 | L47: 0 | N47: 0 | O47: 0.82 | P47: 1013690 | Q47: 45017
A48: 0045 1A-L21 | B48: PABLO GARCIA NAVARRO (1) | C48: 57627 | D48: 57627 | E48: 0 | F48: 0 | G48: 0 | H48: 39630.45 | I48: 27356.02 | J48: 172.8 | K48: 2670.77 | L48: 0 | N48: -6160.81 | O48: 0.77 | P48: 63670 | Q48: 45017
A49: 0046 1A-L22 | B49: FIDEICOMISO VILLA MARIA | C49: 63060 | D49: 64111 | E49: 0 | F49: 1051 | G49: 1051 | H49: 39630.45 | I49: 27392.34 | J49: 0 | K49: 2674.21 | L49: 0 | N49: 0 | O49: 0 | P49: 69697 | Q49: 45017
A50: 0047 1A-L23 | B50: THOMAS HOELLER | C50: 312107 | D50: 0 | E50: 276444.13 | F50: 49485.08 | G50: 0 | H50: 39630.45 | I50: 20769.75 | J50: 1326 | K50: 2027.95 | L50: 0 | N50: 0 | O50: 0.64 | P50: 389684 | Q50: 45017
A51: 0048 1A-L24 | B51: RUTA CPC | C51: 117088 | D51: 55766 | E51: 61322 | F51: 3953.88 | G51: 0 | H51: 39630.45 | I51: 22192.34 | J51: 141.6 | K51: 2167.05 | L51: 0 | N51: 0 | O51: 0.68 | P51: 129408 | Q51: 45017
A52: 0049 1A-L25 | B52: ALFRED GLASSEL | C52: 1588170 | D52: 0 | E52: 1095284.1 | F52: En Abogados | G52: 0 | H52: 39630.45 | I52: 23421.21 | J52: 148.8 | K52: 2286.52 | L52: 0 | N52: 0 | O52: 0.82 | P52: 1708422 | Q52: 45017
A53: 0050 1A-L26 | B53: IDA MABEL ZAPPALA (GABRIEL GAUNA APODER) | C53: 89753 | D53: 89753 | E53: 0 | F53: 0 | G53: 0 | H53: 39630.45 | I53: 12270.56 | J53: 0 | K53: 1197.83 | L53: 0 | N53: 0 | O53: 0.16 | P53: 53099 | Q53: 45017
A54: 0051 1A-L26B | B54: SALVADOR BELLO | C54: -155814.15 | D54: 0 | E54: 0 | F54: 0 | G54: 155814.15 | H54: 39630.45 | I54: 12791.16 | J54: 817.2 | K54: 1248.79 | L54: 0 | N54: 0 | O54: 0 | P54: -101326.55 | Q54: 45017
A55: 0052 1A-L27 | B55: TERESA TANCO (2) | C55: 45789 | D55: 45789 | E55: 0 | F55: 2289.43 | G55: 0 | H55: 39630.45 | I55: 13656.82 | J55: 873.6 | K55: 1333.49 | L55: 0 | N55: 0 | O55: 0.21 | P55: 57784 | Q55: 45017
A56: 0053 1A-L27B | B56: FEDERICO BUNSOW (1) | C56: 44849 | D56: 44849 | E56: 0 | F56: 0 | G56: 0 | H56: 39630.45 | I56: 13584.18 | J56: 0 | K56: 1326.26 | L56: 0 | N56: -4889.56 | O56: 0.67 | P56: 49652 | Q56: 45017
A57: 0054 1A-L28 | B57: MARIANA VALOTTA (1) | C57: 50901 | D57: 50901 | E57: 0 | F57: 0 | G57: 0 | H57: 39630.45 | I57: 16719.92 | J57: 0 | K57: 1041.52 | L57: 3297.67 | N57: -4620.7 | O57: 0.14 | P57: 56069 | Q57: 45017
A58: 0055 1A-L28B | B58: PABLO VERA PINTO (1) | C58: 47674 | D58: 47674 | E58: 0 | F58: 0 | G58: 0 | H58: 39630.45 | I58: 11265.67 | J58: 720 | K58: 1099.71 | L58: 0 | N58: -4675.24 | O58: 0.41 | P58: 48041 | Q58: 45017
A59: 0056 1A-L29 | B59: PABLO VERA PINTO (1) | C59: 64056 | D59: 64056 | E59: 0 | F59: 0 | G59: 0 | H59: 39630.45 | I59: 11780.22 | J59: 0 | K59: 1149.98 | L59: 16735.12 | N59: -4723.23 | O59: 0.46 | P59: 64573 | Q59: 45017
A60: 0057 1A-L29B | B60: GABRIEL GALATI | C60: 138782 | D60: 0 | E60: 130316.07 | F60: 14981.73 | G60: 0 | H60: 39630.45 | I60: 11768.11 | J60: 0 | K60: 1148.94 | L60: 0 | N60: 0 | O60: 0.7 | P60: 197846 | Q60: 45017
A61: 0058 1A-L30 | B61: AGUSTÕN GIMENEZ/FERNANDA ARCURI | C61: 43015 | D61: 43015 | E61: 0 | F61: 0 | G61: 0 | H61: 39630.45 | I61: 11580.45 | J61: 0 | K61: 1130.69 | L61: 0 | N61: 0 | O61: 0.41 | P61: 52342 | Q61: 45017
A62: 0059 1A-L30B | B62: CAR POINT | C62: 47764 | D62: 0 | E62: 47764 | F62: 2388.2 | G62: 0 | H62: 39630.45 | I62: 11350.42 | J62: 724.8 | K62: 1108.32 | L62: 0 | N62: 0 | O62: 0.81 | P62: 102967 | Q62: 45017
A63: 0060 1A-L31 | B63: FRANCO BORDONI (1) | C63: 54865 | D63: 54900 | E63: 0 | F63: 0 | G63: 35 | H63: 39630.45 | I63: 24559.28 | J63: 0 | K63: 2398.08 | L63: 0 | N63: -5902.85 | O63: 0.04 | P63: 60650 | Q63: 45017
A64: 0061 1A-L32 | B64: CARLOS ALBERTO MATUK. | C64: 82155 | D64: 83525 | E64: 0 | F64: 1370 | G64: 1370 | H64: 39630.45 | I64: 24771.15 | J64: 0 | K64: 2418.39 | L64: 21087.15 | N64: 0 | O64: 0.86 | P64: 87908 | Q64: 45017
... A82: 0079 1A-L50B | B82: OSCAR MARC (1) | C82: 49514 | D82: 49514 | E82: 0 | F82: 0 | G82: 0 | H82: 39630.45 | I82: 12996.99 | J82: 830.4 | K82: 1268.76 | L82: 0 | N82: -4835.03 | O82: 0.43 | P82: 49892 | Q82: 45017
A83: 0080 1A-L51 | B83: ELEONORA NAZAR ANCHORENA | C83: 3885393 | D83: 0 | E83: 2428997.2 | F83: En Abogados | G83: 0 | H83: 39630.45 | I83: 25866.85 | J83: 163.2 | K83: 2525.82 | L83: 0 | N83: 0 | O83: 0.82 | P83: 4075030 | Q83: 45017
A84: 0081 1A-L52 | B84: FEDERICO COLUCCI (2) | C84: 53750 | D84: 53750 | E84: 0 | F84: 2687.46 | G84: 0 | H84: 39630.45 | I84: 23148.8 | J84: 146.4 | K84: 2260.01 | L84: 0 | N84: 0 | O84: 0.88 | P84: 67874 | Q84: 45017
A85: 0082 1A-L53 | B85: SERGIO ELBIO CANTON (1) | C85: 40644 | D85: 40644 | E85: 0 | F85: 0 | G85: 0 | H85: 39630.45 | I85: 8402.34 | J85: 537.6 | K85: 820.48 | L85: 0 | N85: 2407.72 | O85: 0.41 | P85: 51799 | Q85: 45017
A86: 0083 1A-L53B | B86: SAMANTHA WAHNON | C86: 209766 | D86: 80000 | E86: 129766 | F86: 7698.41 | G86: 0 | H86: 39630.45 | I86: 8123.87 | J86: 519.6 | K86: 793.28 | L86: 0 | N86: 0 | O86: 0.39 | P86: 186532 | Q86: 45017
A87: 0084 1A-L54 | B87: Hugo Gaston RONDA | C87: 50518 | D87: 50518 | E87: 0 | F87: 842 | G87: 0 | H87: 39630.45 | I87: 13941.34 | J87: 890.4 | K87: 1361.38 | L87: 0 | N87: 0 | O87: 0.43 | P87: 56666 | Q87: 45017
A88: 0085 1A-L55-1 | B88: FIDEICOMISO VILLA MARIA | C88: 42465 | D88: 43173 | E88: 0 | F88: 708 | G88: 708 | H88: 39630.45 | I88: 6852.63 | J88: 0 | K88: 586.69 | L88: 0 | N88: 0 | O88: 0.23 | P88: 47070 | Q88: 45017
A89: 0086 1A-L56 | B89: FIDEICOMISO VILLA MARIA | C89: 59784 | D89: 60781 | E89: 0 | F89: 997 | G89: 997 | H89: 39630.45 | I89: 24111.32 | J89: 0 | K89: 2354.01 | L89: 0 | N89: 0 | O89: 0.22 | P89: 66096 | Q89: 45017
A90: 0087 1A-L57 | B90: Hugo Gaston RONDA | C90: 47579 | D90: 47579 | E90: 0 | F90: 793 | G90: 0 | H90: 39630.45 | I90: 13941.34 | J90: 902.4 | K90: 1361.38 | L90: 0 | N90: 0 | O90: 0.43 | P90: 56629 | Q90: 45017
A91: 0088 1A-L58 | B91: SAMANTHA WAHNON | C91: 246624 | D91: 80000 | E91: 166624 | F91: 9546 | G91: 0 | H91: 39630.45 | I91: 14074.52 | J91: 0 | K91: 1374.46 | L91: 0 | N91: 0 | O91: 0.57 | P91: 231250 | Q91: 45017
A92: 0089 1A-L59 | B92: DIEGO CARVALHO | C92: 113454 | D92: 0 | E92: 104940.51 | F92: 13760.52 | G92: 0 | H92: 39630.45 | I92: 17948.79 | J92: 1146 | K92: 1752.16 | L92: 0 | N92: 0 | O92: 0.57 | P92: 179179 | Q92: 45017
A93: 0090 1A-L59B | B93: EUGENIA GIBBONS | C93: 4286544 | D93: 0 | E93: 2641325 | F93: En Abogados | G93: 0 | H93: 39630.45 | I93: 18209.1 | J93: 1161.6 | K93: 1777.64 | L93: 0 | N93: 0 | O93: 0.96 | P93: 4479390 | Q93: 45017
A94: 0091 1A-L60 | B94: SAN EMILIO SCA (1) | C94: 50454 | D94: 50454 | E94: 0 | F94: 0 | G94: 0 | H94: 39630.45 | I94: 13880.8 | J94: 886.8 | K94: 1355.53 | L94: 0 | N94: -4917.38 | O94: 0.8 | P94: 50837 | Q94: 45017
A95: 0092 1A-L61 | B95: Ruth Marina Martini (1) | C95: 46043 | D95: 46043 | E95: 0 | F95: 0 | G95: 0 | H95: 39630.45 | I95: 13917.13 | J95: 889.2 | K95: 1358.97 | L95: 0 | N95: -4920.65 | O95: 0.9 | P95: 50876 | Q95: 45017
A96: 0093 1A-L62 | B96: OSCAR BAREIRO (1) | C96: 52305 | D96: 52305 | E96: 0 | F96: 0 | G96: 0 | H96: 39630.45 | I96: 14292.45 | J96: 913.2 | K96: 1395.46 | L96: 0 | N96: -4955.01 | O96: 0.45 | P96: 51277 | Q96: 45017
A97: 0094 1A-L63 | B97: PABLO GARCIA NAVARRO (1) | C97: 45444 | D97: 45444 | E97: 0 | F97: 0 | G97: 0 | H97: 39630.45 | I97: 13305.72 | J97: 849.6 | K97: 1299.06 | L97: 0 | N97: -4863.93 | O97: 0.1 | P97: 50221 | Q97: 45017
A98: 0095 1A-L64 | B98: PODRZAJ - PODRZAJ (1) | C98: 47294 | D98: 47294 | E98: 0 | F98: 0 | G98: 0 | H98: 39630.45 | I98: 15194.43 | J98: 970.8 | K98: 1483.61 | L98: 0 | N98: -5038.45 | O98: 0.16 | P98: 52241 | Q98: 45017
A99: 0096 1A-L65 | B99: RUTA CPC | C99: 103754 | D99: 49400 | E99: 54354 | F99: 3503.78 | G99: 0 | H99: 39630.45 | I99: 14825.16 | J99: 946.8 | K99: 1447.45 | L99: 0 | N99: 0 | O99: 0.36 | P99: 114708 | Q99: 45017
A100: 0097 1B-L1 | B100: JORGE TABOADA | C100: 42652 | D100: 43363 | E100: 0 | F100: 711 | G100: 711 | H100: 39630.45 | I100: 10454.49 | J100: 667.2 | K100: 1020.86 | L100: 0 | N100: 0 | O100: 0 | P100: 51773 | Q100: 45017
A101: 0098 1B-L2 | B101: Jorge Delaportas | C101: 89443 | D101: 89443 | E101: 0 | F101: 0 | G101: 0 | H101: 39630.45 | I101: 11326.2 | J101: 723.6 | K101: 1105.56 | L101: 0 | N101: 0 | O101: 0.19 | P101: 52786 | Q101: 45017
A102: 0099 1B-L3 | B102: MARCIAL CARBALLAL | C102: 3397402 | D102: 0 | E102: 2105232.9 | F102: En Abogados | G102: 0 | H102: 39630.45 | I102: 11283.83 | J102: 721.2 | K102: 1101.43 | L102: 0 | N102: 0 | O102: 0.45 | P102: 3555401 | Q102: 45017
A103: 0100 1B-L4 | B103: GIMENEZ ALFREDO FERNANDO | C103: 44478 | D103: 0 | E103: 44478 | F103: 2223.9 | G103: 0 | H103: 39630.45 | I103: 12318.99 | J103: 787.2 | K103: 1202.65 | L103: 0 | N103: 0 | O103: 0.81 | P103: 100642 | Q103: 45017
A104: 0101 1B-L5 | B104: CLAUDIO VICENTE LOPEZ | C104: 1665994 | D104: 0 | E104: 1109195.6 | F104: En Abogados | G104: 0 | H104: 39630.45 | I104: 12318.99 | J104: 787.2 | K104: 1202.65 | L104: 0 | N104: 0 | O104: 0.93 | P104: 1775394 | Q104: 45017
A105: 0102 1B-L6 | B105: FERNANDO JASNIS (1) | C105: 43862 | D105: 43862 | E105: 0 | F105: 0 | G105: 0 | H105: 39630.45 | I105: 11689.42 | J105: 747.6 | K105: 1141.37 | L105: 0 | N105: -4715.05 | O105: 0.21 | P105: 48494 | Q105: 45017
A106: 0103 1B-L7 | B106: DANIEL OSVALDO BENITES/ GONZALEZ NOELIA | C106: 77896 | D106: 60000 | E106: 17896 | F106: 894.8 | G106: 0 | H106: 39630.45 | I106: 10684.53 | J106: 681.6 | K106: 1043.24 | L106: 0 | N106: 0 | O106: 0.38 | P106: 70831 | Q106: 45017
A107: 0104 1B-L8 | B107: EDUARDO HIRSH (1) | C107: 47649 | D107: 47649 | E107: 0 | F107: 0 | G107: 0 | H107: 39630.45 | I107: 10569.51 | J107: 675.6 | K107: 1032.22 | L107: 0 | N107: -4611.43 | O107: 0.65 | P107: 47297 | Q107: 45017
A108: 0105 1B-L9 | B108: FERNANDO WEHT (2) | C108: 87985 | D108: 89419 | E108: 0 | F108: 4301.7 | G108: 1434 | H108: 39630.45 | I108: 11338.31 | J108: 0 | K108: 1107.28 | L108: 0 | N108: 0 | O108: 0.26 | P108: 54944 | Q108: 45017
A109: 0106 1B-L10 | B109: VICTORIA ANGELA CIPPONERI (1) | C109: 41721 | D109: 41721 | E109: 0 | F109: 0 | G109: 0 | H109: 39630.45 | I109: 10345.53 | J109: 0 | K109: 1010.19 | L109: 0 | N109: -4590.7 | O109: 0.53 | P109: 46396 | Q109: 45017
A110: 0107 1B-L11 | B110: Hector Daniel CAZZASA/Zulema Amelia LEFEVRE (1) | C110: 45610 | D110: 45610 | E110: 0 | F110: 0 | G110: 0 | H110: 39630.45 | I110: 13475.22 | J110: 860.4 | K110: 1315.93 | L110: 0 | N110: -4879.75 | O110: 0.75 | P110: 50403 | Q110: 45017
A111: 0108 1B-L12 | B111: MORA DELGADO | C111: 44775 | D111: 45522 | E111: 0 | F111: 747 | G111: 747 | H111: 39630.45 | I111: 12621.67 | J111: 806.4 | K111: 1232.61 | L111: 0 | N111: 0 | O111: 0.87 | P111: 54292 | Q111: 45017
A112: 0109 1B-L13 | B112: MORA DELGADO | C112: 72448 | D112: 73678 | E112: 0 | F112: 1208 | G112: 1230 | H112: 39630.45 | I112: 11392.79 | J112: 0 | K112: 1112.1 | L112: 29880.94 | N112: 0 | O112: 0.72 | P112: 81995 | Q112: 45017
A113: 0110 1B-L14 | B113: LUCIANO POMPONIO | C113: 43465 | D113: 43465 | E113: 0 | F113: 725 | G113: 0 | H113: 39630.45 | I113: 11283.83 | J113: 721.2 | K113: 1101.43 | L113: 0 | N113: 0 | O113: 0.09 | P113: 53462 | Q113: 45017
A114: 0111 1B-L15 | B114: Victor Walter Fuentes/Mariana Paola Tuya | C114: 39938 | D114: 40604 | E114: 0 | F114: 666 | G114: 666 | H114: 39630.45 | I114: 7681.96 | J114: 490.8 | K114: 750.24 | L114: 0 | N114: 0 | O114: 0.55 | P114: 48554 | Q114: 45017
A115: 0112 1B-L16 | B115: EMILY TELO | C115: -45801.71 | D115: 0 | E115: 0 | F115: 0 | G115: 45801.71 | H115: 39630.45 | I115: 8989.53 | J115: 574.8 | K115: 877.98 | L115: 0 | N115: 0 | O115: 0.95 | P115: 4272 | Q115: 45017
A116: 0113 1B-L17 | B116: CHRISTIAN ANDR…S NARA/ CABALLERO NATALIAL (1) | C116: 40608 | D116: 40608 | E116: 0 | F116: 0 | G116: 0 | H116: 39630.45 | I116: 8366.01 | J116: 535.2 | K116: 816.69 | L116: 0 | N116: -4408.01 | O116: 0.66 | P116: 44941 | Q116: 45017
A117: 0114 1B-L18 | B117: GAMARRA NOGUERA MARÕA NILSA | C117: 206312 | D117: 206312 | E117: 0 | F117: 3154 | G117: 0 | H117: 39630.45 | I117: 9098.5 | J117: 580.8 | K117: 888.3 | L117: 0 | N117: 0 | O117: 0.95 | P117: 53353 | Q117: 45017
A118: 0115 1B-L19 | B118: FRANCO - SUEIRO | C118: 3231665 | D118: 0 | E118: 2011270.6 | F118: En Abogados | G118: 0 | H118: 39630.45 | I118: 11883.13 | J118: 759.6 | K118: 1160.31 | L118: 0 | N118: 0 | O118: 0.98 | P118: 3385663 | Q118: 45017
A119: 0116 1B-L20 | B119: AGROPECUARIA EL BAYITO S.A. (1) | C119: 48921 | D119: 48921 | E119: 0 | F119: 0 | G119: 0 | H119: 39630.45 | I119: 11199.08 | J119: 715.2 | K119: 1093.17 | L119: 0 | N119: -4669.24 | O119: 0.34 | P119: 47969 | Q119: 45017
A120: 0117 1B-L21 | B120: DIEGO MUFFATTI | C120: 2701330 | D120: 0 | E120: 1705763.3 | F120: En Abogados | G120: 0 | H120: 39630.45 | I120: 11992.1 | J120: 766.8 | K120: 1170.63 | L120: 0 | N120: 0 | O120: 0.85 | P120: 2840179 | Q120: 45017
A121: 0118 1B-L22 | B121: ALFREDO CASTIGLIA (1) | C121: 73250 | D121: 73250 | E121: Plan de Pago | F121: Plan de Pago | G121: 0 | H121: 39630.45 | I121: 11992.1 | J121: 766.8 | K121: 1170.63 | L121: 0 | N121: 24349.03 | O121: 0.99 | P121: 77910 | Q121: 45017
A122: 0119 1B-L23 | B122: PAUL SIMON FITZPATRICK/IRAZU CARINA LORE (1) | C122: 43392 | D122: 43392 | E122: 0 | F122: 0 | G122: 0 | H122: 39630.45 | I122: 11992.1 | J122: 0 | K122: 1170.63 | L122: 0 | N122: -4742.32 | O122: 0.14 | P122: 48051 | Q122: 45017
A123: 0120 1B-L24 | B123: OSCAR BALLESTER (1) (2) | C123: 61368 | D123: 141368 | E123: 0 | F123: 0 | G123: 80000 | H123: 39630.45 | I123: 11992.1 | J123: 0 | K123: 1170.63 | L123: 14940.47 | N123: -4742.32 | O123: 0 | P123: -17008.67 | Q123: 45017
A124: 0121 1B-L25 | B124: DANIEL MANZINI (1) | C124: 64068 | D124: 64088 | E124: Plan de Pago | F124: Plan de Pago | G124: 20 | H124: 39630.45 | I124: 9274.05 | J124: 592.8 | K124: 905.52 | L124: 0 | N124: 17408.53 | O124: 0.65 | P124: 67792 | Q124: 45017
A125: 0122 1B-L26 | B125: MONICA MARTINEZ (1) | C125: 51101 | D125: 51101 | E125: 0 | F125: 0 | G125: 0 | H125: 39630.45 | I125: 8462.87 | J125: 0 | K125: 826.33 | L125: 0 | N125: 2527.72 | O125: 0.63 | P125: 51448 | Q125: 45017
A126: 0123 1B-L27 | B126: ESTEBAN CORSO (1) | C126: 60298 | D126: 60300 | E126: 0 | F126: 0 | G126: 2 | H126: 39630.45 | I126: 11586.51 | J126: 0 | K126: 1131.38 | L126: 17430.55 | N126: 40754.95 | O126: 0.16 | P126: 110532 | Q126: 45017
A127: 0124 1B-L28 | B127: Angel Federico BUNSOW / Maria Paula DE LUCA (1) | C127: 44159 | D127: 44159 | E127: 0 | F127: 0 | G127: 0 | H127: 39630.45 | I127: 11992.1 | J127: 766.8 | K127: 1170.63 | L127: 0 | N127: -4742.32 | O127: 0.34 | P127: 48818 | Q127: 45017
A128: 0125 1B-L29 | B128: SEBASTI£N CHU | C128: 3488404 | D128: 0 | E128: 2160122.5 | F128: En Abogados | G128: 0 | H128: 39630.45 | I128: 11998.15 | J128: 766.8 | K128: 1171.32 | L128: 0 | N128: 0 | O128: 0.15 | P128: 3649977 | Q128: 45017
A129: 0126 1B-L30 | B129: Vicente DE MOLA (1) | C129: 90797 | D129: 84534 | E129: 0 | F129: 0 | G129: 0 | H129: 39630.45 | I129: 11992.1 | J129: 766.8 | K129: 1170.63 | L129: 0 | N129: -4742.32 | O129: 0.34 | P129: 48818 | Q129: 45017
A130: 0127 1B-L31 | B130: MARIA ISABEL ABULIAk (1) | C130: 44159 | D130: 44159 | E130: 0 | F130: 0 | G130: 0 | H130: 39630.45 | I130: 11992.1 | J130: 766.8 | K130: 1170.63 | L130: 0 | N130: -4742.32 | O130: 0.34 | P130: 48818 | Q130: 45017
A131: 0128 1B-L32 | B131: BISCAYNE SERVICIOS SA | C131: 42518 | D131: 0 | E131: 42518 | F131: 2125.9 | G131: 0 | H131: 39630.45 | I131: 10321.31 | J131: 657.6 | K131: 1007.78 | L131: 0 | N131: 0 | O131: 0.96 | P131: 96262 | Q131: 45017
A132: 0129 1B-L33 | B132: JUAN MANUEL GALLEGO (1) | C132: 44159 | D132: 44159 | E132: 0 | F132: 0 | G132: 0 | H132: 39630.45 | I132: 11992.1 | J132: 766.8 | K132: 1170.63 | L132: 0 | N132: -4742.32 | O132: 0.34 | P132: 48818 | Q132: 45017
A133: 0130 1B-L34 | B133: NATALIA GANEM | C133: 48447 | D133: 0 | E133: 48447 | F133: 2422.35 | G133: 0 | H133: 39630.45 | I133: 11992.1 | J133: 766.8 | K133: 1170.63 | L133: 0 | N133: 0 | O133: 0.67 | P133: 104430 | Q133: 45017
A134: 0131 1B-L35 | B134: TOMAS BELLO (1) | C134: 57293 | D134: 57293 | E134: 0 | F134: 0 | G134: 0 | H134: 39630.45 | I134: 12016.31 | J134: 768 | K134: 1173.39 | L134: 0 | N134: 2199.96 | O134: 0.89 | P134: 55789 | Q134: 45017
A135: 0132 1B-L36 | B135: LUCAS MORANDO DELGADO | C135: 57588 | D135: 57588 | E135: 0 | F135: 953 | G135: 0 | H135: 39630.45 | I135: 11992.1 | J135: 766.8 | K135: 1170.63 | L135: 0 | N135: 0 | O135: 0.02 | P135: 54513 | Q135: 45017
A136: 0133 1B-L37 | B136: LUIS LOSADA (1) | C136: 44182 | D136: 44182 | E136: 0 | F136: 0 | G136: 0 | H136: 39630.45 | I136: 12016.31 | J136: 768 | K136: 1173.39 | L136: 0 | N136: -4745.04 | O136: 0.89 | P136: 48844 | Q136: 45017
A137: 0134 1B-L38 | B137: MARIA ISABEL ABULIAK (1) | C137: 44115 | D137: 44115 | E137: 0 | F137: 0 | G137: 0 | H137: 39630.45 | I137: 11943.67 | J137: 768 | K137: 1166.16 | L137: 0 | N137: -4738.5 | O137: 0.22 | P137: 48770 | Q137: 45017
...

Sheet MARZO 2023
A3: U.F. Lote | B3: Propietario | C3: Saldo Anterior | D3: Pagos Recibidos | E3: Deuda | F3: Interés | G3: Disponible | H3: Expensa A | I3: Expensa B | J3: Corte de Pasto | K3: Arba en revalúo | L3: Arba form. 903 | M3: Previsión por mora | N3: Otros Gastos | O3: Redon. | P3: TOTAL | Q3: Periodo expensas
A4: 0001 1A-L1 | B4: GRACIELA PRIORI (1) | C4: 40448 | D4: 40448 | E4: 0 | F4: 0 | G4: 0 | H4: 35703.11 | I4: 10918.22 | J4: 772.8 | K4: 1185.09 | L4: 0 | N4: -4298.66 | O4: 0.44 | P4: 44281 | Q4: 44986
A5: 0002 1A-L1B | B5: GRACIELA PRIORI (1) | C5: 40512 | D5: 40512 | E5: 0 | F5: 0 | G5: 0 | H5: 35703.11 | I5: 10978.21 | J5: 778.8 | K5: 1191.99 | L5: 0 | N5: -4304.57 | O5: 0.46 | P5: 44348 | Q5: 44986
A6: 0003 1A-L2 | B6: MIGUEL SOSTRES (1) | C6: 40684 | D6: 40684 | E6: 0 | F6: 0 | G6: 0 | H6: 35703.11 | I6: 11147.27 | J6: 790.8 | K6: 1209.92 | L6: 0 | N6: -4319.86 | O6: 0.76 | P6: 44532 | Q6: 44986
A7: 0004 1A-L2B | B7: TRISTAN BRIANO (1) | C7: 37786 | D7: 37786 | E7: 0 | F7: 0 | G7: 0 | H7: 35703.11 | I7: 8311.37 | J7: 589.2 | K7: 902.61 | L7: 0 | N7: -4057.53 | O7: 0.24 | P7: 41449 | Q7: 44986
A8: 0005 1A-L2C | B8: TRISTAN BRIANO (1) | C8: 36825 | D8: 36825 | E8: 0 | F8: 0 | G8: 0 | H8: 35703.11 | I8: 8349.54 | J8: 592.8 | K8: 906.41 | L8: 0 | N8: -4060.98 | O8: 0.12 | P8: 41491 | Q8: 44986
A9: 0006 1A-L3 | B9: Esteban Marcelo CHAMS (1) | C9: 37491 | D9: 38116 | E9: 0 | F9: 625 | G9: 625 | H9: 35703.11 | I9: 8022.33 | J9: 568.8 | K9: 871.23 | L9: 0 | N9: 20500 | O9: 0.53 | P9: 65666 | Q9: 44986
A10: 0007 1A-L3B | B10: CARLOS RENE RODRIGUEZ (1) | C10: 37420 | D10: 37420 | E10: 0 | F10: 0 | G10: 0 | H10: 35703.11 | I10: 7951.43 | J10: 565.2 | K10: 863.29 | L10: 0 | N10: -4024 | O10: 0.97 | P10: 41060 | Q10: 44986
A11: 0008 1A-L4 | B11: CLAUDIO SPERANZA (1) | C11: 63487 | D11: 63487 | E11: 0 | F11: 0 | G11: 0 | H11: 35703.11 | I11: 11632.64 | J11: 0 | K11: 1262.69 | L11: 19100.48 | N11: 7966.23 | O11: 0.85 | P11: 75666 | Q11: 44986
A12: 0009 1A-L4B | B12: RAFAEL BALTAZAR FLORES/TERESA MI —ONES (1) | C12: 47321 | D12: 47321 | E12: 0 | F12: 0 | G12: 0 | H12: 35703.11 | I12: 11654.46 | J12: 0 | K12: 1265.11 | L12: 0 | N12: 8743.78 | O12: 0.54 | P12: 57367 | Q12: 44986
A13: 0010 1A-L4C | B13: GERARDO PAZ (2) | C13: 38505 | D13: 39148 | E13: 0 | F13: 1925.21 | G13: 643 | H13: 35703.11 | I13: 9014.89 | J13: 638.4 | K13: 978.49 | L13: 0 | N13: 0 | O13: 0.9 | P13: 47618 | Q13: 44986
A14: 0011 1A-L4D | B14: DANIEL MARGULIES (1) | C14: 38489 | D14: 38489 | E14: 0 | F14: 0 | G14: 0 | H14: 35703.11 | I14: 8998.53 | J14: 638.4 | K14: 976.77 | L14: 0 | N14: -4120.65 | O14: 0.84 | P14: 42197 | Q14: 44986
A15: 0012 1A-L5-2 | B15: Guadalupe Jazmin CHAMS | C15: 38990 | D15: 39640 | E15: 0 | F15: 650 | G15: 650 | H15: 35703.11 | I15: 7951.43 | J15: 162 | K15: 2498.14 | L15: 0 | N15: 0 | O15: 0.32 | P15: 46315 | Q15: 44986
... A34: 0031 1A-L14B | B34: ROBERTO MARINHO | C34: 48773 | D34: 48773 | E34: 0 | F34: 0 | G34: 0 | H34: 35703.11 | I34: 14910.29 | J34: 1057.2 | K34: 1618.63 | L34: 0 | N34: 0 | O34: 0.77 | P34: 53290 | Q34: 44986
A35: 0032 1A-L15 | B35: ALFREDO CASTIGLIA (1) | C35: 78066 | D35: 78066 | E35: Plan de Pago | F35: Plan de Pago | G35: 0 | H35: 35703.11 | I35: 14604.89 | J35: 1034.4 | K35: 1585.52 | L35: 0 | N35: 29210.66 | O35: 0.42 | P35: 82139 | Q35: 44986
A36: 0033 1A-L15B | B36: Ariel Arnoldo Abramovich (1) | C36: 47543 | D36: 47600 | E36: 0 | F36: 0 | G36: 57 | H36: 35703.11 | I36: 17860.72 | J36: 1266 | K36: 1939.05 | L36: 0 | N36: 638 | O36: 0.12 | P36: 57350 | Q36: 44986
A37: 0034 1A-L16 | B37: ARIEL AKERMAN - SEBASTAN JANON (1) | C37: 43137 | D37: 43137 | E37: 0 | F37: 0 | G37: 0 | H37: 35703.11 | I37: 13546.88 | J37: 961.2 | K37: 1470.67 | L37: 0 | N37: -4542.25 | O37: 0.39 | P37: 47140 | Q37: 44986
A38: 0035 1A-L16B | B38: Gisela CANIEVSKY (1) | C38: 41224 | D38: 41224 | E38: 0 | F38: 0 | G38: 0 | H38: 35703.11 | I38: 11676.27 | J38: 828 | K38: 1267.52 | L38: 0 | N38: -4369.17 | O38: 0.27 | P38: 45106 | Q38: 44986
A39: 0036 1A-L17 | B39: RUTA CPC (2) | C39: 111556 | D39: 56367 | E39: 55189 | F39: 5441.98 | G39: 0 | H39: 35703.11 | I39: 21329.24 | J39: 150 | K39: 2315.69 | L39: 0 | N39: 0 | O39: 0.98 | P39: 120130 | Q39: 44986
A40: 0037 1A-L17B | B40: RUTA CPC (2) | C40: 106839 | D40: 54062 | E40: 52777 | F40: 5211.76 | G40: 0 | H40: 35703.11 | I40: 17969.79 | J40: 1274.4 | K40: 1950.78 | L40: 0 | N40: 0 | O40: 0.16 | P40: 114887 | Q40: 44986
A41: 0038 1A-L18 | B41: BIAU DANIEL/CRISTALDO MABEL (1) | C41: 41486 | D41: 41488 | E41: 0 | F41: 0 | G41: 2 | H41: 35703.11 | I41: 12821.54 | J41: 0 | K41: 1391.69 | L41: 0 | N41: -4474.69 | O41: 0.35 | P41: 45440 | Q41: 44986
A42: 0039 1A-L18B | B42: MIGUEL PEREIRA L´PEZ | C42: 3181556 | D42: 0 | E42: 1978229 | F42: En Abogados | G42: 0 | H42: 35703.11 | I42: 11010.93 | J42: 781.2 | K42: 1195.44 | L42: 0 | N42: 0 | O42: 0.87 | P42: 3329159 | Q42: 44986
A43: 0040 1A-L19 | B43: SEBASTIAN LAUSI | C43: 2829932 | D43: 0 | E43: 1765563.2 | F43: En Abogados | G43: 0 | H43: 35703.11 | I43: 8322.28 | J43: 590.4 | K43: 903.65 | L43: 0 | N43: 0 | O43: 0.4 | P43: 2963730 | Q43: 44986
A44: 0041 1A-L19B | B44: SEBASTIAN LAUSI | C44: 3380361 | D44: 0 | E44: 2098468.6 | F44: En Abogados | G44: 0 | H44: 35703.11 | I44: 12532.5 | J44: 888 | K44: 1360.65 | L44: 0 | N44: 0 | O44: 0.31 | P44: 3535769 | Q44: 44986
A45: 0042 1A-L19C | B45: SEBASTIAN LAUSI | C45: 2770707 | D45: 0 | E45: 1729756.2 | F45: En Abogados | G45: 0 | H45: 35703.11 | I45: 7875.08 | J45: 558 | K45: 854.67 | L45: 0 | N45: 0 | O45: 0.33 | P45: 2902186 | Q45: 44986
A46: 0043 1A-L20 | B46: Luis Enrique Landini (1) | C46: 51387 | D46: 51387 | E46: 0 | F46: 0 | G46: 0 | H46: 35703.11 | I46: 11747.17 | J46: 0 | K46: 1275.11 | L46: 0 | N46: 2569.42 | O46: 0.19 | P46: 51295 | Q46: 44986
A47: 0044 1A-L20B | B47: JAIME CHMEA | C47: 847537 | D47: 0 | E47: 623331.87 | F47: 255371.72 | G47: 0 | H47: 35703.11 | I47: 11207.26 | J47: 0 | K47: 1216.82 | L47: 0 | N47: 0 | O47: 0.22 | P47: 926831 | Q47: 44986
A48: 0045 1A-L21 | B48: PABLO GARCIA NAVARRO (1) | C48: 58778 | D48: 58778 | E48: 0 | F48: 0 | G48: 0 | H48: 35703.11 | I48: 24645.06 | J48: 172.8 | K48: 2675.42 | L48: 0 | N48: -5570.35 | O48: 0.96 | P48: 57627 | Q48: 44986
A49: 0046 1A-L22 | B49: FIDEICOMISO VILLA MARIA | C49: 60488 | D49: 60488 | E49: 0 | F49: 0 | G49: 0 | H49: 35703.11 | I49: 24677.79 | J49: 0 | K49: 2678.87 | L49: 0 | N49: 0 | O49: 0.23 | P49: 63060 | Q49: 44986
A50: 0047 1A-L23 | B50: THOMAS HOELLER | C50: 243401 | D50: 0 | E50: 218671.72 | F50: 35662.87 | G50: 0 | H50: 35703.11 | I50: 18711.49 | J50: 1326 | K50: 2031.48 | L50: 0 | N50: 0 | O50: 0.33 | P50: 312107 | Q50: 44986
A51: 0048 1A-L24 | B51: RUTA CPC (2) | C51: 108696 | D51: 54920 | E51: 53776 | F51: 5302.48 | G51: 0 | H51: 35703.11 | I51: 19993.1 | J51: 141.6 | K51: 2170.83 | L51: 0 | N51: 0 | O51: 0.88 | P51: 117088 | Q51: 44986
A52: 0049 1A-L25 | B52: ALFRED GLASSEL | C52: 1477125 | D52: 0 | E52: 1036041.1 | F52: En Abogados | G52: 0 | H52: 35703.11 | I52: 21100.19 | J52: 148.8 | K52: 2290.51 | L52: 0 | N52: 0 | O52: 0.33 | P52: 1588170 | Q52: 44986
A53: 0050 1A-L26 | B53: IDA MABEL ZAPPALA (GABRIEL GAUNA APODER) | C53: 39805 | D53: 0 | E53: 39805 | F53: 1990.25 | G53: 0 | H53: 35703.11 | I53: 11054.56 | J53: 0 | K53: 1199.92 | L53: 0 | N53: 0 | O53: 0.16 | P53: 89753 | Q53: 44986
A54: 0051 1A-L26B | B54: SALVADOR BELLO | C54: 85240 | D54: 291738 | E54: 0 | F54: 1389 | G54: 206498 | H54: 35703.11 | I54: 11523.57 | J54: 817.2 | K54: 1250.97 | L54: 0 | N54: 0 | O54: 0 | P54: -155814.15 | Q54: 44986
A55: 0052 1A-L27 | B55: TERESA TANCO (1) | C55: 41795 | D55: 41795 | E55: 0 | F55: 0 | G55: 0 | H55: 35703.11 | I55: 12303.44 | J55: 873.6 | K55: 1335.81 | L55: 0 | N55: -4427.35 | O55: 0.39 | P55: 45789 | Q55: 44986
A56: 0053 1A-L27B | B56: FEDERICO BUNSOW (1) | C56: 47009 | D56: 47009 | E56: 0 | F56: 0 | G56: 0 | H56: 35703.11 | I56: 12238 | J56: 0 | K56: 1328.57 | L56: 0 | N56: -4420.94 | O56: 0.26 | P56: 44849 | Q56: 44986
A57: 0054 1A-L28 | B57: MARIANA VALOTTA (1) | C57: 47321 | D57: 47321 | E57: 0 | F57: 0 | G57: 0 | H57: 35703.11 | I57: 15062.99 | J57: 0 | K57: 1043.33 | L57: 3268.65 | N57: -4177.85 | O57: 0.77 | P57: 50901 | Q57: 44986
A58: 0055 1A-L28B | B58: PABLO VERA PINTO | C58: 43507 | D58: 44223 | E58: 0 | F58: 716 | G58: 716 | H58: 35703.11 | I58: 10149.25 | J58: 720 | K58: 1101.62 | L58: 0 | N58: 0 | O58: 0.02 | P58: 47674 | Q58: 44986
A59: 0056 1A-L29 | B59: PABLO VERA PINTO | C59: 68962 | D59: 70094 | E59: 0 | F59: 1132 | G59: 1132 | H59: 35703.11 | I59: 10612.81 | J59: 0 | K59: 1151.98 | L59: 16587.84 | N59: 0 | O59: 0.26 | P59: 64056 | Q59: 44986
A60: 0057 1A-L29B | B60: GABRIEL GALATI | C60: 87183 | D60: 0 | E60: 82860.07 | F60: 8465.93 | G60: 0 | H60: 35703.11 | I60: 10601.9 | J60: 0 | K60: 1150.94 | L60: 0 | N60: 0 | O60: 0.05 | P60: 138782 | Q60: 44986
A61: 0058 1A-L30 | B61: AGUSTÕN GIMENEZ/FERNANDA ARCURI (1) | C61: 39214 | D61: 39214 | E61: 0 | F61: 0 | G61: 0 | H61: 35703.11 | I61: 10432.84 | J61: 0 | K61: 1132.66 | L61: 0 | N61: -4253.78 | O61: 0.17 | P61: 43015 | Q61: 44986
A62: 0059 1A-L30B | B62: CAR POINT | C62: 45590 | D62: 45590 | E62: 0 | F62: 0 | G62: 0 | H62: 35703.11 | I62: 10225.6 | J62: 724.8 | K62: 1110.25 | L62: 0 | N62: 0 | O62: 0.24 | P62: 47764 | Q62: 44986
A63: 0060 1A-L31 | B63: FRANCO BORDONI (1) | C63: 50333 | D63: 50362 | E63: 0 | F63: 0 | G63: 29 | H63: 35703.11 | I63: 22125.48 | J63: 0 | K63: 2402.26 | L63: 0 | N63: -5337.12 | O63: 0.27 | P63: 54865 | Q63: 44986
A64: 0061 1A-L32 | B64: CARLOS ALBERTO MATUK. (1) | C64: 173848 | D64: 173848 | E64: 0 | F64: 0 | G64: 0 | H64: 35703.11 | I64: 22316.35 | J64: 0 | K64: 2422.61 | L64: 20901.57 | N64: 811.1 | O64: 0.26 | P64: 82155 | Q64: 44986
... A82: 0079 1A-L50B | B82: OSCAR MARC | C82: 41258 | D82: 41946 | E82: 0 | F82: 688 | G82: 688 | H82: 35703.11 | I82: 11709 | J82: 830.4 | K82: 1270.97 | L82: 0 | N82: 0 | O82: 0.52 | P82: 49514 | Q82: 44986
A83: 0080 1A-L51 | B83: ELEONORA NAZAR ANCHORENA | C83: 3705328 | D83: 0 | E83: 2367297.1 | F83: En Abogados | G83: 0 | H83: 35703.11 | I83: 23303.47 | J83: 163.2 | K83: 2530.22 | L83: 0 | N83: 0 | O83: 0.15 | P83: 3885393 | Q83: 44986
A84: 0081 1A-L52 | B84: FEDERICO COLUCCI (1) | C84: 49254 | D84: 49254 | E84: 0 | F84: 0 | G84: 0 | H84: 35703.11 | I84: 20854.77 | J84: 146.4 | K84: 2263.95 | L84: 0 | N84: -5219 | O84: 0.77 | P84: 53750 | Q84: 44986
A85: 0082 1A-L53 | B85: PABLO LIJTZTAIM (1) | C85: 37029 | D85: 37029 | E85: 0 | F85: 0 | G85: 0 | H85: 35703.11 | I85: 7569.67 | J85: 537.6 | K85: 821.91 | L85: 0 | N85: -3988.5 | O85: 0.21 | P85: 40644 | Q85: 44986
A86: 0083 1A-L53B | B86: SAMANTHA WAHNON | C86: 158128 | D86: 0 | E86: 146026.81 | F86: 19402.53 | G86: 0 | H86: 35703.11 | I86: 7318.8 | J86: 519.6 | K86: 794.66 | L86: 0 | N86: 0 | O86: 0.49 | P86: 209766 | Q86: 44986
A87: 0084 1A-L54 | B87: Hugo Gaston RONDA | C87: 42128 | D87: 42128 | E87: 0 | F87: 0 | G87: 0 | H87: 35703.11 | I87: 12559.77 | J87: 890.4 | K87: 1363.75 | L87: 0 | N87: 0 | O87: 0.97 | P87: 50518 | Q87: 44986
A88: 0085 1A-L55-1 | B88: FIDEICOMISO VILLA MARIA | C88: 51543 | D88: 51543 | E88: 0 | F88: 0 | G88: 0 | H88: 35703.11 | I88: 6173.54 | J88: 0 | K88: 587.72 | L88: 0 | N88: 0 | O88: 0.63 | P88: 42465 | Q88: 44986
A89: 0086 1A-L56 | B89: FIDEICOMISO VILLA MARIA | C89: 57285 | D89: 57285 | E89: 0 | F89: 0 | G89: 0 | H89: 35703.11 | I89: 21721.91 | J89: 0 | K89: 2358.11 | L89: 0 | N89: 0 | O89: 0.87 | P89: 59784 | Q89: 44986
A90: 0087 1A-L57 | B90: Hugo Gaston RONDA (1) | C90: 42140 | D90: 42140 | E90: 0 | F90: 0 | G90: 0 | H90: 35703.11 | I90: 12559.77 | J90: 902.4 | K90: 1363.75 | L90: 0 | N90: -2951.02 | O90: 0.99 | P90: 47579 | Q90: 44986
A91: 0088 1A-L58 | B91: SAMANTHA WAHNON (1) | C91: 182260 | D91: 0 | E91: 168771.62 | F91: 21926.96 | G91: 0 | H91: 35703.11 | I91: 12679.75 | J91: 0 | K91: 1376.86 | L91: 0 | N91: 6165.48 | O91: 0.22 | P91: 246624 | Q91: 44986
A92: 0089 1A-L59 | B92: DIEGO CARVALHO | C92: 56171 | D92: 0 | E92: 50165.8 | F92: 8513.49 | G92: 0 | H92: 35703.11 | I92: 16170.09 | J92: 1146 | K92: 1755.22 | L92: 0 | N92: 0 | O92: 0.29 | P92: 113454 | Q92: 44986
A93: 0090 1A-L59B | B93: EUGENIA GIBBONS | C93: 4102180 | D93: 0 | E93: 2586274.7 | F93: En Abogados | G93: 0 | H93: 35703.11 | I93: 16404.59 | J93: 1161.6 | K93: 1780.74 | L93: 0 | N93: 0 | O93: 0.23 | P93: 4286544 | Q93: 44986
A94: 0091 1A-L60 | B94: SAN EMILIO SCA | C94: 46114 | D94: 46872 | E94: 0 | F94: 758 | G94: 758 | H94: 35703.11 | I94: 12505.23 | J94: 886.8 | K94: 1357.89 | L94: 0 | N94: 0 | O94: 0.97 | P94: 50454 | Q94: 44986
A95: 0092 1A-L61 | B95: Ruth Marina Martini (1) | C95: 46150 | D95: 46150 | E95: 0 | F95: 0 | G95: 0 | H95: 35703.11 | I95: 12537.95 | J95: 889.2 | K95: 1361.34 | L95: 0 | N95: -4449.05 | O95: 0.45 | P95: 46043 | Q95: 44986
A96: 0093 1A-L62 | B96: OSCAR BAREIRO (2) | C96: 42451 | D96: 43159 | E96: 0 | F96: 2122.5 | G96: 708 | H96: 35703.11 | I96: 12876.08 | J96: 913.2 | K96: 1397.9 | L96: 0 | N96: 0 | O96: 0.21 | P96: 52305 | Q96: 44986
A97: 0094 1A-L63 | B97: PABLO GARCIA NAVARRO (1) | C97: 46176 | D97: 46176 | E97: 0 | F97: 0 | G97: 0 | H97: 35703.11 | I97: 11987.13 | J97: 849.6 | K97: 1301.32 | L97: 0 | N97: -4397.77 | O97: 0.61 | P97: 45444 | Q97: 44986
A98: 0095 1A-L64 | B98: PODRZAJ - PODRZAJ (1) | C98: 47422 | D98: 47422 | E98: 0 | F98: 0 | G98: 0 | H98: 35703.11 | I98: 13688.67 | J98: 970.8 | K98: 1486.19 | L98: 0 | N98: -4555.56 | O98: 0.79 | P98: 47294 | Q98: 44986
A99: 0096 1A-L65 | B99: RUTA CPC (2) | C99: 96315 | D99: 48716 | E99: 47599 | F99: 4698.46 | G99: 0 | H99: 35703.11 | I99: 13356 | J99: 946.8 | K99: 1449.98 | L99: 0 | N99: 0 | O99: 0.65 | P99: 103754 | Q99: 44986
A100: 0097 1B-L1 | B100: JORGE TABOADA (1) | C100: 46230 | D100: 46230 | E100: 0 | F100: 0 | G100: 0 | H100: 35703.11 | I100: 9418.46 | J100: 667.2 | K100: 1022.64 | L100: 0 | N100: -4160.1 | O100: 0.69 | P100: 42652 | Q100: 44986
